Workbook
Name _Ref90464859: 'Percent increase in summary'!$B$1
Name AA_calculation: #REF!
Name Actual_Fuel_Cost_bfr_Interest: #REF!
Name BA_calculations: #REF!
Name BACalc2: #REF!
Name FAMvsDSM: #REF!
Name PR_17: '2027 at 2026 Rates'!#REF!
Name PR_17: '2027 at 2027 Rates'!#REF!
Name PR_17: 'Revenue Details'!#REF!
Name PR_18: #REF!
Name PR_18: #REF!
Name PR_19: #REF!
Name PR_19: #REF!
Name print: #REF!
Name print: #REF!
Name RSF: #REF!
Name RSF: #REF!
Name summary: #REF!

Sheet Percent increase in summary
B2: Percent Increases in Customer Class Revenues in 2027
B3: Customer Class | C3: DSM PCR | D3: DSM BA | E3: DSM PCR and BA
B5: Domestic Service Tariff | C5: ='Revenue Details'!$AE$29 -> -0.0038481286 | D5: ='Revenue Details'!$AF$29 -> 1.8186495e-05 | E5: =C5+D5 -> -0.0038299421
B6: Small General Tariff | C6: ='Revenue Details'!$AE$52 -> -0.0082721804 | D6: ='Revenue Details'!$AF$52 -> -0.00045529356 | E6: =C6+D6 -> -0.0087274739
B7: General Tariff | C7: ='Revenue Details'!$AE$73 -> 0.0014449843 | D7: ='Revenue Details'!$AF$73 -> 0.0012625958 | E7: =C7+D7 -> 0.0027075801
B8: Large General Tariff | C8: ='Revenue Details'!$AE$82 -> 0.019058223 | D8: ='Revenue Details'!$AF$82 -> -0.0085284666 | E8: =C8+D8 -> 0.010529756
B9: Small Industrial Tariff | C9: ='Revenue Details'!$AE$93 -> 0.0075833969 | D9: ='Revenue Details'!$AF$93 -> -0.0053416813 | E9: =C9+D9 -> 0.0022417156
B10: Medium Industrial Tariff | C10: ='Revenue Details'!$AE$98 -> 0.0072541293 | D10: ='Revenue Details'!$AF$98 -> 0.00433936 | E10: =C10+D10 -> 0.011593489
B11: Large Industrial Tariff | C11: ='Revenue Details'!$AE142 -> 0.011762845 | D11: ='Revenue Details'!$AF142 -> 0.0034914585 | E11: =C11+D11 -> 0.015254303
B12: Municipal Tariff | C12: ='Revenue Details'!$AE157 -> 0.0029139051 | D12: ='Revenue Details'!$AF157 -> -0.0093057729 | E12: =C12+D12 -> -0.0063918678
B13: Unmetered | C13: ='Revenue Details'!$AE162 -> -0.00017736628 | D13: ='Revenue Details'!$AF162 -> -0.0060224057 | E13: =C13+D13 -> -0.006199772
B14: Total FAM Classes | C14: ='Revenue Details'!$AE$171 -> -0.00094563515 | D14: ='Revenue Details'!$AF$171 -> 0.0001455369 | E14: =C14+D14 -> -0.00080009826
B17: Assumptions
A19: 1 | B19: Municipal Class reflects only Lunenburg load.

Sheet Percent increase with LI Breakd
D3: Percent Increases in Customer Class Revenues in 2027
D4: Customer Class | E4: DSM PCR | F4: DSM BA | G4: DSM PCR and BA
D5: Domestic Service | E5: ='Percent increase in summary'!C5 -> -0.0038481286 | F5: ='Percent increase in summary'!D5 -> 1.8186495e-05 | G5: =+F5+E5 -> -0.0038299421
D6: Small General | E6: ='Percent increase in summary'!C6 -> -0.0082721804 | F6: ='Percent increase in summary'!D6 -> -0.00045529356 | G6: =+F6+E6 -> -0.0087274739
D7: General | E7: ='Percent increase in summary'!C7 -> 0.0014449843 | F7: ='Percent increase in summary'!D7 -> 0.0012625958 | G7: =+F7+E7 -> 0.0027075801
D8: Large General | E8: ='Percent increase in summary'!C8 -> 0.019058223 | F8: ='Percent increase in summary'!D8 -> -0.0085284666 | G8: =+F8+E8 -> 0.010529756
D9: Small Industrial | E9: ='Percent increase in summary'!C9 -> 0.0075833969 | F9: ='Percent increase in summary'!D9 -> -0.0053416813 | G9: =+F9+E9 -> 0.0022417156
D10: Medium Industrial | E10: ='Percent increase in summary'!C10 -> 0.0072541293 | F10: ='Percent increase in summary'!D10 -> 0.00433936 | G10: =+F10+E10 -> 0.011593489
D11: Large Industrial Firm Transmission Connected | E11: =+'Revenue Details'!AE108 -> 0.01108182 | F11: =+'Revenue Details'!AF108 -> 0.0032893162 | G11: =+F11+E11 -> 0.014371137
D12: Large Industrial Firm Distribution Connected | E12: ='Revenue Details'!AE116 -> 0.01037913 | F12: ='Revenue Details'!AF116 -> 0.003080743 | G12: =+F12+E12 -> 0.013459873
D13: Large Industrial Firm | E13: ='Revenue Details'!AE118 -> 0.01069003 | F13: ='Revenue Details'!AF118 -> 0.0031730246 | G13: =+F13+E13 -> 0.013863055
D14: Large Industrial Interruptible Transmission Connected | E14: ='Revenue Details'!AE127 -> 0.012323796 | F14: ='Revenue Details'!AF127 -> 0.0036579605 | G14: =+F14+E14 -> 0.015981756
D15: Large Industrial Interruptible Distribution Connected | E15: ='Revenue Details'!AE135 -> 0.011450589 | F15: ='Revenue Details'!AF135 -> 0.0033987744 | G15: =+F15+E15 -> 0.014849363
D16: Large Industrial Interruptible | E16: ='Revenue Details'!AE137 -> 0.01197342 | F16: ='Revenue Details'!AF137 -> 0.0035539616 | G16: =+F16+E16 -> 0.015527381
D17: Large Industrial | E17: ='Revenue Details'!AE142 -> 0.011762845 | F17: ='Revenue Details'!AF142 -> 0.0034914585 | G17: =+F17+E17 -> 0.015254303
D18: Municipal | E18: =+'Percent increase in summary'!C12 -> 0.0029139051 | F18: =+'Percent increase in summary'!D12 -> -0.0093057729 | G18: =+F18+E18 -> -0.0063918678
D19: Unmetered | E19: =+'Percent increase in summary'!C13 -> -0.00017736628 | F19: =+'Percent increase in summary'!D13 -> -0.0060224057 | G19: =+F19+E19 -> -0.006199772
D20: Total FAM Classes | E20: ='Revenue Details'!AE172 -> -0.00094563515 | F20: ='Revenue Details'!AF172 -> 0.0001455369 | G20: =+F20+E20 -> -0.00080009826

Sheet Revenue Details
B1: 2027 Sales Priced at 2026 Rates | J1: 2027 Sales Priced at 2027 Proposed Rates | S1: Amount Variance | AA1: Increases in Total Class Revenues broken down by Fuel and Non-Fuel
C2: Cost Recovery | J2: Cost Recovery | S2: Cost Recovery | AB2: Cost Recovery in Percent
B3: Base Cost Rates | C3: FAM Riders | F3: DSM Riders | I3: Total | J3: Base Cost Rates | K3: FAM Riders | N3: DSM Riders | Q3: Total | S3: Base Cost Rates | T3: FAM Riders | W3: DSM Riders | Z3: Total | AA3: Base Cost Rates | AB3: FAM Riders | AE3: DSM Riders | AH3: Total
A4: WACC | C4: AA | D4: BA | E4: Total | F4: PCR | G4: BA | H4: Total | K4: AA | L4: BA | M4: Total | N4: PCR | O4: BA | P4: Total | T4: AA | U4: BA | V4: Total | W4: PCR | X4: BA | Y4: Total | AB4: AA | AC4: BA | AD4: Total | AE4: PCR | AF4: BA | AG4: Total
A5: Domestic Rates
A7: Domestic Service Tariff (Standard Offer)
A8: Base cost of fuel | B8: ='2027 at 2026 Rates'!$W10 -> 446.8086 | C8: ='2027 at 2026 Rates'!Y10 -> 0 | D8: ='2027 at 2026 Rates'!$Z10 -> 7.770388 | E8: =SUM(C8:D8) -> 7.770388 | I8: =B8+E8+H8 -> 454.57899 | J8: ='2027 at 2027 Rates'!$W10 -> 440.35126 | K8: ='2027 at 2027 Rates'!$Y10 -> 0 | L8: ='2027 at 2027 Rates'!$Z10 -> 7.770388 | M8: =SUM(K8:L8) -> 7.770388 | Q8: =J8+M8+P8 -> 448.12165 | S8: =J8-B8 -> -6.4573385 | T8: =K8-C8 -> 0 | U8: =L8-D8 -> 0 | V8: =SUM(T8:U8) -> 0 | W8: =N8-F8 -> 0 | X8: =O8-G8 -> 0 | Y8: =SUM(W8:X8) -> 0 | Z8: =S8+V8+Y8 -> -6.4573385 | AA8: =S8/$I10 -> -0.0060301211 | AB8: =T8/$I10 -> 0 | AC8: =U8/$I10 -> 0 | AD8: =SUM(AB8:AC8) -> 0 | AH8: =AA8+AD8+AG8 -> -0.0060301211
A9: Non-fuel | B9: ='2027 at 2026 Rates'!$W11 -> 583.98476 | F9: ='2027 at 2026 Rates'!$AB11 -> 31.966891 | G9: ='2027 at 2026 Rates'!$AC11 -> 0.31660297 | H9: =SUM(F9:G9) -> 32.283494 | I9: =B9+E9+H9 -> 616.26826 | J9: ='2027 at 2027 Rates'!$W11 -> 633.10805 | N9: ='2027 at 2027 Rates'!$AB11 -> 27.898446 | O9: ='2027 at 2027 Rates'!$AC11 -> 0.33583069 | P9: =SUM(N9:O9) -> 28.234277 | Q9: =J9+M9+P9 -> 661.34233 | S9: =J9-B9 -> 49.12329 | T9: =K9-C9 -> 0 | U9: =L9-D9 -> 0 | V9: =SUM(T9:U9) -> 0 | W9: =N9-F9 -> -4.0684453 | X9: =O9-G9 -> 0.019227726 | Y9: =SUM(W9:X9) -> -4.0492176 | Z9: =S9+V9+Y9 -> 45.074073 | AA9: =S9/$I10 -> 0.045873294 | AB9: =T9/$I10 -> 0 | AC9: =U9/$I10 -> 0 | AD9: =SUM(AB9:AC9) -> 0 | AE9: =W9/$I10 -> -0.003799277 | AF9: =X9/$I10 -> 1.7955619e-05 | AG9: =SUM(AE9:AF9) -> -0.0037813214 | AH9: =AA9+AD9+AG9 -> 0.042091972
A10: Total | B10: =SUM(B8:B9) -> 1030.7934 | C10: =SUM(C8:C9) -> 0 | D10: =SUM(D8:D9) -> 7.770388 | E10: =SUM(E8:E9) -> 7.770388 | F10: =SUM(F8:F9) -> 31.966891 | G10: =SUM(G8:G9) -> 0.31660297 | H10: =SUM(H8:H9) -> 32.283494 | I10: =SUM(I8:I9) -> 1070.8472 | ... Q10: =SUM(Q8:Q9) -> 1109.464 | S10: =SUM(S8:S9) -> 42.665952 | T10: =K10-C10 -> 0 | U10: =L10-D10 -> 0 | V10: =SUM(T10:U10) -> 0 | W10: =SUM(W8:W9) -> -4.0684453 | X10: =SUM(X8:X9) -> 0.019227726 | Y10: =SUM(Y8:Y9) -> -4.0492176 | Z10: =SUM(Z8:Z9) -> 38.616734 | AA10: =SUM(AA8:AA9) -> 0.039843173 | AB10: =SUM(AB8:AB9) -> 0 | AC10: =SUM(AC8:AC9) -> 0 | AD10: =SUM(AD8:AD9) -> 0 | ... AG10: =SUM(AG8:AG9) -> -0.0037813214 | AH10: =AA10+AD10+AG10 -> 0.036061851
A12: Domestic Service Time-of-Day Tariff
A13: Base cost of fuel | B13: ='2027 at 2026 Rates'!$W15 -> 27.053437 | C13: ='2027 at 2026 Rates'!$Y15 -> 0 | D13: ='2027 at 2026 Rates'!$Z15 -> 0.47048267 | E13: =SUM(C13:D13) -> 0.47048267 | I13: =B13+E13+H13 -> 27.52392 | J13: ='2027 at 2027 Rates'!$W15 -> 26.662457 | K13: ='2027 at 2027 Rates'!$Y15 -> 0 | L13: ='2027 at 2027 Rates'!$Z15 -> 0.47048267 | M13: =SUM(K13:L13) -> 0.47048267 | Q13: =J13+M13+P13 -> 27.13294 | S13: =J13-B13 -> -0.39097994 | T13: =K13-C13 -> 0 | U13: =L13-D13 -> 0 | V13: =SUM(T13:U13) -> 0 | W13: =N13-F13 -> 0 | X13: =O13-G13 -> 0 | Y13: =SUM(W13:X13) -> 0 | Z13: =S13+V13+Y13 -> -0.39097994 | AA13: =S13/$I15 -> -0.0077719142 | AB13: =T13/$I15 -> 0 | AC13: =U13/$I15 -> 0 | AD13: =SUM(AB13:AC13) -> 0 | AH13: =AA13+AD13+AG13 -> -0.0077719142
A14: Non-fuel | B14: ='2027 at 2026 Rates'!$W16 -> 20.82815 | F14: ='2027 at 2026 Rates'!$AB16 -> 1.9355363 | G14: ='2027 at 2026 Rates'!$AC16 -> 0.019169726 | H14: =SUM(F14:G14) -> 1.9547061 | I14: =B14+E14+H14 -> 22.782856 | J14: ='2027 at 2027 Rates'!$W16 -> 22.619117 | N14: ='2027 at 2027 Rates'!$AB16 -> 1.6891995 | O14: ='2027 at 2027 Rates'!$AC16 -> 0.020333929 | P14: =SUM(N14:O14) -> 1.7095334 | Q14: =J14+M14+P14 -> 24.328651 | S14: =J14-B14 -> 1.7909672 | T14: =K14-C14 -> 0 | U14: =L14-D14 -> 0 | V14: =SUM(T14:U14) -> 0 | W14: =N14-F14 -> -0.24633686 | X14: =O14-G14 -> 0.0011642033 | Y14: =SUM(W14:X14) -> -0.24517266 | Z14: =S14+V14+Y14 -> 1.5457945 | AA14: =S14/$I15 -> 0.035600914 | AB14: =T14/$I15 -> 0 | AC14: =U14/$I15 -> 0 | AD14: =SUM(AB14:AC14) -> 0 | AE14: =W14/$I15 -> -0.0048966936 | AF14: =X14/$I15 -> 2.3142078e-05 | AG14: =SUM(AE14:AF14) -> -0.0048735515 | AH14: =AA14+AD14+AG14 -> 0.030727363
A15: Total | B15: =SUM(B13:B14) -> 47.881587 | C15: =SUM(C13:C14) -> 0 | D15: =SUM(D13:D14) -> 0.47048267 | E15: =SUM(E13:E14) -> 0.47048267 | F15: =SUM(F13:F14) -> 1.9355363 | G15: =SUM(G13:G14) -> 0.019169726 | H15: =SUM(H13:H14) -> 1.9547061 | I15: =SUM(I13:I14) -> 50.306776 | ... Q15: =SUM(Q13:Q14) -> 51.46159 | S15: =SUM(S13:S14) -> 1.3999873 | T15: =SUM(T13:T14) -> 0 | U15: =SUM(U13:U14) -> 0 | V15: =SUM(V13:V14) -> 0 | W15: =SUM(W13:W14) -> -0.24633686 | X15: =SUM(X13:X14) -> 0.0011642033 | Y15: =SUM(Y13:Y14) -> -0.24517266 | Z15: =SUM(Z13:Z14) -> 1.1548146 | ... AG15: =SUM(AG13:AG14) -> -0.0048735515 | AH15: =AA15+AD15+AG15 -> 0.022955448
A17: Domestic Service Time-of-Use Tariff
A18: Base cost of fuel | B18: ='2027 at 2026 Rates'!$W20 -> 5.2296482 | C18: ='2027 at 2026 Rates'!$Y20 -> 0 | D18: ='2027 at 2026 Rates'!$Z20 -> 0.090948106 | E18: =SUM(C18:D18) -> 0.090948106 | I18: =B18+E18+H18 -> 5.3205963 | J18: ='2027 at 2027 Rates'!$W20 -> 5.1540686 | K18: ='2027 at 2027 Rates'!$Y20 -> 0 | L18: ='2027 at 2027 Rates'!$Z20 -> 0.090948106 | M18: =SUM(K18:L18) -> 0.090948106 | Q18: =J18+M18+P18 -> 5.2450168 | S18: =J18-B18 -> -0.075579586 | T18: =K18-C18 -> 0 | U18: =L18-D18 -> 0 | V18: =SUM(T18:U18) -> 0 | W18: =N18-F18 -> 0 | X18: =O18-G18 -> 0 | Y18: =SUM(W18:X18) -> 0 | Z18: =S18+V18+Y18 -> -0.075579586 | AA18: =S18/$I20 -> -0.0059444983 | AB18: =T18/$I20 -> 0 | AC18: =U18/$I20 -> 0 | AD18: =SUM(AB18:AC18) -> 0 | AH18: =AA18+AD18+AG18 -> -0.0059444983
A19: Non-fuel | B19: ='2027 at 2026 Rates'!$W21 -> 7.015751 | F19: ='2027 at 2026 Rates'!$AB21 -> 0.37415483 | G19: ='2027 at 2026 Rates'!$AC21 -> 0.0037056631 | H19: =SUM(F19:G19) -> 0.3778605 | I19: =B19+E19+H19 -> 7.3936115 | J19: ='2027 at 2027 Rates'!$W21 -> 7.6101726 | N19: ='2027 at 2027 Rates'!$AB21 -> 0.32653593 | O19: ='2027 at 2027 Rates'!$AC21 -> 0.003930713 | P19: =SUM(N19:O19) -> 0.33046664 | Q19: =J19+M19+P19 -> 7.9406392 | S19: =J19-B19 -> 0.59442159 | T19: =K19-C19 -> 0 | U19: =L19-D19 -> 0 | V19: =SUM(T19:U19) -> 0 | W19: =N19-F19 -> -0.047618909 | X19: =O19-G19 -> 0.00022504992 | Y19: =SUM(W19:X19) -> -0.047393859 | Z19: =S19+V19+Y19 -> 0.54702773 | AA19: =S19/$I20 -> 0.046752546 | AB19: =T19/$I20 -> 0 | AC19: =U19/$I20 -> 0 | AD19: =SUM(AB19:AC19) -> 0 | AE19: =W19/$I20 -> -0.0037453304 | AF19: =X19/$I20 -> 1.7700664e-05 | AG19: =SUM(AE19:AF19) -> -0.0037276297 | AH19: =AA19+AD19+AG19 -> 0.043024917
A20: Total | B20: =SUM(B18:B19) -> 12.245399 | C20: =SUM(C18:C19) -> 0 | D20: =SUM(D18:D19) -> 0.090948106 | E20: =SUM(E18:E19) -> 0.090948106 | F20: =SUM(F18:F19) -> 0.37415483 | G20: =SUM(G18:G19) -> 0.0037056631 | H20: =SUM(H18:H19) -> 0.3778605 | I20: =SUM(I18:I19) -> 12.714208 | ... Q20: =SUM(Q18:Q19) -> 13.185656 | S20: =SUM(S18:S19) -> 0.518842 | T20: =SUM(T18:T19) -> 0 | U20: =SUM(U18:U19) -> 0 | V20: =SUM(V18:V19) -> 0 | W20: =SUM(W18:W19) -> -0.047618909 | X20: =SUM(X18:X19) -> 0.00022504992 | Y20: =SUM(Y18:Y19) -> -0.047393859 | Z20: =SUM(Z18:Z19) -> 0.47144814 | ... AG20: =SUM(AG18:AG19) -> -0.0037276297 | AH20: =AA20+AD20+AG20 -> 0.037080418
A22: Domestic Service Critical Peak Pricing Tariff
A23: Base cost of fuel | B23: ='2027 at 2026 Rates'!$W25 -> 2.4274581 | C23: ='2027 at 2026 Rates'!$Y25 -> 0 | D23: ='2027 at 2026 Rates'!$Z25 -> 0.042215596 | E23: =SUM(C23:D23) -> 0.042215596 | I23: =B23+E23+H23 -> 2.4696737 | J23: ='2027 at 2027 Rates'!$W25 -> 2.3923761 | K23: ='2027 at 2027 Rates'!$Y25 -> 0 | L23: ='2027 at 2027 Rates'!$Z25 -> 0.042215596 | M23: =SUM(K23:L23) -> 0.042215596 | Q23: =J23+M23+P23 -> 2.4345917 | S23: =J23-B23 -> -0.035081954 | T23: =K23-C23 -> 0 | U23: =L23-D23 -> 0 | V23: =SUM(T23:U23) -> 0 | W23: =N23-F23 -> 0 | X23: =O23-G23 -> 0 | Y23: =SUM(W23:X23) -> 0 | Z23: =S23+V23+Y23 -> -0.035081954 | AA23: =S23/$I25 -> -0.0063578037 | AB23: =T23/$I25 -> 0 | AC23: =U23/$I25 -> 0 | AD23: =SUM(AB23:AC23) -> 0 | AH23: =AA23+AD23+AG23 -> -0.0063578037
A24: Non-fuel | B24: ='2027 at 2026 Rates'!$W26 -> 2.8728699 | F24: ='2027 at 2026 Rates'!$AB26 -> 0.17367233 | G24: ='2027 at 2026 Rates'!$AC26 -> 0.0017200663 | H24: =SUM(F24:G24) -> 0.17539239 | I24: =B24+E24+H24 -> 3.0482623 | J24: ='2027 at 2027 Rates'!$W26 -> 3.1135647 | N24: ='2027 at 2027 Rates'!$AB26 -> 0.15156895 | O24: ='2027 at 2027 Rates'!$AC26 -> 0.0018245283 | P24: =SUM(N24:O24) -> 0.15339347 | Q24: =J24+M24+P24 -> 3.2669582 | S24: =J24-B24 -> 0.24069484 | T24: =K24-C24 -> 0 | U24: =L24-D24 -> 0 | V24: =SUM(T24:U24) -> 0 | W24: =N24-F24 -> -0.02210338 | X24: =O24-G24 -> 0.00010446195 | Y24: =SUM(W24:X24) -> -0.021998919 | Z24: =S24+V24+Y24 -> 0.21869592 | AA24: =S24/$I25 -> 0.043620447 | AB24: =T24/$I25 -> 0 | AC24: =U24/$I25 -> 0 | AD24: =SUM(AB24:AC24) -> 0 | AE24: =W24/$I25 -> -0.0040057334 | AF24: =X24/$I25 -> 1.8931345e-05 | AG24: =SUM(AE24:AF24) -> -0.0039868021 | AH24: =AA24+AD24+AG24 -> 0.039633645
A25: Total | B25: =SUM(B23:B24) -> 5.300328 | C25: =SUM(C23:C24) -> 0 | D25: =SUM(D23:D24) -> 0.042215596 | E25: =SUM(E23:E24) -> 0.042215596 | F25: =SUM(F23:F24) -> 0.17367233 | G25: =SUM(G23:G24) -> 0.0017200663 | H25: =SUM(H23:H24) -> 0.17539239 | I25: =SUM(I23:I24) -> 5.517936 | ... Q25: =SUM(Q23:Q24) -> 5.7015499 | S25: =SUM(S23:S24) -> 0.20561288 | T25: =SUM(T23:T24) -> 0 | U25: =SUM(U23:U24) -> 0 | V25: =SUM(V23:V24) -> 0 | W25: =SUM(W23:W24) -> -0.02210338 | X25: =SUM(X23:X24) -> 0.00010446195 | Y25: =SUM(Y23:Y24) -> -0.021998919 | Z25: =SUM(Z23:Z24) -> 0.18361396 | ... AG25: =SUM(AG23:AG24) -> -0.0039868021 | AH25: =AA25+AD25+AG25 -> 0.033275842
A27: All Domestic Rates Total
A28: Base cost of fuel | B28: =B8+B13+B18+B23 -> 481.51914 | C28: =C8+C13+C18+C23 -> 0 | D28: =D8+D13+D18+D23 -> 8.3740344 | E28: =E8+E13+E18+E23 -> 8.3740344 | I28: =I8+I13+I18+I23 -> 489.89318 | J28: =J8+J13+J18+J23 -> 474.56016 | K28: =K8+K13+K18+K23 -> 0 | L28: =L8+L13+L18+L23 -> 8.3740344 | M28: =M8+M13+M18+M23 -> 8.3740344 | Q28: =Q8+Q13+Q18+Q23 -> 482.9342 | S28: =J28-B28 -> -6.95898 | T28: =K28-C28 -> 0 | U28: =L28-D28 -> 0 | V28: =SUM(T28:U28) -> 0 | W28: =N28-F28 -> 0 | X28: =O28-G28 -> 0 | Y28: =SUM(W28:X28) -> 0 | Z28: =S28+V28+Y28 -> -6.95898 | AA28: =S28/$I30 -> -0.0061076571 | AB28: =T28/$I30 -> 0 | AC28: =U28/$I30 -> 0 | AD28: =SUM(AB28:AC28) -> 0 | AH28: =AA28+AD28+AG28 -> -0.0061076571
A29: Non-fuel | B29: =B9+B14+B19+B24 -> 614.70153 | E29: =E9+E14+E19+E24 -> 0 | F29: =F9+F14+F19+F24 -> 34.450255 | G29: =G9+G14+G19+G24 -> 0.34119842 | H29: =H9+H14+H19+H24 -> 34.791453 | I29: =I9+I14+I19+I24 -> 649.49299 | J29: =J9+J14+J19+J24 -> 666.45091 | K29: =K9+K14+K19+K24 -> 0 | L29: =L9+L14+L19+L24 -> 0 | ... Q29: =Q9+Q14+Q19+Q24 -> 696.87858 | S29: =J29-B29 -> 51.749374 | T29: =K29-C29 -> 0 | U29: =L29-D29 -> 0 | V29: =SUM(T29:U29) -> 0 | W29: =N29-F29 -> -4.3845045 | X29: =O29-G29 -> 0.020721441 | Y29: =SUM(W29:X29) -> -4.363783 | Z29: =S29+V29+Y29 -> 47.385591 | AA29: =S29/$I30 -> 0.045418643 | AB29: =T29/$I30 -> 0 | AC29: =U29/$I30 -> 0 | AD29: =SUM(AB29:AC29) -> 0 | AE29: =W29/$I30 -> -0.0038481286 | AF29: =X29/$I30 -> 1.8186495e-05 | AG29: =SUM(AE29:AF29) -> -0.0038299421 | AH29: =AA29+AD29+AG29 -> 0.041588701
A30: Total | B30: =SUM(B28:B29) -> 1096.2207 | C30: =SUM(C28:C29) -> 0 | D30: =SUM(D28:D29) -> 8.3740344 | E30: =SUM(E28:E29) -> 8.3740344 | F30: =SUM(F28:F29) -> 34.450255 | G30: =SUM(G28:G29) -> 0.34119842 | H30: =SUM(H28:H29) -> 34.791453 | I30: =SUM(I28:I29) -> 1139.3862 | ... Q30: =SUM(Q28:Q29) -> 1179.8128 | S30: =SUM(S28:S29) -> 44.790394 | T30: =SUM(T28:T29) -> 0 | U30: =SUM(U28:U29) -> 0 | V30: =SUM(V28:V29) -> 0 | W30: =SUM(W28:W29) -> -4.3845045 | X30: =SUM(X28:X29) -> 0.020721441 | Y30: =SUM(Y28:Y29) -> -4.363783 | Z30: =SUM(Z28:Z29) -> 40.426611 | ... AG30: =SUM(AG28:AG29) -> -0.0038299421 | AH30: =AA30+AD30+AG30 -> 0.035481044
A32: General Rates
A34: Small General Rates
A35: Small General Tariff (Standard Offer)
A36: Base cost of fuel | B36: ='2027 at 2026 Rates'!$W38 -> 39.907722 | C36: ='2027 at 2026 Rates'!$Y38 -> 0 | D36: ='2027 at 2026 Rates'!$Z38 -> 0.68751841 | E36: =SUM(C36:D36) -> 0.68751841 | I36: =B36+E36+H36 -> 40.595241 | J36: ='2027 at 2027 Rates'!$W38 -> 39.087969 | K36: ='2027 at 2027 Rates'!$Y38 -> 0 | L36: ='2027 at 2027 Rates'!$Z38 -> 0.68751841 | M36: =SUM(K36:L36) -> 0.68751841 | Q36: =J36+M36+P36 -> 39.775487 | S36: =J36-B36 -> -0.81975391 | T36: =K36-C36 -> 0 | U36: =L36-D36 -> 0 | V36: =SUM(T36:U36) -> 0 | W36: =N36-F36 -> 0 | X36: =O36-G36 -> 0 | Y36: =SUM(W36:X36) -> 0 | Z36: =S36+V36+Y36 -> -0.81975391 | AA36: =S36/$I38 -> -0.0093309496 | AB36: =T36/$I38 -> 0 | AC36: =U36/$I38 -> 0 | AD36: =SUM(AB36:AC36) -> 0 | AH36: =AA36+AD36+AG36 -> -0.0093309496
A37: Non-fuel | B37: ='2027 at 2026 Rates'!$W39 -> 44.043695 | C37: ='2027 at 2026 Rates'!$Y39 -> 0 | D37: ='2027 at 2026 Rates'!$Z39 -> 0 | F37: ='2027 at 2026 Rates'!$AB39 -> 3.5648513 | G37: ='2027 at 2026 Rates'!$AC39 -> -0.35057357 | H37: =SUM(F37:G37) -> 3.2142778 | I37: =B37+E37+H37 -> 47.257973 | J37: ='2027 at 2027 Rates'!$W39 -> 48.25743 | K37: ='2027 at 2027 Rates'!$Y39 -> 0 | L37: ='2027 at 2027 Rates'!$Z39 -> 0 | N37: ='2027 at 2027 Rates'!$AB39 -> 2.8382438 | O37: ='2027 at 2027 Rates'!$AC39 -> -0.39056541 | P37: =SUM(N37:O37) -> 2.4476784 | Q37: =J37+M37+P37 -> 50.705108 | S37: =J37-B37 -> 4.2137349 | T37: =K37-C37 -> 0 | U37: =L37-D37 -> 0 | V37: =SUM(T37:U37) -> 0 | W37: =N37-F37 -> -0.72660757 | X37: =O37-G37 -> -0.039991844 | Y37: =SUM(W37:X37) -> -0.76659942 | Z37: =S37+V37+Y37 -> 3.4471355 | AA37: =S37/$I38 -> 0.047963356 | AB37: =T37/$I38 -> 0 | AC37: =U37/$I38 -> 0 | AD37: =SUM(AB37:AC37) -> 0 | AE37: =W37/$I38 -> -0.0082707 | AF37: =X37/$I38 -> -0.00045521208 | AG37: =SUM(AE37:AF37) -> -0.0087259121 | AH37: =AA37+AD37+AG37 -> 0.039237444
A38: Total | B38: =SUM(B36:B37) -> 83.951417 | C38: =SUM(C36:C37) -> 0 | D38: =SUM(D36:D37) -> 0.68751841 | E38: =SUM(E36:E37) -> 0.68751841 | F38: =SUM(F36:F37) -> 3.5648513 | G38: =SUM(G36:G37) -> -0.35057357 | H38: =SUM(H36:H37) -> 3.2142778 | I38: =SUM(I36:I37) -> 87.853213 | ... Q38: =SUM(Q36:Q37) -> 90.480595 | S38: =SUM(S36:S37) -> 3.393981 | T38: =SUM(T36:T37) -> 0 | U38: =SUM(U36:U37) -> 0 | V38: =SUM(V36:V37) -> 0 | W38: =SUM(W36:W37) -> -0.72660757 | X38: =SUM(X36:X37) -> -0.039991844 | Y38: =SUM(Y36:Y37) -> -0.76659942 | Z38: =SUM(Z36:Z37) -> 2.6273816 | ... AG38: =SUM(AG36:AG37) -> -0.0087259121 | AH38: =AA38+AD38+AG38 -> 0.029906494
A40: Small General Time-of-Use Tariff
A41: Base cost of fuel | B41: ='2027 at 2026 Rates'!$W43 -> 0.062411426 | C41: ='2027 at 2026 Rates'!$Y43 -> 0 | D41: ='2027 at 2026 Rates'!$Z43 -> 0.0010752055 | E41: =SUM(C41:D41) -> 0.0010752055 | I41: =B41+E41+H41 -> 0.063486632 | J41: ='2027 at 2027 Rates'!$W43 -> 0.061129419 | K41: ='2027 at 2027 Rates'!$Y43 -> 0 | L41: ='2027 at 2027 Rates'!$Z43 -> 0.0010752055 | M41: =SUM(K41:L41) -> 0.0010752055 | Q41: =J41+M41+P41 -> 0.062204624 | S41: =J41-B41 -> -0.0012820078 | T41: =K41-C41 -> 0 | U41: =L41-D41 -> 0 | V41: =SUM(T41:U41) -> 0 | W41: =N41-F41 -> 0 | X41: =O41-G41 -> 0 | Y41: =SUM(W41:X41) -> 0 | Z41: =S41+V41+Y41 -> -0.0012820078 | AA41: =S41/$I43 -> -0.0098947742 | AB41: =T41/$I43 -> 0 | AC41: =U41/$I43 -> 0 | AD41: =SUM(AB41:AC41) -> 0 | AH41: =AA41+AD41+AG41 -> -0.0098947742
A42: Non-fuel | B42: ='2027 at 2026 Rates'!$W44 -> 0.061050707 | E42: 0 | F42: ='2027 at 2026 Rates'!$AB44 -> 0.0055750477 | G42: ='2027 at 2026 Rates'!$AC44 -> -0.00054825972 | H42: =SUM(F42:G42) -> 0.005026788 | I42: =B42+E42+H42 -> 0.066077495 | J42: ='2027 at 2027 Rates'!$W44 -> 0.066928898 | M42: 0 | N42: ='2027 at 2027 Rates'!$AB44 -> 0.0044387109 | O42: ='2027 at 2027 Rates'!$AC44 -> -0.0006108027 | P42: =SUM(N42:O42) -> 0.0038279082 | Q42: =J42+M42+P42 -> 0.070756806 | S42: =J42-B42 -> 0.005878191 | T42: =K42-C42 -> 0 | U42: =L42-D42 -> 0 | V42: =SUM(T42:U42) -> 0 | W42: =N42-F42 -> -0.0011363368 | X42: =O42-G42 -> -6.2542984e-05 | Y42: =SUM(W42:X42) -> -0.0011988798 | Z42: =S42+V42+Y42 -> 0.0046793112 | AA42: =S42/$I43 -> 0.04536897 | AB42: =T42/$I43 -> 0 | AC42: =U42/$I43 -> 0 | AD42: =SUM(AB42:AC42) -> 0 | AE42: =W42/$I43 -> -0.0087704588 | AF42: =X42/$I43 -> -0.00048271837 | AG42: =SUM(AE42:AF42) -> -0.0092531772 | AH42: =AA42+AD42+AG42 -> 0.036115793
A43: Total | B43: =SUM(B41:B42) -> 0.12346213 | C43: =SUM(C41:C42) -> 0 | D43: =SUM(D41:D42) -> 0.0010752055 | E43: =SUM(E41:E42) -> 0.0010752055 | F43: =SUM(F41:F42) -> 0.0055750477 | G43: =SUM(G41:G42) -> -0.00054825972 | H43: =SUM(H41:H42) -> 0.005026788 | I43: =SUM(I41:I42) -> 0.12956413 | ... Q43: =SUM(Q41:Q42) -> 0.13296143 | S43: =SUM(S41:S42) -> 0.0045961832 | T43: =SUM(T41:T42) -> 0 | U43: =SUM(U41:U42) -> 0 | V43: =SUM(V41:V42) -> 0 | W43: =SUM(W41:W42) -> -0.0011363368 | X43: =SUM(X41:X42) -> -6.2542984e-05 | Y43: =SUM(Y41:Y42) -> -0.0011988798 | Z43: =SUM(Z41:Z42) -> 0.0033973034 | ... AG43: =SUM(AG41:AG42) -> -0.0092531772 | AH43: =AA43+AD43+AG43 -> 0.026221019
A45: Small General Critical Peak Pricing Tariff
A46: Base cost of fuel | B46: ='2027 at 2026 Rates'!$W48 -> 0.053174235 | C46: ='2027 at 2026 Rates'!$Y48 -> 0 | D46: ='2027 at 2026 Rates'!$Z48 -> 0.00091606995 | E46: =SUM(C46:D46) -> 0.00091606995 | I46: =B46+E46+H46 -> 0.054090305 | J46: ='2027 at 2027 Rates'!$W48 -> 0.05208197 | K46: ='2027 at 2027 Rates'!$Y48 -> 0 | L46: ='2027 at 2027 Rates'!$Z48 -> 0.00091606995 | M46: =SUM(K46:L46) -> 0.00091606995 | Q46: =J46+M46+P46 -> 0.05299804 | S46: =J46-B46 -> -0.0010922645 | T46: =K46-C46 -> 0 | U46: =L46-D46 -> 0 | V46: =SUM(T46:U46) -> 0 | W46: =N46-F46 -> 0 | X46: =O46-G46 -> 0 | Y46: =SUM(W46:X46) -> 0 | Z46: =S46+V46+Y46 -> -0.0010922645 | AA46: =S46/$I48 -> -0.010009795 | AB46: =T46/$I48 -> 0 | AC46: =U46/$I48 -> 0 | AD46: =SUM(AB46:AC46) -> 0 | AH46: =AA46+AD46+AG46 -> -0.010009795
A47: Non-fuel | B47: ='2027 at 2026 Rates'!$W49 -> 0.050746459 | E47: 0 | F47: ='2027 at 2026 Rates'!$AB49 -> 0.0047499138 | G47: ='2027 at 2026 Rates'!$AC49 -> -0.00046711464 | H47: =SUM(F47:G47) -> 0.0042827992 | I47: =B47+E47+H47 -> 0.055029258 | J47: ='2027 at 2027 Rates'!$W49 -> 0.056157067 | M47: 0 | N47: ='2027 at 2027 Rates'!$AB49 -> 0.0037817603 | O47: ='2027 at 2027 Rates'!$AC49 -> -0.00052040096 | P47: =SUM(N47:O47) -> 0.0032613593 | Q47: =J47+M47+P47 -> 0.059418426 | S47: =J47-B47 -> 0.0054106083 | T47: =K47-C47 -> 0 | U47: =L47-D47 -> 0 | V47: =SUM(T47:U47) -> 0 | W47: =N47-F47 -> -0.00096815351 | X47: =O47-G47 -> -5.3286321e-05 | Y47: =SUM(W47:X47) -> -0.0010214398 | Z47: =S47+V47+Y47 -> 0.0043891685 | AE47: =W47/$I48 -> -0.0088724101 | AF47: =X47/$I48 -> -0.00048832968 | AG47: =SUM(AE47:AF47) -> -0.0093607398 | AH47: =AA47+AD47+AG47 -> -0.0093607398
A48: Total | B48: =SUM(B46:B47) -> 0.10392069 | C48: =SUM(C46:C47) -> 0 | D48: =SUM(D46:D47) -> 0.00091606995 | E48: =SUM(E46:E47) -> 0.00091606995 | F48: =SUM(F46:F47) -> 0.0047499138 | G48: =SUM(G46:G47) -> -0.00046711464 | H48: =SUM(H46:H47) -> 0.0042827992 | I48: =SUM(I46:I47) -> 0.10911956 | ... Q48: =SUM(Q46:Q47) -> 0.11241647 | S48: =SUM(S46:S47) -> 0.0043183438 | T48: =SUM(T46:T47) -> 0 | U48: =SUM(U46:U47) -> 0 | V48: =SUM(V46:V47) -> 0 | W48: =SUM(W46:W47) -> -0.00096815351 | X48: =SUM(X46:X47) -> -5.3286321e-05 | Y48: =SUM(Y46:Y47) -> -0.0010214398 | Z48: =SUM(Z46:Z47) -> 0.003296904 | ... AG48: =SUM(AG46:AG47) -> -0.0093607398 | AH48: =AA48+AD48+AG48 -> -0.019370535
A50: Small General Rates Total
A51: Base cost of fuel | B51: =B36+B41+B46 -> 40.023308 | C51: =C36+C41+C46 -> 0 | D51: =D36+D41+D46 -> 0.68950968 | E51: =SUM(C51:D51) -> 0.68950968 | I51: =I36+I41+I46 -> 40.712818 | J51: =J36+J41+J46 -> 39.20118 | K51: =K36+K41+K46 -> 0 | L51: =L36+L41+L46 -> 0.68950968 | M51: =SUM(K51:L51) -> 0.68950968 | Q51: =Q36+Q41+Q46 -> 39.89069 | S51: =J51-B51 -> -0.82212818 | T51: =K51-C51 -> 0 | U51: =L51-D51 -> 0 | V51: =SUM(T51:U51) -> 0 | W51: =N51-F51 -> 0 | X51: =O51-G51 -> 0 | Y51: =SUM(W51:X51) -> 0 | Z51: =S51+V51+Y51 -> -0.82212818 | AA51: =S51/$I53 -> -0.0093326198 | AB51: =T51/$I53 -> 0 | AC51: =U51/$I53 -> 0 | AD51: =SUM(AB51:AC51) -> 0 | AH51: =AA51+AD51+AG51 -> -0.0093326198
A52: Non-fuel | B52: =B37+B42+B47 -> 44.155492 | E52: =SUM(C52:D52) -> 0 | F52: =F37+F42+F47 -> 3.5751763 | G52: =G37+G42+G47 -> -0.35158894 | H52: =SUM(F52:G52) -> 3.2235874 | I52: =I37+I42+I47 -> 47.379079 | J52: =J37+J42+J47 -> 48.380516 | K52: =K37+K42+K47 -> 0 | L52: =L37+L42+L47 -> 0 | M52: =SUM(K52:L52) -> 0 | N52: =N37+N42+N47 -> 2.8464642 | O52: =O37+O42+O47 -> -0.39169662 | P52: =SUM(N52:O52) -> 2.4547676 | Q52: =Q37+Q42+Q47 -> 50.835283 | S52: =J52-B52 -> 4.2250237 | T52: =K52-C52 -> 0 | U52: =L52-D52 -> 0 | V52: =SUM(T52:U52) -> 0 | W52: =N52-F52 -> -0.72871206 | X52: =O52-G52 -> -0.040107673 | Y52: =SUM(W52:X52) -> -0.76881974 | Z52: =S52+V52+Y52 -> 3.456204 | AA52: =S52/$I53 -> 0.047961548 | AB52: =T52/$I53 -> 0 | AC52: =U52/$I53 -> 0 | AD52: =SUM(AB52:AC52) -> 0 | AE52: =W52/$I53 -> -0.0082721804 | AF52: =X52/$I53 -> -0.00045529356 | AG52: =SUM(AE52:AF52) -> -0.0087274739 | AH52: =AA52+AD52+AG52 -> 0.039234074
A53: Total | B53: =SUM(B51:B52) -> 84.1788 | C53: =SUM(C51:C52) -> 0 | D53: =SUM(D51:D52) -> 0.68950968 | E53: =SUM(E51:E52) -> 0.68950968 | F53: =SUM(F51:F52) -> 3.5751763 | G53: =SUM(G51:G52) -> -0.35158894 | H53: =SUM(H51:H52) -> 3.2235874 | I53: =SUM(I51:I52) -> 88.091897 | ... Q53: =SUM(Q51:Q52) -> 90.725973 | S53: =SUM(S51:S52) -> 3.4028956 | T53: =SUM(T51:T52) -> 0 | U53: =SUM(U51:U52) -> 0 | V53: =SUM(V51:V52) -> 0 | W53: =SUM(W51:W52) -> -0.72871206 | X53: =SUM(X51:X52) -> -0.040107673 | Y53: =SUM(Y51:Y52) -> -0.76881974 | Z53: =SUM(Z51:Z52) -> 2.6340758 | ... AG53: =SUM(AG51:AG52) -> -0.0087274739 | AH53: =AA53+AD53+AG53 -> 0.029901454
A55: General Rates
A56: General Tariff
A57: Base cost of fuel | B57: ='2027 at 2026 Rates'!$W59 -> 215.07849 | C57: ='2027 at 2026 Rates'!$Y59 -> 0 | D57: ='2027 at 2026 Rates'!$Z59 -> 4.9692504 | E57: =SUM(C57:D57) -> 4.9692504 | I57: =B57+E57+H57 -> 220.04774 | J57: ='2027 at 2027 Rates'!$W59 -> 203.62797 | K57: ='2027 at 2027 Rates'!$Y59 -> 0 | L57: ='2027 at 2027 Rates'!$Z59 -> 4.9692504 | M57: =SUM(K57:L57) -> 4.9692504 | Q57: =J57+M57+P57 -> 208.59722 | S57: =J57-B57 -> -11.450516 | T57: =K57-C57 -> 0 | U57: =L57-D57 -> 0 | V57: =SUM(T57:U57) -> 0 | W57: =N57-F57 -> 0 | X57: =O57-G57 -> 0 | Y57: =SUM(W57:X57) -> 0 | Z57: =S57+V57+Y57 -> -11.450516 | AA57: =S57/$I59 -> -0.02800362 | AB57: =T57/$I59 -> 0 | AC57: =U57/$I59 -> 0 | AD57: =SUM(AB57:AC57) -> 0 | AH57: =AA57+AD57+AG57 -> -0.02800362
A58: Non-fuel | B58: ='2027 at 2026 Rates'!$W60 -> 170.8561 | E58: =SUM(C58:D58) -> 0 | F58: ='2027 at 2026 Rates'!$AB60 -> 17.633822 | G58: ='2027 at 2026 Rates'!$AC60 -> 0.35648034 | H58: =SUM(F58:G58) -> 17.990302 | I58: =B58+E58+H58 -> 188.84641 | J58: ='2027 at 2027 Rates'!$W60 -> 186.32232 | M58: =SUM(K58:L58) -> 0 | N58: ='2027 at 2027 Rates'!$AB60 -> 18.224145 | O58: ='2027 at 2027 Rates'!$AC60 -> 0.87229165 | P58: =SUM(N58:O58) -> 19.096436 | Q58: =J58+M58+P58 -> 205.41876 | S58: =J58-B58 -> 15.466219 | T58: =K58-C58 -> 0 | U58: =L58-D58 -> 0 | V58: =SUM(T58:U58) -> 0 | W58: =N58-F58 -> 0.59032294 | X58: =O58-G58 -> 0.51581131 | Y58: =SUM(W58:X58) -> 1.1061342 | Z58: =S58+V58+Y58 -> 16.572353 | AE58: =W58/$I59 -> 0.001443706 | AF58: =X58/$I59 -> 0.0012614788 | AG58: =SUM(AE58:AF58) -> 0.0027051849 | AH58: =AA58+AD58+AG58 -> 0.0027051849
A59: Total | B59: =SUM(B57:B58) -> 385.93459 | C59: =SUM(C57:C58) -> 0 | D59: =SUM(D57:D58) -> 4.9692504 | E59: =SUM(E57:E58) -> 4.9692504 | F59: =SUM(F57:F58) -> 17.633822 | G59: =SUM(G57:G58) -> 0.35648034 | H59: =SUM(H57:H58) -> 17.990302 | I59: =SUM(I57:I58) -> 408.89414 | ... Q59: =SUM(Q57:Q58) -> 414.01598 | S59: =SUM(S57:S58) -> 4.0157023 | T59: =SUM(T57:T58) -> 0 | U59: =SUM(U57:U58) -> 0 | V59: =SUM(V57:V58) -> 0 | W59: =SUM(W57:W58) -> 0.59032294 | X59: =SUM(X57:X58) -> 0.51581131 | Y59: =SUM(Y57:Y58) -> 1.1061342 | Z59: =SUM(Z57:Z58) -> 5.1218365 | ... AG59: =SUM(AG57:AG58) -> 0.0027051849 | AH59: =AA59+AD59+AG59 -> -0.025298436
A61: General Time-of-Use Tariff
A62: Base cost of fuel | B62: ='2027 at 2026 Rates'!$W64 -> 0.26243752 | C62: ='2027 at 2026 Rates'!$Y64 -> 0 | D62: ='2027 at 2026 Rates'!$Z64 -> 0.0060634506 | E62: =SUM(C62:D62) -> 0.0060634506 | I62: =B62+E62+H62 -> 0.26850097 | J62: ='2027 at 2027 Rates'!$W64 -> 0.24846567 | K62: ='2027 at 2027 Rates'!$Y64 -> 0 | L62: ='2027 at 2027 Rates'!$Z64 -> 0.0060634506 | M62: =SUM(K62:L62) -> 0.0060634506 | Q62: =J62+M62+P62 -> 0.25452912 | S62: =J62-B62 -> -0.013971854 | T62: =K62-C62 -> 0 | U62: =L62-D62 -> 0 | V62: =SUM(T62:U62) -> 0 | W62: =N62-F62 -> 0 | X62: =O62-G62 -> 0 | Y62: =SUM(W62:X62) -> 0 | Z62: =S62+V62+Y62 -> -0.013971854 | AA62: =S62/$I64 -> -0.031135504 | AB62: =T62/$I64 -> 0 | AC62: =U62/$I64 -> 0 | AD62: =SUM(AB62:AC62) -> 0 | AE62: =W62/$I64 -> 0 | AF62: =X62/$I64 -> 0 | AG62: =SUM(AE62:AF62) -> 0 | AH62: =AA62+AD62+AG62 -> -0.031135504
A63: Non-fuel | B63: ='2027 at 2026 Rates'!$W65 -> 0.15829082 | E63: =SUM(C63:D63) -> 0 | F63: ='2027 at 2026 Rates'!$AB65 -> 0.021516687 | G63: ='2027 at 2026 Rates'!$AC65 -> 0.00043497525 | H63: =SUM(F63:G63) -> 0.021951663 | I63: =B63+E63+H63 -> 0.18024249 | J63: ='2027 at 2027 Rates'!$W65 -> 0.17265655 | M63: =SUM(K63:L63) -> 0 | N63: ='2027 at 2027 Rates'!$AB65 -> 0.022236996 | O63: ='2027 at 2027 Rates'!$AC65 -> 0.0010643652 | P63: =SUM(N63:O63) -> 0.023301361 | Q63: =J63+M63+P63 -> 0.19595791 | S63: =J63-B63 -> 0.014365723 | T63: =K63-C63 -> 0 | U63: =L63-D63 -> 0 | V63: =SUM(T63:U63) -> 0 | W63: =N63-F63 -> 0.00072030863 | X63: =O63-G63 -> 0.00062938998 | Y63: =SUM(W63:X63) -> 0.0013496986 | Z63: =S63+V63+Y63 -> 0.015715422 | AA63: =S63/$I64 -> 0.032013219 | AB63: =T63/$I64 -> 0 | AC63: =U63/$I64 -> 0 | AD63: =SUM(AB63:AC63) -> 0 | AE63: =W63/$I64 -> 0.001605168 | AF63: =X63/$I64 -> 0.0014025608 | AG63: =SUM(AE63:AF63) -> 0.0030077287 | AH63: =AA63+AD63+AG63 -> 0.035020948
A64: Total | B64: =SUM(B62:B63) -> 0.42072835 | C64: =SUM(C62:C63) -> 0 | D64: =SUM(D62:D63) -> 0.0060634506 | E64: =SUM(E62:E63) -> 0.0060634506 | F64: =SUM(F62:F63) -> 0.021516687 | G64: =SUM(G62:G63) -> 0.00043497525 | H64: =SUM(H62:H63) -> 0.021951663 | I64: =SUM(I62:I63) -> 0.44874346 | ... Q64: =SUM(Q62:Q63) -> 0.45048703 | S64: =SUM(S62:S63) -> 0.00039386907 | T64: =SUM(T62:T63) -> 0 | U64: =SUM(U62:U63) -> 0 | V64: =SUM(V62:V63) -> 0 | W64: =SUM(W62:W63) -> 0.00072030863 | X64: =SUM(X62:X63) -> 0.00062938998 | Y64: =SUM(Y62:Y63) -> 0.0013496986 | Z64: =SUM(Z62:Z63) -> 0.0017435677 | ... AG64: =SUM(AG62:AG63) -> 0.0030077287 | AH64: =AA64+AD64+AG64 -> 0.0038854442
A66: General Critical Peak Pricing Tariff
A67: Base cost of fuel | B67: ='2027 at 2026 Rates'!$W69 -> 1.6607705 | C67: ='2027 at 2026 Rates'!$Y69 -> 0 | D67: ='2027 at 2026 Rates'!$Z69 -> 0.038371038 | E67: =SUM(C67:D67) -> 0.038371038 | I67: =B67+E67+H67 -> 1.6991416 | J67: ='2027 at 2027 Rates'!$W69 -> 1.5723531 | K67: ='2027 at 2027 Rates'!$Y69 -> 0 | L67: ='2027 at 2027 Rates'!$Z69 -> 0.038371038 | M67: =SUM(K67:L67) -> 0.038371038 | Q67: =J67+M67+P67 -> 1.6107242 | S67: =J67-B67 -> -0.088417399 | T67: =K67-C67 -> 0 | U67: =L67-D67 -> 0 | V67: =SUM(T67:U67) -> 0 | W67: =N67-F67 -> 0 | X67: =O67-G67 -> 0 | Y67: =SUM(W67:X67) -> 0 | Z67: =S67+V67+Y67 -> -0.088417399 | AA67: =S67/$I69 -> -0.031104516 | AB67: =T67/$I69 -> 0 | AC67: =U67/$I69 -> 0 | AD67: =SUM(AB67:AC67) -> 0 | AE67: =W67/$I69 -> 0 | AF67: =X67/$I69 -> 0 | AG67: =SUM(AE67:AF67) -> 0 | AH67: =AA67+AD67+AG67 -> -0.031104516
A68: Non-fuel | B68: ='2027 at 2026 Rates'!$W70 -> 1.0045332 | E68: =SUM(C68:D68) -> 0 | F68: ='2027 at 2026 Rates'!$AB70 -> 0.136163 | G68: ='2027 at 2026 Rates'!$AC70 -> 0.0027526326 | H68: =SUM(F68:G68) -> 0.13891563 | I68: =B68+E68+H68 -> 1.1434489 | J68: ='2027 at 2027 Rates'!$W70 -> 1.0954655 | M68: =SUM(K68:L68) -> 0 | N68: ='2027 at 2027 Rates'!$AB70 -> 0.14072129 | O68: ='2027 at 2027 Rates'!$AC70 -> 0.0067355704 | P68: =SUM(N68:O68) -> 0.14745687 | Q68: =J68+M68+P68 -> 1.2429224 | S68: =J68-B68 -> 0.090932255 | T68: =K68-C68 -> 0 | U68: =L68-D68 -> 0 | V68: =SUM(T68:U68) -> 0 | W68: =N68-F68 -> 0.0045582939 | X68: =O68-G68 -> 0.0039829378 | Y68: =SUM(W68:X68) -> 0.0085412317 | Z68: =S68+V68+Y68 -> 0.099473487 | AA68: =S68/$I69 -> 0.031989221 | AB68: =T68/$I69 -> 0 | AC68: =U68/$I69 -> 0 | AD68: =SUM(AB68:AC68) -> 0 | AE68: =W68/$I69 -> 0.0016035704 | AF68: =X68/$I69 -> 0.0014011648 | AG68: =SUM(AE68:AF68) -> 0.0030047352 | AH68: =AA68+AD68+AG68 -> 0.034993956
A69: Total | B69: =SUM(B67:B68) -> 2.6653038 | C69: =SUM(C67:C68) -> 0 | D69: =SUM(D67:D68) -> 0.038371038 | E69: =SUM(E67:E68) -> 0.038371038 | F69: =SUM(F67:F68) -> 0.136163 | G69: =SUM(G67:G68) -> 0.0027526326 | H69: =SUM(H67:H68) -> 0.13891563 | I69: =SUM(I67:I68) -> 2.8425905 | ... Q69: =SUM(Q67:Q68) -> 2.8536466 | S69: =SUM(S67:S68) -> 0.0025148558 | T69: =SUM(T67:T68) -> 0 | U69: =SUM(U67:U68) -> 0 | V69: =SUM(V67:V68) -> 0 | W69: =SUM(W67:W68) -> 0.0045582939 | X69: =SUM(X67:X68) -> 0.0039829378 | Y69: =SUM(Y67:Y68) -> 0.0085412317 | Z69: =SUM(Z67:Z68) -> 0.011056088 | ... AG69: =SUM(AG67:AG68) -> 0.0030047352 | AH69: =AA69+AD69+AG69 -> 0.0038894409
A71: General Rates Total
A72: Base cost of fuel | B72: =B57+B62+B67 -> 217.00169 | C72: =C57+C62+C67 -> 0 | D72: =D57+D62+D67 -> 5.0136849 | E72: =SUM(C72:D72) -> 5.0136849 | I72: =I57+I62+I67 -> 222.01538 | J72: =J57+J62+J67 -> 205.44879 | K72: =K57+K62+K67 -> 0 | L72: =L57+L62+L67 -> 5.0136849 | M72: =SUM(K72:L72) -> 5.0136849 | Q72: =Q57+Q62+Q67 -> 210.46247 | S72: =J72-B72 -> -11.552906 | T72: =K72-C72 -> 0 | U72: =L72-D72 -> 0 | V72: =SUM(T72:U72) -> 0 | W72: =N72-F72 -> 0 | X72: =O72-G72 -> 0 | Y72: =SUM(W72:X72) -> 0 | Z72: =S72+V72+Y72 -> -11.552906 | AA72: =S72/$I74 -> -0.028028415 | AB72: =T72/$I74 -> 0 | AC72: =U72/$I74 -> 0 | AD72: =SUM(AB72:AC72) -> 0 | AE72: =W72/$I74 -> 0 | AF72: =X72/$I74 -> 0 | AG72: =SUM(AE72:AF72) -> 0 | AH72: =AA72+AD72+AG72 -> -0.028028415
A73: Non-fuel | B73: =B58+B63+B68 -> 172.01893 | E73: =SUM(C73:D73) -> 0 | F73: =F58+F63+F68 -> 17.791502 | G73: =G58+G63+G68 -> 0.35966795 | H73: =SUM(F73:G73) -> 18.15117 | I73: =I58+I63+I68 -> 190.1701 | J73: =J58+J63+J68 -> 187.59044 | K73: =K58+K63+K68 -> 0 | L73: =L58+L63+L68 -> 0 | M73: =SUM(K73:L73) -> 0 | N73: =N58+N63+N68 -> 18.387103 | O73: =O58+O63+O68 -> 0.88009158 | P73: =SUM(N73:O73) -> 19.267195 | Q73: =Q58+Q63+Q68 -> 206.85764 | S73: =J73-B73 -> 15.571517 | T73: =K73-C73 -> 0 | U73: =L73-D73 -> 0 | V73: =SUM(T73:U73) -> 0 | W73: =N73-F73 -> 0.59560154 | X73: =O73-G73 -> 0.52042364 | Y73: =SUM(W73:X73) -> 1.1160252 | Z73: =S73+V73+Y73 -> 16.687542 | AA73: =S73/$I74 -> 0.037777936 | AB73: =T73/$I74 -> 0 | AC73: =U73/$I74 -> 0 | AD73: =SUM(AB73:AC73) -> 0 | AE73: =W73/$I74 -> 0.0014449843 | AF73: =X73/$I74 -> 0.0012625958 | AG73: =SUM(AE73:AF73) -> 0.0027075801 | AH73: =AA73+AD73+AG73 -> 0.040485516
A74: Total | B74: =SUM(B72:B73) -> 389.02062 | C74: =SUM(C72:C73) -> 0 | D74: =SUM(D72:D73) -> 5.0136849 | E74: =SUM(E72:E73) -> 5.0136849 | F74: =SUM(F72:F73) -> 17.791502 | G74: =SUM(G72:G73) -> 0.35966795 | H74: =SUM(H72:H73) -> 18.15117 | I74: =SUM(I72:I73) -> 412.18548 | ... Q74: =SUM(Q72:Q73) -> 417.32011 | S74: =SUM(S72:S73) -> 4.018611 | T74: =SUM(T72:T73) -> 0 | U74: =SUM(U72:U73) -> 0 | V74: =SUM(V72:V73) -> 0 | W74: =SUM(W72:W73) -> 0.59560154 | X74: =SUM(X72:X73) -> 0.52042364 | Y74: =SUM(Y72:Y73) -> 1.1160252 | Z74: =SUM(Z72:Z73) -> 5.1346362 | ... AG74: =SUM(AG72:AG73) -> 0.0027075801 | AH74: =AA74+AD74+AG74 -> 0.012457101
A76: Large General Tariff
A77: Base cost of fuel | B77: ='2027 at 2026 Rates'!$W79 -> 30.124752 | C77: ='2027 at 2026 Rates'!$Y79 -> 0 | D77: ='2027 at 2026 Rates'!$Z79 -> 0.56392891 | E77: =SUM(C77:D77) -> 0.56392891 | I77: =B77+E77+H77 -> 30.688681 | J77: ='2027 at 2027 Rates'!$W79 -> 27.482847 | K77: ='2027 at 2027 Rates'!$Y79 -> 0 | L77: ='2027 at 2027 Rates'!$Z79 -> 0.56392891 | M77: =SUM(K77:L77) -> 0.56392891 | Q77: =J77+M77+P77 -> 28.046776 | S77: =J77-B77 -> -2.6419056 | T77: =K77-C77 -> 0 | U77: =L77-D77 -> 0 | V77: =SUM(T77:U77) -> 0 | W77: =N77-F77 -> 0 | X77: =O77-G77 -> 0 | Y77: =SUM(W77:X77) -> 0 | Z77: =S77+V77+Y77 -> -2.6419056 | AA77: =S77/$I82 -> -0.052526226 | AB77: =T77/$I82 -> 0 | AC77: =U77/$I82 -> 0 | AD77: =V77/$I82 -> 0 | AE77: =W77/$I82 -> 0 | AF77: =X77/$I82 -> 0 | AG77: =Y77/$I82 -> 0 | AH77: =AA77+AD77+AG77 -> -0.052526226
A78: Non-fuel
A79: Without Trans. Own. | B79: ='2027 at 2026 Rates'!$W81 -> 11.028686 | C79: ='2027 at 2026 Rates'!$Y81 -> 0 | D79: ='2027 at 2026 Rates'!$Z81 -> 0 | E79: 0 | F79: ='2027 at 2026 Rates'!$AB81 -> 0.92554558 | G79: ='2027 at 2026 Rates'!$AC81 -> 0.063699899 | H79: =SUM(F79:G79) -> 0.98924548 | I79: =B79+E79+H79 -> 12.017932 | J79: ='2027 at 2027 Rates'!$W81 -> 11.833284 | K79: ='2027 at 2027 Rates'!$Y81 -> 0 | L79: ='2027 at 2027 Rates'!$Z81 -> 0 | M79: 0 | N79: ='2027 at 2027 Rates'!$AB81 -> 1.5062047 | O79: ='2027 at 2027 Rates'!$AC81 -> -0.19614237 | P79: =SUM(N79:O79) -> 1.3100623 | Q79: =J79+M79+P79 -> 13.143346 | S79: =J79-B79 -> 0.80459755 | T79: =K79-C79 -> 0 | U79: =L79-D79 -> 0 | V79: =SUM(T79:U79) -> 0 | W79: =N79-F79 -> 0.58065911 | X79: =O79-G79 -> -0.25984227 | Y79: =SUM(W79:X79) -> 0.32081684 | Z79: =S79+V79+Y79 -> 1.1254144 | AA79: =S79/$I82 -> 0.015996966 | AB79: =T79/$I82 -> 0 | AC79: =U79/$I82 -> 0 | AD79: =V79/$I82 -> 0 | AE79: =W79/$I82 -> 0.011544633 | AF79: =X79/$I82 -> -0.0051661701 | AG79: =Y79/$I82 -> 0.0063784634 | AH79: =AA79+AD79+AG79 -> 0.022375429
A80: With Trans. Own. | B80: ='2027 at 2026 Rates'!$W82 -> 6.9464429 | E80: 0 | F80: ='2027 at 2026 Rates'!$AB82 -> 0.60237248 | G80: ='2027 at 2026 Rates'!$AC82 -> 0.041457781 | H80: =SUM(F80:G80) -> 0.64383026 | I80: =B80+E80+H80 -> 7.5902731 | J80: ='2027 at 2027 Rates'!$W82 -> 7.4599178 | M80: 0 | N80: ='2027 at 2027 Rates'!$AB82 -> 0.98028263 | O80: ='2027 at 2027 Rates'!$AC82 -> -0.12765526 | P80: =SUM(N80:O80) -> 0.85262736 | Q80: =J80+M80+P80 -> 8.3125451 | S80: =J80-B80 -> 0.51347488 | T80: =K80-C80 -> 0 | U80: =L80-D80 -> 0 | V80: =SUM(T80:U80) -> 0 | W80: =N80-F80 -> 0.37791015 | X80: =O80-G80 -> -0.16911304 | Y80: =SUM(W80:X80) -> 0.2087971 | Z80: =S80+V80+Y80 -> 0.72227198 | AA80: =S80/$I82 -> 0.01020888 | AB80: =T80/$I82 -> 0 | AC80: =U80/$I82 -> 0 | AD80: =V80/$I82 -> 0 | AE80: =W80/$I82 -> 0.0075135894 | AF80: =X80/$I82 -> -0.0033622965 | AG80: =Y80/$I82 -> 0.0041512929 | AH80: =AA80+AD80+AG80 -> 0.014360173
A81: Sub-total Non-Fuel | B81: =+B79+B80 -> 17.975129 | C81: =+C79+C80 -> 0 | D81: =+D79+D80 -> 0 | E81: =+E79+E80 -> 0 | F81: =+F79+F80 -> 1.5279181 | G81: =+G79+G80 -> 0.10515768 | H81: =+H79+H80 -> 1.6330757 | I81: =+I79+I80 -> 19.608205 | ... Q81: =+Q79+Q80 -> 21.455891 | S81: =+S79+S80 -> 1.3180724 | T81: =+T79+T80 -> 0 | U81: =+U79+U80 -> 0 | V81: =+V79+V80 -> 0 | W81: =+W79+W80 -> 0.95856926 | X81: =+X79+X80 -> -0.42895531 | Y81: =+Y79+Y80 -> 0.52961395 | Z81: =+Z79+Z80 -> 1.8476864 | AA81: =SUM(AA79:AA80) -> 0.026205846 | AB81: =SUM(AB79:AB80) -> 0 | AC81: =SUM(AC79:AC80) -> 0 | AD81: =SUM(AD79:AD80) -> 0 | AE81: =SUM(AE79:AE80) -> 0.019058223 | AF81: =SUM(AF79:AF80) -> -0.0085284666 | AG81: =SUM(AG79:AG80) -> 0.010529756 | AH81: =AA81+AD81+AG81 -> 0.036735602
A82: Total | B82: =B77+B81 -> 48.099881 | C82: =C77+C81 -> 0 | D82: =D77+D81 -> 0.56392891 | E82: =E77+E81 -> 0.56392891 | F82: =F77+F81 -> 1.5279181 | G82: =G77+G81 -> 0.10515768 | H82: =H77+H81 -> 1.6330757 | I82: =I77+I81 -> 50.296886 | ... Q82: =Q77+Q81 -> 49.502667 | S82: =S77+S81 -> -1.3238332 | T82: =T77+T81 -> 0 | U82: =U77+U81 -> 0 | V82: =V77+V81 -> 0 | W82: =W77+W81 -> 0.95856926 | X82: =X77+X81 -> -0.42895531 | Y82: =Y77+Y81 -> 0.52961395 | Z82: =Z77+Z81 -> -0.79421923 | ... AG82: =AG77+AG81 -> 0.010529756 | AH82: =AA82+AD82+AG82 -> -0.015790624
A84: All General Rates Total
A85: Base cost of fuel | B85: =B51+B72+B77 -> 287.14975 | C85: =C51+C72+C77 -> 0 | D85: =D51+D72+D77 -> 6.2671235 | E85: =E51+E72+E77 -> 6.2671235 | I85: =I51+I72+I77 -> 293.41688 | J85: =J51+J72+J77 -> 272.13281 | K85: =K51+K72+K77 -> 0 | L85: =L51+L72+L77 -> 6.2671235 | M85: =M51+M72+M77 -> 6.2671235 | Q85: =Q51+Q72+Q77 -> 278.39994 | S85: =S51+S72+S77 -> -15.016939 | T85: =T51+T72+T77 -> 0 | U85: =U51+U72+U77 -> 0 | V85: =V51+V72+V77 -> 0 | W85: =W51+W72+W77 -> 0 | X85: =X51+X72+X77 -> 0 | Y85: =Y51+Y72+Y77 -> 0 | Z85: =Z51+Z72+Z77 -> -15.016939 | AA85: =S85/$I87 -> -0.027275048 | AB85: =T85/$I87 -> 0 | AC85: =U85/$I87 -> 0 | AD85: =SUM(AB85:AC85) -> 0 | AE85: =W85/$I87 -> 0 | AF85: =X85/$I87 -> 0 | AG85: =SUM(AE85:AF85) -> 0 | AH85: =AA85+AD85+AG85 -> -0.027275048
A86: Non-fuel | B86: =B52+B73+B81 -> 234.14955 | E86: =E52+E73+E81 -> 0 | F86: =F52+F73+F81 -> 22.894596 | G86: =G52+G73+G81 -> 0.11323668 | H86: =H52+H73+H81 -> 23.007833 | I86: =I52+I73+I81 -> 257.15738 | J86: =J52+J73+J81 -> 255.26416 | M86: =M52+M73+M81 -> 0 | N86: =N52+N73+N81 -> 23.720055 | O86: =O52+O73+O81 -> 0.16459734 | P86: =P52+P73+P81 -> 23.884652 | Q86: =Q52+Q73+Q81 -> 279.14881 | S86: =S52+S73+S81 -> 21.114613 | T86: =T52+T73+T81 -> 0 | U86: =U52+U73+U81 -> 0 | V86: =V52+V73+V81 -> 0 | W86: =W52+W73+W81 -> 0.82545873 | X86: =X52+X73+X81 -> 0.051360654 | Y86: =Y52+Y73+Y81 -> 0.87681939 | Z86: =Z52+Z73+Z81 -> 21.991432 | AA86: =S86/$I87 -> 0.038350163 | AB86: =T86/$I87 -> 0 | AC86: =U86/$I87 -> 0 | AD86: =SUM(AB86:AC86) -> 0 | AE86: =W86/$I87 -> 0.0014992687 | AF86: =X86/$I87 -> 9.3285607e-05 | AG86: =SUM(AE86:AF86) -> 0.0015925543 | AH86: =AA86+AD86+AG86 -> 0.039942718
A87: Total | B87: =SUM(B85:B86) -> 521.2993 | C87: =SUM(C85:C86) -> 0 | D87: =SUM(D85:D86) -> 6.2671235 | E87: =SUM(E85:E86) -> 6.2671235 | F87: =SUM(F85:F86) -> 22.894596 | G87: =SUM(G85:G86) -> 0.11323668 | H87: =SUM(H85:H86) -> 23.007833 | I87: =SUM(I85:I86) -> 550.57426 | ... Q87: =SUM(Q85:Q86) -> 557.54875 | S87: =SUM(S85:S86) -> 6.0976734 | T87: =SUM(T85:T86) -> 0 | U87: =SUM(U85:U86) -> 0 | V87: =SUM(V85:V86) -> 0 | W87: =SUM(W85:W86) -> 0.82545873 | X87: =SUM(X85:X86) -> 0.051360654 | Y87: =SUM(Y85:Y86) -> 0.87681939 | Z87: =SUM(Z85:Z86) -> 6.9744928 | ... AG87: =SUM(AG85:AG86) -> 0.0015925543 | AH87: =AA87+AD87+AG87 -> 0.01266767
A89: Industrial Rates
A91: Small Industrial Tariff
A92: Base cost of fuel | B92: ='2027 at 2026 Rates'!$W94 -> 23.331027 | C92: ='2027 at 2026 Rates'!$Y94 -> 0 | D92: ='2027 at 2026 Rates'!$Z94 -> 0.38164037 | E92: =SUM(C92:D92) -> 0.38164037 | I92: =B92+E92+H92 -> 23.712668 | J92: ='2027 at 2027 Rates'!$W94 -> 22.084053 | K92: ='2027 at 2027 Rates'!$Y94 -> 0 | L92: ='2027 at 2027 Rates'!$Z94 -> 0.38164037 | M92: =SUM(K92:L92) -> 0.38164037 | Q92: =J92+M92+P92 -> 22.465694 | S92: =J92-B92 -> -1.2469742 | T92: =K92-C92 -> 0 | U92: =L92-D92 -> 0 | V92: =SUM(T92:U92) -> 0 | W92: =N92-F92 -> 0 | X92: =O92-G92 -> 0 | Y92: =SUM(W92:X92) -> 0 | Z92: =S92+V92+Y92 -> -1.2469742 | AA92: =S92/$I94 -> -0.02859035 | AB92: =T92/$I94 -> 0 | AC92: =U92/$I94 -> 0 | AD92: =SUM(AB92:AC92) -> 0 | AH92: =AA92+AD92+AG92 -> -0.02859035
A93: Non-fuel | B93: ='2027 at 2026 Rates'!$W95 -> 18.430654 | E93: 0 | F93: ='2027 at 2026 Rates'!$AB95 -> 1.4197319 | G93: ='2027 at 2026 Rates'!$AC95 -> 0.052159001 | H93: =SUM(F93:G93) -> 1.4718909 | I93: =B93+E93+H93 -> 19.902545 | J93: ='2027 at 2027 Rates'!$W95 -> 20.021657 | M93: 0 | N93: ='2027 at 2027 Rates'!$AB95 -> 1.7504833 | O93: ='2027 at 2027 Rates'!$AC95 -> -0.18081956 | P93: =SUM(N93:O93) -> 1.5696638 | Q93: =J93+M93+P93 -> 21.591321 | S93: =J93-B93 -> 1.5910036 | T93: =K93-C93 -> 0 | U93: =L93-D93 -> 0 | V93: 0 | W93: =N93-F93 -> 0.33075147 | X93: =O93-G93 -> -0.23297856 | Y93: =SUM(W93:X93) -> 0.097772904 | Z93: =S93+V93+Y93 -> 1.6887765 | AA93: =S93/$I94 -> 0.03647818 | AB93: =T93/$I94 -> 0 | AC93: =U93/$I94 -> 0 | AD93: =SUM(AB93:AC93) -> 0 | AE93: =W93/$I94 -> 0.0075833969 | AF93: =X93/$I94 -> -0.0053416813 | AG93: =SUM(AE93:AF93) -> 0.0022417156 | AH93: =AA93+AD93+AG93 -> 0.038719895
A94: Total | B94: =SUM(B92:B93) -> 41.761681 | C94: =SUM(C92:C93) -> 0 | D94: =SUM(D92:D93) -> 0.38164037 | E94: =SUM(E92:E93) -> 0.38164037 | F94: =SUM(F92:F93) -> 1.4197319 | G94: =SUM(G92:G93) -> 0.052159001 | H94: =SUM(H92:H93) -> 1.4718909 | I94: =SUM(I92:I93) -> 43.615212 | ... Q94: =SUM(Q92:Q93) -> 44.057014 | S94: =SUM(S92:S93) -> 0.34402935 | T94: =SUM(T92:T93) -> 0 | U94: =SUM(U92:U93) -> 0 | V94: =SUM(V92:V93) -> 0 | W94: =SUM(W92:W93) -> 0.33075147 | X94: =SUM(X92:X93) -> -0.23297856 | Y94: =SUM(Y92:Y93) -> 0.097772904 | Z94: =SUM(Z92:Z93) -> 0.44180225 | ... AG94: =SUM(AG92:AG93) -> 0.0022417156 | AH94: =AA94+AD94+AG94 -> 0.010129545
A96: Medium Industrial Tariff
A97: Base cost of fuel | B97: ='2027 at 2026 Rates'!$W99 -> 42.117868 | C97: ='2027 at 2026 Rates'!$Y99 -> 0 | D97: ='2027 at 2026 Rates'!$Z99 -> 1.0203943 | E97: =SUM(C97:D97) -> 1.0203943 | I97: =B97+E97+H97 -> 43.138263 | J97: ='2027 at 2027 Rates'!$W99 -> 37.884702 | K97: ='2027 at 2027 Rates'!$Y99 -> 0 | L97: ='2027 at 2027 Rates'!$Z99 -> 1.0203943 | M97: =SUM(K97:L97) -> 1.0203943 | Q97: =J97+M97+P97 -> 38.905096 | S97: =J97-B97 -> -4.2331662 | T97: =K97-C97 -> 0 | U97: =L97-D97 -> 0 | V97: =M97-E97 -> 0 | W97: =N97-F97 -> 0 | X97: =O97-G97 -> 0 | Y97: =P97-H97 -> 0 | Z97: =S97+V97+Y97 -> -4.2331662 | AA97: =S97/$I99 -> -0.059013991 | AB97: =T97/$I99 -> 0 | AC97: =U97/$I99 -> 0 | AD97: =SUM(AB97:AC97) -> 0 | AE97: =W97/$I99 -> 0 | AF97: =X97/$I99 -> 0 | AG97: =SUM(AE97:AF97) -> 0 | AH97: =AA97+AD97+AG97 -> -0.059013991
A98: Non-fuel | B98: ='2027 at 2026 Rates'!$W100 -> 26.222934 | E98: 0 | F98: ='2027 at 2026 Rates'!$AB100 -> 2.3902746 | G98: ='2027 at 2026 Rates'!$AC100 -> -0.019902098 | H98: =SUM(F98:G98) -> 2.3703725 | I98: =B98+E98+H98 -> 28.593307 | J98: ='2027 at 2027 Rates'!$W100 -> 27.59231 | M98: 0 | N98: ='2027 at 2027 Rates'!$AB100 -> 2.9106246 | O98: ='2027 at 2027 Rates'!$AC100 -> 0.29136701 | P98: =SUM(N98:O98) -> 3.2019916 | Q98: =J98+M98+P98 -> 30.794302 | S98: =J98-B98 -> 1.369376 | T98: =K98-C98 -> 0 | U98: =L98-D98 -> 0 | V98: =M98-E98 -> 0 | W98: =N98-F98 -> 0.52035008 | X98: =O98-G98 -> 0.31126911 | Y98: =P98-H98 -> 0.83161918 | Z98: =S98+V98+Y98 -> 2.2009952 | AA98: =S98/$I99 -> 0.019090284 | AB98: =T98/$I99 -> 0 | AC98: =U98/$I99 -> 0 | AD98: =SUM(AB98:AC98) -> 0 | AE98: =W98/$I99 -> 0.0072541293 | AF98: =X98/$I99 -> 0.00433936 | AG98: =SUM(AE98:AF98) -> 0.011593489 | AH98: =AA98+AD98+AG98 -> 0.030683774
A99: Total | B99: =SUM(B97:B98) -> 68.340803 | C99: =SUM(C97:C98) -> 0 | D99: =SUM(D97:D98) -> 1.0203943 | E99: =SUM(E97:E98) -> 1.0203943 | F99: =SUM(F97:F98) -> 2.3902746 | G99: =SUM(G97:G98) -> -0.019902098 | H99: =SUM(H97:H98) -> 2.3703725 | I99: =SUM(I97:I98) -> 71.731569 | ... Q99: =SUM(Q97:Q98) -> 69.699398 | S99: =SUM(S97:S98) -> -2.8637901 | T99: =SUM(T97:T98) -> 0 | U99: =SUM(U97:U98) -> 0 | V99: =SUM(V97:V98) -> 0 | W99: =SUM(W97:W98) -> 0.52035008 | X99: =SUM(X97:X98) -> 0.31126911 | Y99: =SUM(Y97:Y98) -> 0.83161918 | Z99: =SUM(Z97:Z98) -> -2.032171 | ... AG99: =SUM(AG97:AG98) -> 0.011593489 | AH99: =AA99+AD99+AG99 -> -0.028330217
A100: Large Industrial Tariff
A101: Firm
A102: Transmission Connected
A103: Base cost of fuel | B103: ='2027 at 2026 Rates'!$W105 -> 3.5542741 | C103: ='2027 at 2026 Rates'!$Y105 -> 0 | D103: ='2027 at 2026 Rates'!$Z105 -> 0.10662114 | E103: =SUM(C103:D103) -> 0.10662114 | I103: =B103+E103+H103 -> 3.6608952 | J103: ='2027 at 2027 Rates'!$W105 -> 3.2305516 | K103: ='2027 at 2027 Rates'!$Y105 -> 0 | L103: ='2027 at 2027 Rates'!$Z105 -> 0.10662114 | M103: =SUM(K103:L103) -> 0.10662114 | Q103: =J103+M103+P103 -> 3.3371727 | S103: =J103-B103 -> -0.32372245 | T103: =K103-C103 -> 0 | U103: =L103-D103 -> 0 | V103: =SUM(T103:U103) -> 0 | W103: =N103-F103 -> 0 | X103: =O103-G103 -> 0 | Y103: =SUM(W103:X103) -> 0 | Z103: =S103+V103+Y103 -> -0.32372245 | AA103: =S103/$I$108 -> -0.058674966 | AB103: =T103/$I$108 -> 0 | AC103: =U103/$I$108 -> 0 | AD103: =V103/$I$108 -> 0 | AE103: =W103/$I$108 -> 0 | AF103: =X103/$I$108 -> 0 | AG103: =Y103/$I$108 -> 0 | AH103: =AA103+AD103+AG103 -> -0.058674966
A104: Non-fuel
A105: Without Trans. Own. | B105: ='2027 at 2026 Rates'!$W107 -> 0 | E105: =SUM(C105:D105) -> 0 | F105: ='2027 at 2026 Rates'!$AB107 -> 0 | G105: ='2027 at 2026 Rates'!$AC107 -> 0 | H105: =SUM(F105:G105) -> 0 | I105: =B105+E105+H105 -> 0 | J105: ='2027 at 2027 Rates'!$W107 -> 0 | M105: =SUM(K105:L105) -> 0 | N105: ='2027 at 2027 Rates'!$AB107 -> 0 | O105: ='2027 at 2027 Rates'!$AC107 -> 0 | P105: =SUM(N105:O105) -> 0 | Q105: =J105+M105+P105 -> 0 | S105: =J105-B105 -> 0 | T105: =K105-C105 -> 0 | U105: =L105-D105 -> 0 | V105: =SUM(T105:U105) -> 0 | W105: =N105-F105 -> 0 | X105: =O105-G105 -> 0 | Y105: =SUM(W105:X105) -> 0 | Z105: =S105+V105+Y105 -> 0 | AA105: =S105/$I$108 -> 0 | AB105: =T105/$I$108 -> 0 | AC105: =U105/$I$108 -> 0 | AD105: =V105/$I$108 -> 0 | AE105: =W105/$I$108 -> 0 | AF105: =X105/$I$108 -> 0 | AG105: =Y105/$I$108 -> 0 | AH105: =AA105+AD105+AG105 -> 0
A106: With Trans. Own. | B106: ='2027 at 2026 Rates'!$W108 -> 1.5701409 | E106: =SUM(C106:D106) -> 0 | F106: ='2027 at 2026 Rates'!$AB108 -> 0.26412476 | G106: ='2027 at 2026 Rates'!$AC108 -> 0.022055014 | H106: =SUM(F106:G106) -> 0.28617977 | I106: =B106+E106+H106 -> 1.8563207 | J106: ='2027 at 2027 Rates'!$W108 -> 1.697234 | M106: =SUM(K106:L106) -> 0 | N106: ='2027 at 2027 Rates'!$AB108 -> 0.32526556 | O106: ='2027 at 2027 Rates'!$AC108 -> 0.040202882 | P106: =SUM(N106:O106) -> 0.36546844 | Q106: =J106+M106+P106 -> 2.0627025 | S106: =J106-B106 -> 0.12709314 | T106: =K106-C106 -> 0 | U106: =L106-D106 -> 0 | V106: =SUM(T106:U106) -> 0 | W106: =N106-F106 -> 0.061140795 | X106: =O106-G106 -> 0.018147868 | Y106: =SUM(W106:X106) -> 0.079288663 | Z106: =S106+V106+Y106 -> 0.20638181 | AA106: =S106/$I$108 -> 0.023035739 | AB106: =T106/$I$108 -> 0 | AC106: =U106/$I$108 -> 0 | AD106: =V106/$I$108 -> 0 | AE106: =W106/$I$108 -> 0.01108182 | AF106: =X106/$I$108 -> 0.0032893162 | AG106: =Y106/$I$108 -> 0.014371137 | AH106: =AA106+AD106+AG106 -> 0.037406876
A107: Sub-total Non-Fuel | B107: =+B105+B106 -> 1.5701409 | C107: ='2027 at 2026 Rates'!$Y109 -> 0 | D107: ='2027 at 2026 Rates'!$Z109 -> 0 | E107: =+E105+E106 -> 0 | F107: =+F105+F106 -> 0.26412476 | G107: =+G105+G106 -> 0.022055014 | H107: =+H105+H106 -> 0.28617977 | I107: =+I105+I106 -> 1.8563207 | J107: =+J105+J106 -> 1.697234 | M107: =+M105+M106 -> 0 | N107: =+N105+N106 -> 0.32526556 | O107: =+O105+O106 -> 0.040202882 | P107: =+P105+P106 -> 0.36546844 | Q107: =+Q105+Q106 -> 2.0627025 | S107: =+S105+S106 -> 0.12709314 | T107: =+T105+T106 -> 0 | U107: =+U105+U106 -> 0 | V107: =+V105+V106 -> 0 | W107: =+W105+W106 -> 0.061140795 | X107: =+X105+X106 -> 0.018147868 | Y107: =+Y105+Y106 -> 0.079288663 | Z107: =+Z105+Z106 -> 0.20638181 | AA107: =S107/$I$108 -> 0.023035739 | AB107: =T107/$I$108 -> 0 | AC107: =U107/$I$108 -> 0 | AD107: =V107/$I$108 -> 0 | AE107: =W107/$I$108 -> 0.01108182 | AF107: =X107/$I$108 -> 0.0032893162 | AG107: =Y107/$I$108 -> 0.014371137 | AH107: =AA107+AD107+AG107 -> 0.037406876
A108: Total | B108: =B103+B107 -> 5.124415 | C108: =C103+C107 -> 0 | D108: =D103+D107 -> 0.10662114 | E108: =E103+E107 -> 0.10662114 | F108: =F103+F107 -> 0.26412476 | G108: =G103+G107 -> 0.022055014 | H108: =H103+H107 -> 0.28617977 | I108: =I103+I107 -> 5.5172159 | ... Q108: =Q103+Q107 -> 5.3998752 | S108: =S103+S107 -> -0.19662931 | T108: =T103+T107 -> 0 | U108: =U103+U107 -> 0 | V108: =V103+V107 -> 0 | W108: =W103+W107 -> 0.061140795 | X108: =X103+X107 -> 0.018147868 | Y108: =Y103+Y107 -> 0.079288663 | Z108: =Z103+Z107 -> -0.11734065 | AA108: =S108/$I$108 -> -0.035639227 | AB108: =T108/$I$108 -> 0 | AC108: =U108/$I$108 -> 0 | AD108: =V108/$I$108 -> 0 | AE108: =W108/$I$108 -> 0.01108182 | AF108: =X108/$I$108 -> 0.0032893162 | AG108: =Y108/$I$108 -> 0.014371137 | AH108: =AA108+AD108+AG108 -> -0.02126809
A110: Distribution Connected
A111: Base cost of fuel | B111: ='2027 at 2026 Rates'!$W113 -> 4.1950201 | C111: ='2027 at 2026 Rates'!$Y113 -> 0 | D111: ='2027 at 2026 Rates'!$Z113 -> 0.12584224 | E111: =SUM(C111:D111) -> 0.12584224 | I111: =B111+E111+H111 -> 4.3208623 | J111: ='2027 at 2027 Rates'!$W113 -> 3.8129386 | K111: ='2027 at 2027 Rates'!$Y113 -> 0 | L111: ='2027 at 2027 Rates'!$Z113 -> 0.12584224 | M111: =SUM(K111:L111) -> 0.12584224 | Q111: =J111+M111+P111 -> 3.9387809 | S111: =J111-B111 -> -0.38208145 | T111: =K111-C111 -> 0 | U111: =L111-D111 -> 0 | V111: =SUM(T111:U111) -> 0 | W111: =N111-F111 -> 0 | X111: =O111-G111 -> 0 | Y111: =SUM(W111:X111) -> 0 | Z111: =S111+V111+Y111 -> -0.38208145 | AA111: =S111/$I$116 -> -0.054954428 | AB111: =T111/$I$116 -> 0 | AC111: =U111/$I$116 -> 0 | AD111: =AB111+AC111 -> 0 | AH111: =AA111+AD111+AG111 -> -0.054954428
A112: Non-fuel
A113: Without Trans. Own. | B113: ='2027 at 2026 Rates'!$W115 -> 1.828203 | E113: 0 | F113: ='2027 at 2026 Rates'!$AB115 -> 0.23184768 | G113: ='2027 at 2026 Rates'!$AC115 -> 0.019359805 | H113: =SUM(F113:G113) -> 0.25120749 | I113: =B113+E113+H113 -> 2.0794105 | J113: ='2027 at 2027 Rates'!$W115 -> 1.9733534 | M113: 0 | N113: ='2027 at 2027 Rates'!$AB115 -> 0.28551683 | O113: ='2027 at 2027 Rates'!$AC115 -> 0.035289933 | P113: =SUM(N113:O113) -> 0.32080676 | Q113: =J113+M113+P113 -> 2.2941601 | S113: =J113-B113 -> 0.14515036 | T113: =K113-C113 -> 0 | U113: =L113-D113 -> 0 | V113: 0 | W113: =N113-F113 -> 0.053669151 | X113: =O113-G113 -> 0.015930127 | Y113: =SUM(W113:X113) -> 0.069599278 | Z113: =S113+V113+Y113 -> 0.21474964 | AA113: =S113/$I$116 -> 0.020876845 | AB113: =T113/$I$116 -> 0 | AC113: =U113/$I$116 -> 0 | AD113: =AB113+AC113 -> 0 | AE113: =W113/$I$116 -> 0.0077191852 | AF113: =X113/$I$116 -> 0.0022912157 | AG113: =AE113+AF113 -> 0.010010401 | AH113: =AA113+AD113+AG113 -> 0.030887245
A114: With Trans. Own. | B114: ='2027 at 2026 Rates'!$W116 -> 0.46586027 | E114: 0 | F114: ='2027 at 2026 Rates'!$AB116 -> 0.079892115 | G114: ='2027 at 2026 Rates'!$AC116 -> 0.0066711722 | H114: =SUM(F114:G114) -> 0.086563287 | I114: =B114+E114+H114 -> 0.55242356 | J114: ='2027 at 2027 Rates'!$W116 -> 0.50333435 | M114: 0 | N114: ='2027 at 2027 Rates'!$AB116 -> 0.098385904 | O114: ='2027 at 2027 Rates'!$AC116 -> 0.012160516 | P114: =SUM(N114:O114) -> 0.11054642 | Q114: =J114+M114+P114 -> 0.61388077 | S114: =J114-B114 -> 0.037474077 | T114: =K114-C114 -> 0 | U114: =L114-D114 -> 0 | V114: 0 | W114: =N114-F114 -> 0.018493788 | X114: =O114-G114 -> 0.0054893435 | Y114: =SUM(W114:X114) -> 0.023983132 | Z114: =S114+V114+Y114 -> 0.061457209 | AA114: =S114/$I$116 -> 0.0053898624 | AB114: =T114/$I$116 -> 0 | AC114: =U114/$I$116 -> 0 | AD114: =AB114+AC114 -> 0 | AE114: =W114/$I$116 -> 0.0026599448 | AF114: =X114/$I$116 -> 0.00078952728 | AG114: =AE114+AF114 -> 0.0034494721 | AH114: =AA114+AD114+AG114 -> 0.0088393345
A115: Sub-total Non-Fuel | B115: =+B113+B114 -> 2.2940633 | C115: =+C113+C114 -> 0 | D115: =+D113+D114 -> 0 | E115: =+E113+E114 -> 0 | F115: =+F113+F114 -> 0.3117398 | G115: =+G113+G114 -> 0.026030978 | H115: =+H113+H114 -> 0.33777077 | I115: =+I113+I114 -> 2.631834 | J115: =+J113+J114 -> 2.4766877 | M115: =+M113+M114 -> 0 | N115: =+N113+N114 -> 0.38390274 | O115: =+O113+O114 -> 0.047450448 | P115: =+P113+P114 -> 0.43135318 | Q115: =+Q113+Q114 -> 2.9080409 | S115: =+S113+S114 -> 0.18262444 | T115: =K115-C115 -> 0 | U115: =L115-D115 -> 0 | V115: 0 | W115: =N115-F115 -> 0.072162939 | X115: =O115-G115 -> 0.021419471 | Y115: =SUM(W115:X115) -> 0.09358241 | Z115: =S115+V115+Y115 -> 0.27620685 | AA115: =S115/$I$116 -> 0.026266707 | AB115: =T115/$I$116 -> 0 | AC115: =U115/$I$116 -> 0 | AD115: =AB115+AC115 -> 0 | AE115: =W115/$I$116 -> 0.01037913 | AF115: =X115/$I$116 -> 0.003080743 | AG115: =AE115+AF115 -> 0.013459873 | AH115: =AA115+AD115+AG115 -> 0.03972658
A116: Total | B116: =B111+B115 -> 6.4890834 | C116: =C111+C115 -> 0 | D116: =D111+D115 -> 0.12584224 | E116: =E111+E115 -> 0.12584224 | F116: =F111+F115 -> 0.3117398 | G116: =G111+G115 -> 0.026030978 | H116: =H111+H115 -> 0.33777077 | I116: =I111+I115 -> 6.9526964 | ... Q116: =Q111+Q115 -> 6.8468218 | S116: =S111+S115 -> -0.19945701 | T116: =T111+T115 -> 0 | U116: =U111+U115 -> 0 | V116: =V111+V115 -> 0 | W116: =W111+W115 -> 0.072162939 | X116: =X111+X115 -> 0.021419471 | Y116: =Y111+Y115 -> 0.09358241 | Z116: =Z111+Z115 -> -0.1058746 | AA116: =S116/$I$116 -> -0.028687721 | AB116: =T116/$I$116 -> 0 | AC116: =U116/$I$116 -> 0 | AD116: =AB116+AC116 -> 0 | AE116: =W116/$I$116 -> 0.01037913 | AF116: =X116/$I$116 -> 0.003080743 | AG116: =AE116+AF116 -> 0.013459873 | AH116: =AA116+AD116+AG116 -> -0.015227848
A118: Firm Total | B118: =B108+B116 -> 11.613498 | C118: =C108+C116 -> 0 | D118: =D108+D116 -> 0.23246338 | E118: =E108+E116 -> 0.23246338 | F118: =F108+F116 -> 0.57586456 | G118: =G108+G116 -> 0.048085992 | H118: =H108+H116 -> 0.62395055 | I118: =I108+I116 -> 12.469912 | ... Q118: =Q108+Q116 -> 12.246697 | S118: =S108+S116 -> -0.39608632 | T118: =T108+T116 -> 0 | U118: =U108+U116 -> 0 | V118: =V108+V116 -> 0 | W118: =W108+W116 -> 0.13330373 | X118: =X108+X116 -> 0.039567338 | Y118: =Y108+Y116 -> 0.17287107 | Z118: =Z108+Z116 -> -0.22321525 | AA118: =S118/$I$118 -> -0.031763361 | AB118: =T118/$I$118 -> 0 | AC118: =U118/$I$118 -> 0 | AD118: =AB118+AC118 -> 0 | AE118: =W118/$I$118 -> 0.01069003 | AF118: =X118/$I$118 -> 0.0031730246 | AG118: =AE118+AF118 -> 0.013863055 | AH118: =AA118+AD118+AG118 -> -0.017900306
A120: Interruptible
A121: Transmission Connected
A122: Base cost of fuel | B122: ='2027 at 2026 Rates'!$W124 -> 27.382454 | C122: ='2027 at 2026 Rates'!$Y124 -> 0 | D122: ='2027 at 2026 Rates'!$Z124 -> 0.74136646 | E122: =SUM(C122:D122) -> 0.74136646 | I122: =B122+E122+H122 -> 28.12382 | J122: ='2027 at 2027 Rates'!$W124 -> 24.700564 | K122: ='2027 at 2027 Rates'!$Y124 -> 0 | L122: ='2027 at 2027 Rates'!$Z124 -> 0.74136646 | M122: =SUM(K122:L122) -> 0.74136646 | Q122: =J122+M122+P122 -> 25.44193 | S122: =J122-B122 -> -2.6818903 | T122: =K122-C122 -> 0 | U122: =L122-D122 -> 0 | V122: =SUM(T122:U122) -> 0 | W122: =N122-F122 -> 0 | X122: =O122-G122 -> 0 | Y122: =SUM(W122:X122) -> 0 | Z122: =S122+V122+Y122 -> -2.6818903 | AA122: =S122/$I$127 -> -0.070504342 | AB122: =T122/$I$127 -> 0 | AC122: =U122/$I$127 -> 0 | AD122: =V122/$I$127 -> 0 | AE122: =W122/$I$127 -> 0 | AF122: =X122/$I$127 -> 0 | AG122: =Y122/$I$127 -> 0 | AH122: =AA122+AD122+AG122 -> -0.070504342
...

Sheet 2027 at 2026 Rates
A2: 2027 Sales Priced at 2026 Rates | B2: First KWh Block | E2: Second KWh Block | H2: Third KWh Block | K2: Total Energy | M2: Demand | T2: Base Charge | W2: Revenue ($ million) | Y2: 2027 Sales Priced at Standard
B3: Energy | C3: Per KWh | D3: Revenue | E3: Energy | F3: Per KWh | G3: Revenue | H3: Energy | I3: Per KWh | J3: Revenue | K3: GWh | L3: Revenue | M3: MW or | N3: Charges per kVa or kW | S3: Revenue | T3: Billmonths | U3: Base | V3: Revenue | Y3: 2027 FAM Riders | AB3: 2027 DSM Riders
B4: in GWh | C4: Charge | D4: (millions) | E4: in GWh | F4: Charge | G4: (millions) | H4: in GWh | I4: Charge | L4: (millions) | M4: MVA | N4: Standard Offer | O4: Distribution Cost Adder | P4: Interruptible Credit | Q4: Transformer Ownership Credit | R4: Total | S4: ($ million) | T4: ($ million) | U4: Charge | V4: ($ million) | AF4: Total Revenue Under All Rates (millions)
A5: FAM Classes | Y5: AA | Z5: BA | AA5: Total | AB5: PCR | AC5: BA | AD5: Total | AE5: Total
A7: Domestic Rates
A9: Domestic Service Tariff (Standard Offer)
A10: Base cost of fuel | B10: 4981.018 | C10: 0.089702266 | D10: =+B10*C10 -> 446.8086 | K10: =+B10+E10+H10 -> 4981.018 | L10: =+D10+G10+J10 -> 446.8086 | W10: =L10+S10+V10 -> 446.8086 | Y10: 0 | Z10: 7.770388 | AA10: =SUM(Y10:Z10) -> 7.770388 | AD10: =SUM(AB10:AC10) -> 0 | AE10: =AA10+AD10 -> 7.770388 | AG10: =W10+AE10 -> 454.57899
A11: Non-fuel | B11: =B10 -> 4981.018 | C11: 0.093533053 | D11: =+B11*C11 -> 465.88982 | K11: =+B11+E11+H11 -> 4981.018 | L11: =+D11+G11+J11 -> 465.88982 | T11: 5.8805032 | U11: 20.082456 | V11: =+T11*U11 -> 118.09494 | W11: =L11+S11+V11 -> 583.98476 | AA11: =SUM(Y11:Z11) -> 0 | AB11: 31.966891 | AC11: 0.31660297 | AD11: =SUM(AB11:AC11) -> 32.283494 | AE11: =AA11+AD11 -> 32.283494 | AG11: =W11+AE11 -> 616.26826
A12: Total | B12: =B11 -> 4981.018 | C12: =SUM(C10:C11) -> 0.18323532 | D12: =SUM(D10:D11) -> 912.69842 | K12: =K11 -> 4981.018 | L12: =+D12+G12+J12 -> 912.69842 | V12: =SUM(V10:V11) -> 118.09494 | W12: =SUM(W10:W11) -> 1030.7934 | Y12: =SUM(Y10:Y11) -> 0 | Z12: =SUM(Z10:Z11) -> 7.770388 | AA12: =SUM(AA10:AA11) -> 7.770388 | AB12: =SUM(AB10:AB11) -> 31.966891 | AC12: =SUM(AC10:AC11) -> 0.31660297 | AD12: =SUM(AD10:AD11) -> 32.283494 | AE12: =SUM(AE10:AE11) -> 40.053882 | AG12: =SUM(AG10:AG11) -> 1070.8472
A14: Domestic Service Time-of-Day Tariff
A15: Base cost of fuel | B15: 30.583172 | C15: 0.089702266 | D15: =+B15*C15 -> 2.7433798 | E15: 70.782824 | F15: 0.089702266 | G15: =+E15*F15 -> 6.3493797 | H15: 200.22546 | I15: 0.089702266 | J15: =+H15*I15 -> 17.960677 | K15: =+B15+E15+H15 -> 301.59145 | L15: =+D15+G15+J15 -> 27.053437 | W15: =L15+S15+V15 -> 27.053437 | Y15: 0 | Z15: 0.47048267 | AA15: =SUM(Y15:Z15) -> 0.47048267 | AD15: =SUM(AB15:AC15) -> 0 | AE15: =AA15+AD15 -> 0.47048267 | AG15: =W15+AE15 -> 27.52392
A16: Non-fuel | B16: =B15 -> 30.583172 | C16: 0.1541386 | D16: =+B16*C16 -> 4.7140472 | E16: =E15 -> 70.782824 | F16: 0.10489256 | G16: =+E16*F16 -> 7.4245916 | H16: =H15 -> 200.22546 | I16: 0.026613085 | J16: =+H16*I16 -> 5.3286172 | K16: =+B16+E16+H16 -> 301.59145 | L16: =+D16+G16+J16 -> 17.467256 | T16: 0.16735473 | U16: 20.082456 | V16: =+T16*U16 -> 3.360894 | W16: =L16+S16+V16 -> 20.82815 | AA16: =SUM(Y16:Z16) -> 0 | AB16: 1.9355363 | AC16: 0.019169726 | AD16: =SUM(AB16:AC16) -> 1.9547061 | AE16: =AA16+AD16 -> 1.9547061 | AG16: =W16+AE16 -> 22.782856
A17: Total | B17: =B16 -> 30.583172 | C17: =SUM(C15:C16) -> 0.24384087 | D17: =SUM(D15:D16) -> 7.457427 | E17: =E16 -> 70.782824 | F17: =SUM(F15:F16) -> 0.19459483 | G17: =SUM(G15:G16) -> 13.773971 | H17: =H16 -> 200.22546 | I17: =SUM(I15:I16) -> 0.11631535 | J17: =SUM(J15:J16) -> 23.289295 | K17: =K16 -> 301.59145 | L17: =+D17+G17+J17 -> 44.520693 | V17: =SUM(V15:V16) -> 3.360894 | W17: =SUM(W15:W16) -> 47.881587 | Y17: =SUM(Y15:Y16) -> 0 | Z17: =SUM(Z15:Z16) -> 0.47048267 | AA17: =SUM(AA15:AA16) -> 0.47048267 | AB17: =SUM(AB15:AB16) -> 1.9355363 | AC17: =SUM(AC15:AC16) -> 0.019169726 | AD17: =SUM(AD15:AD16) -> 1.9547061 | AE17: =SUM(AE15:AE16) -> 2.4251887 | AG17: =SUM(AG15:AG16) -> 50.306776
A19: Domestic Service Time-of-Use Tariff
A20: Base cost of fuel | B20: 8.7627333 | C20: 0.089702266 | D20: =+B20*C20 -> 0.78603704 | E20: 26.59462 | F20: 0.089702266 | G20: =+E20*F20 -> 2.3855977 | H20: 22.942714 | I20: 0.089702266 | J20: =+H20*I20 -> 2.0580135 | K20: =+B20+E20+H20 -> 58.300068 | L20: =+D20+G20+J20 -> 5.2296482 | W20: =L20+S20+V20 -> 5.2296482 | Y20: 0 | Z20: 0.090948106 | AA20: =SUM(Y20:Z20) -> 0.090948106 | AD20: =SUM(AB20:AC20) -> 0 | AE20: =AA20+AD20 -> 0.090948106 | AG20: =W20+AE20 -> 5.3205963
A21: Non-fuel | B21: =B20 -> 8.7627333 | C21: 0.27547014 | D21: =+B21*C21 -> 2.4138714 | E21: =E20 -> 26.59462 | F21: 0.093533053 | G21: =+E21*F21 -> 2.4874761 | H21: =H20 -> 22.942714 | I21: 0.034388323 | J21: =+H21*I21 -> 0.78896147 | K21: =+B21+E21+H21 -> 58.300068 | L21: =+D21+G21+J21 -> 5.6903089 | T21: 0.066 | U21: 20.082456 | V21: =+T21*U21 -> 1.3254421 | W21: =L21+S21+V21 -> 7.015751 | AA21: =SUM(Y21:Z21) -> 0 | AB21: 0.37415483 | AC21: 0.0037056631 | AD21: =SUM(AB21:AC21) -> 0.3778605 | AE21: =AA21+AD21 -> 0.3778605 | AG21: =W21+AE21 -> 7.3936115
A22: Total | B22: =B21 -> 8.7627333 | C22: =SUM(C20:C21) -> 0.36517241 | D22: =SUM(D20:D21) -> 3.1999084 | E22: =E21 -> 26.59462 | F22: =SUM(F20:F21) -> 0.18323532 | G22: =SUM(G20:G21) -> 4.8730738 | H22: =H21 -> 22.942714 | I22: =SUM(I20:I21) -> 0.12409059 | J22: =SUM(J20:J21) -> 2.8469749 | K22: =K21 -> 58.300068 | L22: =+D22+G22+J22 -> 10.919957 | V22: =SUM(V20:V21) -> 1.3254421 | W22: =SUM(W20:W21) -> 12.245399 | Y22: =SUM(Y20:Y21) -> 0 | Z22: =SUM(Z20:Z21) -> 0.090948106 | AA22: =SUM(AA20:AA21) -> 0.090948106 | AB22: =SUM(AB20:AB21) -> 0.37415483 | AC22: =SUM(AC20:AC21) -> 0.0037056631 | AD22: =SUM(AD20:AD21) -> 0.3778605 | AE22: =SUM(AE20:AE21) -> 0.4688086 | AG22: =SUM(AG20:AG21) -> 12.714208
A24: Domestic Service Critical Peak Pricing Tariff
A25: Base cost of fuel | B25: 0.31640889 | C25: 0.089702266 | D25: =+B25*C25 -> 0.028382594 | E25: 26.74487 | F25: 0.089702266 | G25: =+E25*F25 -> 2.3990755 | K25: =+B25+E25+H25 -> 27.061279 | L25: =+D25+G25+J25 -> 2.4274581 | W25: =L25+S25+V25 -> 2.4274581 | Y25: 0 | Z25: 0.042215596 | AA25: =SUM(Y25:Z25) -> 0.042215596 | AD25: =SUM(AB25:AC25) -> 0 | AE25: =AA25+AD25 -> 0.042215596 | AG25: =W25+AE25 -> 2.4696737
A26: Non-fuel | B26: =B25 -> 0.31640889 | C26: 1.7309668 | D26: =+B26*C26 -> 0.54769329 | E26: =E25 -> 26.74487 | F26: 0.064412461 | G26: =+E26*F26 -> 1.7227029 | K26: =+B26+E26+H26 -> 27.061279 | L26: =+D26+G26+J26 -> 2.2703962 | T26: 0.03 | U26: 20.082456 | V26: =+T26*U26 -> 0.60247367 | W26: =L26+S26+V26 -> 2.8728699 | AA26: =SUM(Y26:Z26) -> 0 | AB26: 0.17367233 | AC26: 0.0017200663 | AD26: =SUM(AB26:AC26) -> 0.17539239 | AE26: =AA26+AD26 -> 0.17539239 | AG26: =W26+AE26 -> 3.0482623
A27: Total | B27: =B26 -> 0.31640889 | C27: =SUM(C25:C26) -> 1.8206691 | D27: =SUM(D25:D26) -> 0.57607588 | E27: =E26 -> 26.74487 | F27: =SUM(F25:F26) -> 0.15411473 | G27: =SUM(G25:G26) -> 4.1217784 | K27: =K26 -> 27.061279 | L27: =+D27+G27+J27 -> 4.6978543 | V27: =SUM(V25:V26) -> 0.60247367 | W27: =SUM(W25:W26) -> 5.300328 | Y27: =SUM(Y25:Y26) -> 0 | Z27: =SUM(Z25:Z26) -> 0.042215596 | AA27: =SUM(AA25:AA26) -> 0.042215596 | AB27: =SUM(AB25:AB26) -> 0.17367233 | AC27: =SUM(AC25:AC26) -> 0.0017200663 | AD27: =SUM(AD25:AD26) -> 0.17539239 | AE27: =SUM(AE25:AE26) -> 0.21760799 | AG27: =SUM(AG25:AG26) -> 5.517936
A29: All Domestic Rates Total
A30: Base cost of fuel | B30: =B10+B15+B20+B25 -> 5020.6803 | D30: =D10+D15+D20+D25 -> 450.3664 | E30: =E10+E15+E20+E25 -> 124.12232 | G30: =G10+G15+G20+G25 -> 11.134053 | H30: =H10+H15+H20+H25 -> 223.16817 | J30: =J10+J15+J20+J25 -> 20.018691 | K30: =K10+K15+K20+K25 -> 5367.9708 | L30: =L10+L15+L20+L25 -> 481.51914 | W30: =L30+S30+V30 -> 481.51914 | Y30: =Y10+Y15+Y20+Y25 -> 0 | Z30: =Z10+Z15+Z20+Z25 -> 8.3740344 | AA30: =AA10+AA15+AA20+AA25 -> 8.3740344 | AD30: =AD10+AD15+AD20+AD25 -> 0 | AE30: =AE10+AE15+AE20+AE25 -> 8.3740344 | AG30: =W30+AE30 -> 489.89318
A31: Non-fuel | B31: =B11+B16+B21+B26 -> 5020.6803 | D31: =D11+D16+D21+D26 -> 473.56543 | E31: =E11+E16+E21+E26 -> 124.12232 | G31: =G11+G16+G21+G26 -> 11.634771 | H31: =H11+H16+H21+H26 -> 223.16817 | J31: =J11+J16+J21+J26 -> 6.1175786 | K31: =K11+K16+K21+K26 -> 5367.9708 | L31: =L11+L16+L21+L26 -> 491.31778 | T31: =T11+T16+T21+T26 -> 6.1438579 | V31: =V11+V16+V21+V26 -> 123.38375 | W31: =L31+S31+V31 -> 614.70153 | AA31: =AA11+AA16+AA21+AA26 -> 0 | AB31: =AB11+AB16+AB21+AB26 -> 34.450255 | AC31: =AC11+AC16+AC21+AC26 -> 0.34119842 | AD31: =AD11+AD16+AD21+AD26 -> 34.791453 | AE31: =AE11+AE16+AE21+AE26 -> 34.791453 | AG31: =W31+AE31 -> 649.49299
A32: Total | B32: =B12+B17+B22+B27 -> 5020.6803 | D32: =D12+D17+D22+D27 -> 923.93183 | E32: =E12+E17+E22+E27 -> 124.12232 | G32: =G12+G17+G22+G27 -> 22.768824 | H32: =H12+H17+H22+H27 -> 223.16817 | J32: =J12+J17+J22+J27 -> 26.13627 | K32: =K31 -> 5367.9708 | L32: =L12+L17+L22+L27 -> 972.83692 | T32: =SUM(T30:T31) -> 6.1438579 | V32: =SUM(V30:V31) -> 123.38375 | W32: =SUM(W30:W31) -> 1096.2207 | Y32: =SUM(Y30:Y31) -> 0 | Z32: =SUM(Z30:Z31) -> 8.3740344 | AA32: =SUM(AA30:AA31) -> 8.3740344 | AB32: =SUM(AB30:AB31) -> 34.450255 | AC32: =SUM(AC30:AC31) -> 0.34119842 | AD32: =SUM(AD30:AD31) -> 34.791453 | AE32: =SUM(AE30:AE31) -> 43.165488 | AG32: =SUM(AG30:AG31) -> 1139.3862
A34: General Rates
A36: Small General Rates
A37: Small General Tariff (Standard Offer)
A38: Base cost of fuel | B38: 74.26762 | C38: 0.090551826 | D38: =+B38*C38 -> 6.7250686 | E38: 366.44931 | F38: 0.090551826 | G38: =+E38*F38 -> 33.182654 | K38: =+B38+E38+H38 -> 440.71693 | L38: =+D38+G38+J38 -> 39.907722 | W38: =L38+S38+V38 -> 39.907722 | Y38: 0 | Z38: 0.68751841 | AA38: =SUM(Y38:Z38) -> 0.68751841 | AE38: =AA38+AD38 -> 0.68751841 | AG38: =W38+AE38 -> 40.595241
A39: Non-fuel | B39: =B38 -> 74.26762 | C39: 0.098638077 | D39: =+B39*C39 -> 7.3256152 | E39: =E38 -> 366.44931 | F39: 0.080564901 | G39: =+E39*F39 -> 29.522952 | K39: =+B39+E39+H39 -> 440.71693 | L39: =+D39+G39+J39 -> 36.848567 | T39: 0.32712096 | U39: 21.995311 | V39: =+T39*U39 -> 7.1951273 | W39: =L39+S39+V39 -> 44.043695 | AA39: =SUM(Y39:Z39) -> 0 | AB39: 3.5648513 | AC39: -0.35057357 | AD39: =SUM(AB39:AC39) -> 3.2142778 | AE39: =AA39+AD39 -> 3.2142778 | AG39: =W39+AE39 -> 47.257973
A40: Total | B40: =B39 -> 74.26762 | C40: =SUM(C38:C39) -> 0.1891899 | D40: =SUM(D38:D39) -> 14.050684 | E40: =E39 -> 366.44931 | F40: =SUM(F38:F39) -> 0.17111673 | G40: =SUM(G38:G39) -> 62.705606 | K40: =K39 -> 440.71693 | L40: =+D40+G40+J40 -> 76.75629 | V40: =SUM(V38:V39) -> 7.1951273 | W40: =SUM(W38:W39) -> 83.951417 | Y40: =SUM(Y38:Y39) -> 0 | Z40: =SUM(Z38:Z39) -> 0.68751841 | AA40: =SUM(AA38:AA39) -> 0.68751841 | AB40: =SUM(AB38:AB39) -> 3.5648513 | AC40: =SUM(AC38:AC39) -> -0.35057357 | AD40: =SUM(AD38:AD39) -> 3.2142778 | AE40: =SUM(AE38:AE39) -> 3.9017962 | AG40: =SUM(AG38:AG39) -> 87.853213
A42: Small General Time-of-Use Tariff
A43: Base cost of fuel | B43: 0.085898533 | C43: 0.090551826 | D43: =+B43*C43 -> 0.007778269 | E43: 0.10320559 | F43: 0.090551826 | G43: =+E43*F43 -> 0.0093454549 | H43: 0.5001302 | I43: 0.090551826 | J43: =+H43*I43 -> 0.045287703 | K43: =+B43+E43+H43 -> 0.68923433 | L43: =+D43+G43+J43 -> 0.062411426 | W43: =L43+S43+V43 -> 0.062411426 | Y43: 0 | Z43: 0.0010752055 | AA43: =SUM(Y43:Z43) -> 0.0010752055 | AE43: =AA43+AD43 -> 0.0010752055 | AG43: =W43+AE43 -> 0.063486632
A44: Non-fuel | B44: =B43 -> 0.085898533 | C44: 0.28618709 | D44: =+B44*C44 -> 0.024583051 | E44: =E43 -> 0.10320559 | F44: 0.098466351 | G44: =+E44*F44 -> 0.010162278 | H44: =H43 -> 0.5001302 | I44: 0.033411794 | J44: =+H44*I44 -> 0.016710247 | K44: =+B44+E44+H44 -> 0.68923433 | L44: =+D44+G44+J44 -> 0.051455577 | T44: 0.00043623525 | U44: 21.995311 | V44: =+T44*U44 -> 0.0095951302 | W44: =L44+S44+V44 -> 0.061050707 | AA44: =SUM(Y44:Z44) -> 0 | AB44: 0.0055750477 | AC44: -0.00054825972 | AD44: =SUM(AB44:AC44) -> 0.005026788 | AE44: =AA44+AD44 -> 0.005026788 | AG44: =W44+AE44 -> 0.066077495
A45: Total | B45: =B44 -> 0.085898533 | C45: =SUM(C43:C44) -> 0.37673892 | D45: =SUM(D43:D44) -> 0.03236132 | E45: =E44 -> 0.10320559 | F45: =SUM(F43:F44) -> 0.18901818 | G45: =SUM(G43:G44) -> 0.019507733 | H45: =H44 -> 0.5001302 | I45: =SUM(I43:I44) -> 0.12396362 | J45: =SUM(J43:J44) -> 0.06199795 | K45: =K44 -> 0.68923433 | L45: =+D45+G45+J45 -> 0.113867 | V45: =SUM(V43:V44) -> 0.0095951302 | W45: =SUM(W43:W44) -> 0.12346213 | Y45: =SUM(Y43:Y44) -> 0 | Z45: =SUM(Z43:Z44) -> 0.0010752055 | AA45: =SUM(AA43:AA44) -> 0.0010752055 | AB45: =SUM(AB43:AB44) -> 0.0055750477 | AC45: =SUM(AC43:AC44) -> -0.00054825972 | AD45: =SUM(AD43:AD44) -> 0.005026788 | AE45: =SUM(AE43:AE44) -> 0.0061019936 | AG45: =SUM(AG43:AG44) -> 0.12956413
A47: Small General Critical Peak Pricing Tariff
A48: Base cost of fuel | B48: 0.0085784264 | C48: 0.090551826 | D48: =+B48*C48 -> 0.00077679218 | E48: 0.097804139 | F48: 0.090551826 | G48: =+E48*F48 -> 0.0088563433 | H48: 0.48084176 | I48: 0.090551826 | J48: =+H48*I48 -> 0.043541099 | K48: =+B48+E48+H48 -> 0.58722433 | L48: =+D48+G48+J48 -> 0.053174235 | W48: =L48+S48+V48 -> 0.053174235 | Y48: 0 | Z48: 0.00091606995 | AA48: =SUM(Y48:Z48) -> 0.00091606995 | AE48: =AA48+AD48 -> 0.00091606995 | AG48: =W48+AE48 -> 0.054090305
A49: Non-fuel | B49: =B48 -> 0.0085784264 | C49: 1.4288595 | D49: =+B49*C49 -> 0.012257366 | E49: =E48 -> 0.097804139 | F49: 0.076837177 | G49: =+E49*F49 -> 0.007514994 | H49: =H48 -> 0.48084176 | I49: 0.062753503 | J49: =+H49*I49 -> 0.030174505 | K49: =+B49+E49+H49 -> 0.58722433 | L49: =+D49+G49+J49 -> 0.049946865 | T49: 3.6352938e-05 | U49: 21.995311 | V49: =+T49*U49 -> 0.00079959418 | W49: =L49+S49+V49 -> 0.050746459 | AA49: =SUM(Y49:Z49) -> 0 | AB49: 0.0047499138 | AC49: -0.00046711464 | AD49: =SUM(AB49:AC49) -> 0.0042827992 | AE49: =AA49+AD49 -> 0.0042827992 | AG49: =W49+AE49 -> 0.055029258
A50: Total | B50: =B49 -> 0.0085784264 | C50: =SUM(C48:C49) -> 1.5194113 | D50: =SUM(D48:D49) -> 0.013034158 | E50: =E49 -> 0.097804139 | F50: =SUM(F48:F49) -> 0.167389 | G50: =SUM(G48:G49) -> 0.016371337 | H50: =H49 -> 0.48084176 | I50: =SUM(I48:I49) -> 0.15330533 | J50: =SUM(J48:J49) -> 0.073715604 | K50: =K49 -> 0.58722433 | L50: =+D50+G50+J50 -> 0.1031211 | V50: =SUM(V48:V49) -> 0.00079959418 | W50: =SUM(W48:W49) -> 0.10392069 | Y50: =SUM(Y48:Y49) -> 0 | Z50: =SUM(Z48:Z49) -> 0.00091606995 | AA50: =SUM(AA48:AA49) -> 0.00091606995 | AB50: =SUM(AB48:AB49) -> 0.0047499138 | AC50: =SUM(AC48:AC49) -> -0.00046711464 | AD50: =SUM(AD48:AD49) -> 0.0042827992 | AE50: =SUM(AE48:AE49) -> 0.0051988691 | AG50: =SUM(AG48:AG49) -> 0.10911956
A52: Small General Rates Total
A53: Base cost of fuel | B53: =B38+B43+B48 -> 74.362097 | D53: =D38+D43+D48 -> 6.7336236 | E53: =E38+E43+E48 -> 366.65032 | G53: =G38+G43+G48 -> 33.200856 | H53: =H38+H43+H48 -> 0.98097196 | J53: =J38+J43+J48 -> 0.088828802 | K53: =K38+K43+K48 -> 441.99339 | L53: =L38+L43+L48 -> 40.023308 | W53: =L53+S53+V53 -> 40.023308 | Y53: =Y38+Y43+Y48 -> 0 | Z53: =Z38+Z43+Z48 -> 0.68950968 | AA53: =AA38+AA43+AA48 -> 0.68950968 | AB53: =AB38+AB43+AB48 -> 0 | AC53: =AC38+AC43+AC48 -> 0 | AD53: =AD38+AD43+AD48 -> 0 | AE53: =AE38+AE43+AE48 -> 0.68950968 | AG53: =W53+AE53 -> 40.712818
A54: Non-fuel | B54: =B39+B44+B49 -> 74.362097 | D54: =D39+D44+D49 -> 7.3624556 | E54: =E39+E44+E49 -> 366.65032 | G54: =G39+G44+G49 -> 29.54063 | H54: =H39+H44+H49 -> 0.98097196 | J54: =J39+J44+J49 -> 0.046884752 | K54: =K39+K44+K49 -> 441.99339 | L54: =L39+L44+L49 -> 36.94997 | T54: =T39+T44+T49 -> 0.32759354 | V54: =V39+V44+V49 -> 7.205522 | W54: =L54+S54+V54 -> 44.155492 | Y54: =Y39+Y44+Y49 -> 0 | Z54: =Z39+Z44+Z49 -> 0 | AA54: =AA39+AA44+AA49 -> 0 | AB54: =AB39+AB44+AB49 -> 3.5751763 | AC54: =AC39+AC44+AC49 -> -0.35158894 | AD54: =AD39+AD44+AD49 -> 3.2235874 | AE54: =AE39+AE44+AE49 -> 3.2235874 | AG54: =W54+AE54 -> 47.379079
A55: Total | B55: =B40+B45+B50 -> 74.362097 | D55: =D40+D45+D50 -> 14.096079 | E55: =E40+E45+E50 -> 366.65032 | G55: =G40+G45+G50 -> 62.741485 | H55: =H40+H45+H50 -> 0.98097196 | J55: =J40+J45+J50 -> 0.13571355 | K55: =K40+K45+K50 -> 441.99339 | L55: =L40+L45+L50 -> 76.973278 | T55: =SUM(T53:T54) -> 0.32759354 | V55: =SUM(V53:V54) -> 7.205522 | W55: =SUM(W53:W54) -> 84.1788 | Y55: =SUM(Y53:Y54) -> 0 | Z55: =SUM(Z53:Z54) -> 0.68950968 | AA55: =SUM(AA53:AA54) -> 0.68950968 | AB55: =SUM(AB53:AB54) -> 3.5751763 | AC55: =SUM(AC53:AC54) -> -0.35158894 | AD55: =SUM(AD53:AD54) -> 3.2235874 | AE55: =SUM(AE53:AE54) -> 3.913097 | AG55: =SUM(AG53:AG54) -> 88.091897
A57: General Rates
A58: General Tariff
A59: Base cost of fuel | B59: 1296.2465 | C59: 0.089593486 | D59: =+B59*C59 -> 116.13524 | E59: 1104.3575 | F59: 0.089593486 | G59: =+E59*F59 -> 98.943242 | K59: =+B59+E59+H59 -> 2400.604 | L59: =+D59+G59+J59 -> 215.07849 | S59: =+M59*R59/1000 -> 0 | W59: =L59+S59+V59 -> 215.07849 | Y59: 0 | Z59: 4.9692504 | AA59: =SUM(Y59:Z59) -> 4.9692504 | AE59: =AA59+AD59 -> 4.9692504 | AG59: =W59+AE59 -> 220.04774
A60: Non-fuel | B60: =B59 -> 1296.2465 | C60: 0.058229357 | D60: =+B60*C60 -> 75.4796 | E60: =E59 -> 1104.3575 | F60: 0.027585751 | G60: =+E60*F60 -> 30.464532 | K60: =+B60+E60+H60 -> 2400.604 | L60: =+D60+G60+J60 -> 105.94413 | M60: 6617.4912 | N60: 9.8091511 | R60: =SUM(N60:Q60) -> 9.8091511 | S60: =+M60*R60/1000 -> 64.911971 | W60: =L60+S60+V60 -> 170.8561 | AA60: =SUM(Y60:Z60) -> 0 | AB60: 17.633822 | AC60: 0.35648034 | AD60: =SUM(AB60:AC60) -> 17.990302 | AE60: =AA60+AD60 -> 17.990302 | AG60: =W60+AE60 -> 188.84641
A61: Total | B61: =B60 -> 1296.2465 | C61: =SUM(C59:C60) -> 0.14782284 | D61: =SUM(D59:D60) -> 191.61484 | E61: =E60 -> 1104.3575 | F61: =SUM(F59:F60) -> 0.11717924 | G61: =SUM(G59:G60) -> 129.40777 | K61: =K60 -> 2400.604 | L61: =+D61+G61+J61 -> 321.02262 | S61: =SUM(S59:S60) -> 64.911971 | W61: =SUM(W59:W60) -> 385.93459 | Y61: =SUM(Y59:Y60) -> 0 | Z61: =SUM(Z59:Z60) -> 4.9692504 | AA61: =SUM(AA59:AA60) -> 4.9692504 | AB61: =SUM(AB59:AB60) -> 17.633822 | AC61: =SUM(AC59:AC60) -> 0.35648034 | AD61: =SUM(AD59:AD60) -> 17.990302 | AE61: =SUM(AE59:AE60) -> 22.959553 | AG61: =SUM(AG59:AG60) -> 408.89414
A63: General Time-of-Use Tariff
A64: Base cost of fuel | B64: 0.3667693 | C64: 0.089593486 | D64: =+B64*C64 -> 0.032860141 | E64: 1.3850644 | F64: 0.089593486 | G64: =+E64*F64 -> 0.12409275 | H64: 1.1773695 | I64: 0.089593486 | J64: =+H64*I64 -> 0.10548463 | K64: =+B64+E64+H64 -> 2.9292032 | L64: =+D64+G64+J64 -> 0.26243752 | S64: =+M64*R64/1000 -> 0 | W64: =L64+S64+V64 -> 0.26243752 | Y64: 0 | Z64: 0.0060634506 | AA64: =SUM(Y64:Z64) -> 0.0060634506 | AE64: =AA64+AD64 -> 0.0060634506 | AG64: =W64+AE64 -> 0.26850097
A65: Non-fuel | B65: =B64 -> 0.3667693 | C65: 0.19545653 | D65: =+B65*C65 -> 0.071687456 | E65: =E64 -> 1.3850644 | F65: 0.053888876 | G65: =+E65*F65 -> 0.074639565 | H65: =H64 -> 1.1773695 | I65: 0.0033353139 | J65: =+H65*I65 -> 0.0039268967 | K65: =+B65+E65+H65 -> 2.9292032 | L65: =+D65+G65+J65 -> 0.15025392 | M65: 0.81932744 | N65: =N60 -> 9.8091511 | R65: =SUM(N65:Q65) -> 9.8091511 | S65: =+M65*R65/1000 -> 0.0080369066 | W65: =L65+S65+V65 -> 0.15829082 | AA65: =SUM(Y65:Z65) -> 0 | AB65: 0.021516687 | AC65: 0.00043497525 | AD65: =SUM(AB65:AC65) -> 0.021951663 | AE65: =AA65+AD65 -> 0.021951663 | AG65: =W65+AE65 -> 0.18024249
A66: Total | B66: =B65 -> 0.3667693 | C66: =SUM(C64:C65) -> 0.28505002 | D66: =SUM(D64:D65) -> 0.1045476 | E66: =E65 -> 1.3850644 | F66: =SUM(F64:F65) -> 0.14348236 | G66: =SUM(G64:G65) -> 0.19873232 | H66: =H65 -> 1.1773695 | I66: =SUM(I64:I65) -> 0.0929288 | J66: =SUM(J64:J65) -> 0.10941153 | K66: =K65 -> 2.9292032 | L66: =+D66+G66+J66 -> 0.41269144 | S66: =SUM(S64:S65) -> 0.0080369066 | W66: =SUM(W64:W65) -> 0.42072835 | Y66: =SUM(Y64:Y65) -> 0 | Z66: =SUM(Z64:Z65) -> 0.0060634506 | AA66: =SUM(AA64:AA65) -> 0.0060634506 | AB66: =SUM(AB64:AB65) -> 0.021516687 | AC66: =SUM(AC64:AC65) -> 0.00043497525 | AD66: =SUM(AD64:AD65) -> 0.021951663 | AE66: =SUM(AE64:AE65) -> 0.028015113 | AG66: =SUM(AG64:AG65) -> 0.44874346
A68: General Critical Peak Pricing Tariff
A69: Base cost of fuel | B69: 0.24739305 | C69: 0.089593486 | D69: =+B69*C69 -> 0.022164806 | E69: 9.8795852 | F69: 0.089593486 | G69: =+E69*F69 -> 0.88514648 | H69: 8.4097549 | I69: 0.089593486 | J69: =+H69*I69 -> 0.75345926 | K69: =+B69+E69+H69 -> 18.536733 | L69: =+D69+G69+J69 -> 1.6607705 | S69: =+M69*R69/1000 -> 0 | W69: =L69+S69+V69 -> 1.6607705 | Y69: 0 | Z69: 0.038371038 | AA69: =SUM(Y69:Z69) -> 0.038371038 | AE69: =AA69+AD69 -> 0.038371038 | AG69: =W69+AE69 -> 1.6991416
A70: Non-fuel | B70: =B69 -> 0.24739305 | C70: 1.3401303 | D70: =+B70*C70 -> 0.33153893 | E70: =E69 -> 9.8795852 | F70: 0.032493189 | G70: =+E70*F70 -> 0.32101923 | H70: =H69 -> 8.4097549 | I70: 0.015391511 | J70: =+H70*I70 -> 0.12943883 | K70: =+B70+E70+H70 -> 18.536733 | L70: =+D70+G70+J70 -> 0.78199699 | M70: 22.686597 | N70: =N65 -> 9.8091511 | R70: =SUM(N70:Q70) -> 9.8091511 | S70: =+M70*R70/1000 -> 0.22253625 | W70: =L70+S70+V70 -> 1.0045332 | AA70: =SUM(Y70:Z70) -> 0 | AB70: 0.136163 | AC70: 0.0027526326 | AD70: =SUM(AB70:AC70) -> 0.13891563 | AE70: =AA70+AD70 -> 0.13891563 | AG70: =W70+AE70 -> 1.1434489
A71: Total | B71: =B70 -> 0.24739305 | C71: =SUM(C69:C70) -> 1.4297238 | D71: =SUM(D69:D70) -> 0.35370373 | E71: =E70 -> 9.8795852 | F71: =SUM(F69:F70) -> 0.12208668 | G71: =SUM(G69:G70) -> 1.2061657 | H71: =H70 -> 8.4097549 | I71: =SUM(I69:I70) -> 0.104985 | J71: =SUM(J69:J70) -> 0.88289809 | K71: =K70 -> 18.536733 | L71: =+D71+G71+J71 -> 2.4427675 | S71: =SUM(S69:S70) -> 0.22253625 | W71: =SUM(W69:W70) -> 2.6653038 | Y71: =SUM(Y69:Y70) -> 0 | Z71: =SUM(Z69:Z70) -> 0.038371038 | AA71: =SUM(AA69:AA70) -> 0.038371038 | AB71: =SUM(AB69:AB70) -> 0.136163 | AC71: =SUM(AC69:AC70) -> 0.0027526326 | AD71: =SUM(AD69:AD70) -> 0.13891563 | AE71: =SUM(AE69:AE70) -> 0.17728667 | AG71: =SUM(AG69:AG70) -> 2.8425905
A73: General Rates Total | H73: =H59+H64+H69 -> 9.5871243
A74: Base cost of fuel | B74: =B59+B64+B69 -> 1296.8607 | D74: =D59+D64+D69 -> 116.19027 | E74: =E59+E64+E69 -> 1115.6222 | G74: =G59+G64+G69 -> 99.952481 | H74: =H60+H65+H70 -> 9.5871243 | J74: =J59+J64+J69 -> 0.85894389 | K74: =K59+K64+K69 -> 2422.07 | L74: =L59+L64+L69 -> 217.00169 | M74: =+M59+M64+M69 -> 0 | S74: =S59+S64+S69 -> 0 | W74: =W59+W64+W69 -> 217.00169 | Y74: =Y59+Y64+Y69 -> 0 | Z74: =Z59+Z64+Z69 -> 5.0136849 | AA74: =AA59+AA64+AA69 -> 5.0136849 | AB74: =AB59+AB64+AB69 -> 0 | AC74: =AC59+AC64+AC69 -> 0 | AD74: =AD59+AD64+AD69 -> 0 | AE74: =AE59+AE64+AE69 -> 5.0136849 | AG74: =W74+AE74 -> 222.01538
A75: Non-fuel | B75: =B60+B65+B70 -> 1296.8607 | D75: =D60+D65+D70 -> 75.882827 | E75: =E60+E65+E70 -> 1115.6222 | G75: =G60+G65+G70 -> 30.860191 | H75: =H61+H66+H71 -> 9.5871243 | J75: =J60+J65+J70 -> 0.13336573 | K75: =K60+K65+K70 -> 2422.07 | L75: =L60+L65+L70 -> 106.87638 | M75: =+M60+M65+M70 -> 6640.9971 | S75: =S60+S65+S70 -> 65.142544 | W75: =W60+W65+W70 -> 172.01893 | Y75: =Y60+Y65+Y70 -> 0 | Z75: =Z60+Z65+Z70 -> 0 | AA75: =AA60+AA65+AA70 -> 0 | AB75: =AB60+AB65+AB70 -> 17.791502 | AC75: =AC60+AC65+AC70 -> 0.35966795 | AD75: =AD60+AD65+AD70 -> 18.15117 | AE75: =AE60+AE65+AE70 -> 18.15117 | AG75: =W75+AE75 -> 190.1701
A76: Total | B76: =B61+B66+B71 -> 1296.8607 | D76: =D61+D66+D71 -> 192.07309 | E76: =E61+E66+E71 -> 1115.6222 | G76: =G61+G66+G71 -> 130.81267 | H76: =H61+H66+H71 -> 9.5871243 | J76: =J61+J66+J71 -> 0.99230962 | K76: =K61+K66+K71 -> 2422.07 | L76: =L61+L66+L71 -> 323.87808 | M76: =SUM(M74:M75) -> 6640.9971 | S76: =SUM(S74:S75) -> 65.142544 | W76: =SUM(W74:W75) -> 389.02062 | Y76: =SUM(Y74:Y75) -> 0 | Z76: =SUM(Z74:Z75) -> 5.0136849 | AA76: =SUM(AA74:AA75) -> 5.0136849 | AB76: =SUM(AB74:AB75) -> 17.791502 | AC76: =SUM(AC74:AC75) -> 0.35966795 | AD76: =SUM(AD74:AD75) -> 18.15117 | AE76: =SUM(AE74:AE75) -> 23.164854 | AG76: =SUM(AG74:AG75) -> 412.18548
A78: Large General Tariff
A79: Base cost of fuel | B79: 356.91703 | C79: 0.084402675 | D79: =+B79*C79 -> 30.124752 | K79: =+B79+E79+H79 -> 356.91703 | L79: =+D79+G79+J79 -> 30.124752 | W79: =L79+S79+V79 -> 30.124752 | Y79: 0 | Z79: 0.56392891 | AA79: =SUM(Y79:Z79) -> 0.56392891 | AE79: =AA79+AD79 -> 0.56392891 | AG79: =W79+AE79 -> 30.688681
A80: Non-fuel
A81: Without Trans. Own. | B81: 216.20465 | C81: 0.027238468 | D81: =+B81*C81 -> 5.8890832 | K81: =+B81+E81+H81 -> 216.20465 | L81: =+D81+G81+J81 -> 5.8890832 | M81: 459.97541 | N81: 11.173647 | R81: =SUM(N81:Q81) -> 11.173647 | S81: =+M81*R81/1000 -> 5.1396029 | W81: =L81+S81+V81 -> 11.028686 | AA81: =SUM(Y81:Z81) -> 0 | AB81: 0.92554558 | AC81: 0.063699899 | AD81: =SUM(AB81:AC81) -> 0.98924548 | AE81: =AA81+AD81 -> 0.98924548 | AG81: =W81+AE81 -> 12.017932
A82: With Trans. Own. | B82: 140.71239 | C82: =+C81 -> 0.027238468 | D82: =+B82*C82 -> 3.8327898 | K82: =+B82+E82+H82 -> 140.71239 | L82: =+D82+G82+J82 -> 3.8327898 | M82: 286.8762 | N82: =N81 -> 11.173647 | Q82: -0.32 | R82: =SUM(N82:Q82) -> 10.853647 | S82: =+M82*R82/1000 -> 3.1136531 | W82: =L82+S82+V82 -> 6.9464429 | AA82: =SUM(Y82:Z82) -> 0 | AB82: 0.60237248 | AC82: 0.041457781 | AD82: =SUM(AB82:AC82) -> 0.64383026 | AE82: =AA82+AD82 -> 0.64383026 | AG82: =W82+AE82 -> 7.5902731
A83: Sub-total Non-Fuel | B83: =SUM(B81:B82) -> 356.91703 | D83: =SUM(D81:D82) -> 9.721873 | K83: =SUM(K81:K82) -> 356.91703 | L83: =SUM(L81:L82) -> 9.721873 | M83: =SUM(M81:M82) -> 746.85161 | S83: =SUM(S81:S82) -> 8.253256 | W83: =+W81+W82 -> 17.975129 | Y83: =+Y81+Y82 -> 0 | Z83: =+Z81+Z82 -> 0 | AA83: =+AA81+AA82 -> 0 | AB83: =+AB81+AB82 -> 1.5279181 | AC83: =+AC81+AC82 -> 0.10515768 | AD83: =+AD81+AD82 -> 1.6330757 | AE83: =+AE81+AE82 -> 1.6330757 | AG83: =SUM(AG81:AG82) -> 19.608205
A84: Total | B84: =B83 -> 356.91703 | D84: =D79+D83 -> 39.846625 | K84: =K83 -> 356.91703 | L84: =L79+L83 -> 39.846625 | M84: =+M83+M79 -> 746.85161 | S84: =S79+S83 -> 8.253256 | W84: =W79+W83 -> 48.099881 | Y84: =Y79+Y83 -> 0 | Z84: =Z79+Z83 -> 0.56392891 | AA84: =AA79+AA83 -> 0.56392891 | AB84: =AB79+AB83 -> 1.5279181 | AC84: =AC79+AC83 -> 0.10515768 | AD84: =AD79+AD83 -> 1.6330757 | AE84: =AE79+AE83 -> 2.1970046 | AG84: =AG79+AG83 -> 50.296886
A86: All General Rates Total
A87: Base cost of fuel | B87: =B53+B74+B79 -> 1728.1398 | D87: =D53+D74+D79 -> 153.04864 | E87: =E53+E74+E79 -> 1482.2725 | G87: =G53+G74+G79 -> 133.15334 | H87: =H53+H74+H79 -> 10.568096 | J87: =J53+J74+J79 -> 0.94777269 | K87: =K53+K74+K79 -> 3220.9804 | L87: =L53+L74+L79 -> 287.14975 | M87: =M53+M74+M79 -> 0 | S87: =S53+S74+S79 -> 0 | T87: =T53+T74+T79 -> 0 | V87: =V53+V74+V79 -> 0 | W87: =W53+W74+W79 -> 287.14975 | Y87: =Y53+Y74+Y79 -> 0 | Z87: =Z53+Z74+Z79 -> 6.2671235 | AA87: =AA53+AA74+AA79 -> 6.2671235 | AB87: =AB53+AB74+AB79 -> 0 | AC87: =AC53+AC74+AC79 -> 0 | AD87: =AD53+AD74+AD79 -> 0 | AE87: =AE53+AE74+AE79 -> 6.2671235 | AG87: =W87+AE87 -> 293.41688
A88: Non-fuel | B88: =B54+B75+B83 -> 1728.1398 | D88: =D54+D75+D83 -> 92.967155 | E88: =E54+E75+E83 -> 1482.2725 | G88: =G54+G75+G83 -> 60.400821 | H88: =H54+H75+H83 -> 10.568096 | J88: =J54+J75+J83 -> 0.18025048 | K88: =K54+K75+K83 -> 3220.9804 | L88: =L54+L75+L83 -> 153.54823 | M88: =M54+M75+M83 -> 7387.8487 | S88: =S54+S75+S83 -> 73.3958 | T88: =T54+T75+T83 -> 0.32759354 | V88: =V54+V75+V83 -> 7.205522 | W88: =W54+W75+W83 -> 234.14955 | Y88: =Y54+Y75+Y83 -> 0 | Z88: =Z54+Z75+Z83 -> 0 | AA88: =AA54+AA75+AA83 -> 0 | AB88: =AB54+AB75+AB83 -> 22.894596 | AC88: =AC54+AC75+AC83 -> 0.11323668 | AD88: =AD54+AD75+AD83 -> 23.007833 | AE88: =AE54+AE75+AE83 -> 23.007833 | AG88: =W88+AE88 -> 257.15738
A89: Total | B89: =B55+B76+B84 -> 1728.1398 | D89: =D88 -> 92.967155 | E89: =E55+E76+E84 -> 1482.2725 | G89: =G88 -> 60.400821 | H89: =H55+H76+H84 -> 10.568096 | J89: =J88 -> 0.18025048 | K89: =K55+K76+K84 -> 3220.9804 | L89: =L88 -> 153.54823 | M89: =+M88+M87 -> 7387.8487 | S89: =S88 -> 73.3958 | T89: =T88 -> 0.32759354 | V89: =V88 -> 7.205522 | W89: =SUM(W87:W88) -> 521.2993 | Y89: =SUM(Y87:Y88) -> 0 | Z89: =SUM(Z87:Z88) -> 6.2671235 | AA89: =SUM(AA87:AA88) -> 6.2671235 | AB89: =SUM(AB87:AB88) -> 22.894596 | AC89: =SUM(AC87:AC88) -> 0.11323668 | AD89: =SUM(AD87:AD88) -> 23.007833 | AE89: =SUM(AE87:AE88) -> 29.274956 | AG89: =SUM(AG87:AG88) -> 550.57426
A91: Industrial Rates
A93: Small Industrial Tariff
A94: Base cost of fuel | B94: 172.82864 | C94: 0.088032301 | D94: =+B94*C94 -> 15.214503 | E94: 92.199394 | F94: 0.088032301 | G94: =+E94*F94 -> 8.1165248 | K94: =+B94+E94+H94 -> 265.02803 | L94: =+D94+G94+J94 -> 23.331027 | W94: =L94+S94+V94 -> 23.331027 | Y94: 0 | Z94: 0.38164037 | AA94: =SUM(Y94:Z94) -> 0.38164037 | AD94: =SUM(AB94:AC94) -> 0 | AE94: =AA94+AD94 -> 0.38164037 | AG94: =W94+AE94 -> 23.712668
A95: Non-fuel | B95: =B94 -> 172.82864 | C95: 0.050285692 | D95: =+B95*C95 -> 8.6908076 | E95: =E94 -> 92.199394 | F95: 0.027131511 | G95: =+E95*F95 -> 2.5015088 | K95: =+B95+E95+H95 -> 265.02803 | L95: =+D95+G95+J95 -> 11.192316 | M95: 965.60743 | N95: 7.496149 | R95: =SUM(N95:Q95) -> 7.496149 | S95: =+M95*R95/1000 -> 7.2383372 | W95: =L95+S95+V95 -> 18.430654 | AA95: =SUM(Y95:Z95) -> 0 | AB95: 1.4197319 | AC95: 0.052159001 | AD95: =SUM(AB95:AC95) -> 1.4718909 | AE95: =AA95+AD95 -> 1.4718909 | AG95: =W95+AE95 -> 19.902545
A96: Total | B96: =B95 -> 172.82864 | C96: =SUM(C94:C95) -> 0.13831799 | D96: =SUM(D94:D95) -> 23.90531 | E96: =E95 -> 92.199394 | F96: =SUM(F94:F95) -> 0.11516381 | G96: =SUM(G94:G95) -> 10.618034 | K96: =K95 -> 265.02803 | L96: =+D96+G96+J96 -> 34.523344 | M96: =+M95+M94 -> 965.60743 | S96: =SUM(S94:S95) -> 7.2383372 | W96: =SUM(W94:W95) -> 41.761681 | Y96: =SUM(Y94:Y95) -> 0 | Z96: =SUM(Z94:Z95) -> 0.38164037 | AA96: =SUM(AA94:AA95) -> 0.38164037 | AB96: =SUM(AB94:AB95) -> 1.4197319 | AC96: =SUM(AC94:AC95) -> 0.052159001 | AD96: =SUM(AD94:AD95) -> 1.4718909 | AE96: =SUM(AE94:AE95) -> 1.8535312 | AG96: =SUM(AG94:AG95) -> 43.615212
A98: Medium Industrial Tariff
A99: Base cost of fuel | B99: 495.33704 | C99: 0.085028707 | D99: =+B99*C99 -> 42.117868 | K99: =+B99+E99+H99 -> 495.33704 | L99: =+D99+G99+J99 -> 42.117868 | W99: =L99+S99+V99 -> 42.117868 | Y99: 0 | Z99: 1.0203943 | AA99: =SUM(Y99:Z99) -> 1.0203943 | AD99: =SUM(AB99:AC99) -> 0 | AE99: =AA99+AD99 -> 1.0203943 | AG99: =W99+AE99 -> 43.138263
A100: Non-fuel | B100: =B99 -> 495.33704 | C100: 0.021786829 | D100: =+B100*C100 -> 10.791824 | K100: =+B100+E100+H100 -> 495.33704 | L100: =+D100+G100+J100 -> 10.791824 | M100: 1440.8036 | N100: 10.710072 | R100: =SUM(N100:Q100) -> 10.710072 | S100: =+M100*R100/1000 -> 15.431111 | W100: =L100+S100+V100 -> 26.222934 | AA100: =SUM(Y100:Z100) -> 0 | AB100: 2.3902746 | AC100: -0.019902098 | AD100: =SUM(AB100:AC100) -> 2.3703725 | AE100: =AA100+AD100 -> 2.3703725 | AG100: =W100+AE100 -> 28.593307
A101: Total | B101: =B100 -> 495.33704 | C101: =SUM(C99:C100) -> 0.10681554 | D101: =SUM(D99:D100) -> 52.909692 | K101: =K100 -> 495.33704 | L101: =+D101+G101+J101 -> 52.909692 | M101: =+M100+M99 -> 1440.8036 | S101: =SUM(S99:S100) -> 15.431111 | W101: =SUM(W99:W100) -> 68.340803 | Y101: =SUM(Y99:Y100) -> 0 | Z101: =SUM(Z99:Z100) -> 1.0203943 | AA101: =SUM(AA99:AA100) -> 1.0203943 | AB101: =SUM(AB99:AB100) -> 2.3902746 | AC101: =SUM(AC99:AC100) -> -0.019902098 | AD101: =SUM(AD99:AD100) -> 2.3703725 | AE101: =SUM(AE99:AE100) -> 3.3907668 | AG101: =SUM(AG99:AG100) -> 71.731569
A102: Large Industrial Tariff
A103: Firm
A104: Transmission Connected
A105: Base cost of fuel | B105: 43.166453 | C105: 0.082338802 | D105: =+B105*C105 -> 3.5542741 | K105: =+B105+E105+H105 -> 43.166453 | L105: =+D105+G105+J105 -> 3.5542741 | W105: =L105+S105+V105 -> 3.5542741 | Y105: 0 | Z105: 0.10662114 | AA105: =SUM(Y105:Z105) -> 0.10662114 | AE105: =AA105+AD105 -> 0.10662114 | AG105: =W105+AE105 -> 3.6608952
A106: Non-fuel
A107: Without Trans. Own. | C107: 0.020607758 | D107: =+B107*C107 -> 0 | K107: =+B107+E107+H107 -> 0 | L107: =+D107+G107+J107 -> 0 | M107: 0 | N107: 9.2675853 | R107: =SUM(N107:Q107) -> 9.2675853 | S107: =+M107*R107/1000 -> 0 | W107: =L107+S107+V107 -> 0 | AA107: =SUM(Y107:Z107) -> 0 | AB107: 0 | AC107: 0 | AD107: =SUM(AB107:AC107) -> 0 | AE107: =AA107+AD107 -> 0 | AG107: =W107+AE107 -> 0
A108: With Trans. Own. | B108: 43.166453 | C108: =+C107 -> 0.020607758 | D108: =+B108*C108 -> 0.88956383 | K108: =+B108+E108+H108 -> 43.166453 | L108: =+D108+G108+J108 -> 0.88956383 | M108: 76.062653 | N108: =N107 -> 9.2675853 | Q108: -0.32 | R108: =SUM(N108:Q108) -> 8.9475853 | S108: =+M108*R108/1000 -> 0.68057708 | W108: =L108+S108+V108 -> 1.5701409 | AA108: =SUM(Y108:Z108) -> 0 | AB108: 0.26412476 | AC108: 0.022055014 | AD108: =SUM(AB108:AC108) -> 0.28617977 | AE108: =AA108+AD108 -> 0.28617977 | AG108: =W108+AE108 -> 1.8563207
A109: Sub-total Non-Fuel | B109: =SUM(B107:B108) -> 43.166453 | D109: =SUM(D107:D108) -> 0.88956383 | K109: =+B109+E109+H109 -> 43.166453 | L109: =+D109+G109+J109 -> 0.88956383 | M109: =SUM(M107:M108) -> 76.062653 | S109: =SUM(S107:S108) -> 0.68057708 | W109: =+W107+W108 -> 1.5701409 | Y109: =+Y107+Y108 -> 0 | Z109: =+Z107+Z108 -> 0 | AA109: =+AA107+AA108 -> 0 | AB109: =+AB107+AB108 -> 0.26412476 | AC109: =+AC107+AC108 -> 0.022055014 | AD109: =+AD107+AD108 -> 0.28617977 | AE109: =+AE107+AE108 -> 0.28617977 | AG109: =SUM(AG107:AG108) -> 1.8563207
A110: Total | B110: =B109 -> 43.166453 | C110: =C105+C108 -> 0.10294656 | D110: =D105+D109 -> 4.4438379 | K110: =+B110+E110+H110 -> 43.166453 | L110: =L105+L109 -> 4.4438379 | M110: =M109 -> 76.062653 | S110: =S105+S109 -> 0.68057708 | W110: =W105+W109 -> 5.124415 | Y110: =Y105+Y109 -> 0 | Z110: =Z105+Z109 -> 0.10662114 | AA110: =AA105+AA109 -> 0.10662114 | AB110: =AB105+AB109 -> 0.26412476 | AC110: =AC105+AC109 -> 0.022055014 | AD110: =AD105+AD109 -> 0.28617977 | AE110: =AE105+AE109 -> 0.39280091 | AG110: =AG105+AG109 -> 5.5172159
A112: Distribution Connected
A113: Base cost of fuel | B113: 50.948277 | C113: =C105 -> 0.082338802 | D113: =+B113*C113 -> 4.1950201 | K113: =+B113+E113+H113 -> 50.948277 | L113: =+D113+G113+J113 -> 4.1950201 | W113: =L113+S113+V113 -> 4.1950201 | Y113: 0 | Z113: 0.12584224 | AA113: =SUM(Y113:Z113) -> 0.12584224 | AB113: 0 | AC113: 0 | AD113: =SUM(AB113:AC113) -> 0 | AE113: =AA113+AD113 -> 0.12584224 | AG113: =W113+AE113 -> 4.3208623
A114: Non-fuel
A115: Without Trans. Own. | B115: 37.891344 | C115: =C107 -> 0.020607758 | D115: =+B115*C115 -> 0.78085565 | K115: =+B115+E115+H115 -> 37.891344 | L115: =+D115+G115+J115 -> 0.78085565 | M115: 91.643079 | N115: =N107 -> 9.2675853 | O115: 2.160963 | R115: =SUM(N115:Q115) -> 11.428548 | S115: =+M115*R115/1000 -> 1.0473474 | W115: =L115+S115+V115 -> 1.828203 | Y115: 0 | Z115: 0 | AA115: =SUM(Y115:Z115) -> 0 | AB115: 0.23184768 | AC115: 0.019359805 | AD115: =SUM(AB115:AC115) -> 0.25120749 | AE115: =AA115+AD115 -> 0.25120749 | AG115: =W115+AE115 -> 2.0794105
A116: With Trans. Own. | B116: 13.056933 | C116: =+C115 -> 0.020607758 | D116: =+B116*C116 -> 0.26907411 | K116: =+B116+E116+H116 -> 13.056933 | L116: =+D116+G116+J116 -> 0.26907411 | M116: 17.71484 | N116: =N115 -> 9.2675853 | O116: =O115 -> 2.160963 | Q116: =Q108 -> -0.32 | R116: =SUM(N116:Q116) -> 11.108548 | S116: =+M116*R116/1000 -> 0.19678616 | W116: =L116+S116+V116 -> 0.46586027 | Y116: 0 | Z116: 0 | AA116: =SUM(Y116:Z116) -> 0 | AB116: 0.079892115 | AC116: 0.0066711722 | AD116: =SUM(AB116:AC116) -> 0.086563287 | AE116: =AA116+AD116 -> 0.086563287 | AG116: =W116+AE116 -> 0.55242356
A117: Sub-total Non-Fuel | B117: =SUM(B115:B116) -> 50.948277 | D117: =SUM(D115:D116) -> 1.0499298 | K117: =+B117+E117+H117 -> 50.948277 | L117: =+D117+G117+J117 -> 1.0499298 | M117: =SUM(M115:M116) -> 109.35792 | S117: =SUM(S115:S116) -> 1.2441335 | W117: =+W115+W116 -> 2.2940633 | Y117: =+Y115+Y116 -> 0 | Z117: =+Z115+Z116 -> 0 | AA117: =+AA115+AA116 -> 0 | AB117: =+AB115+AB116 -> 0.3117398 | AC117: =+AC115+AC116 -> 0.026030978 | AD117: =+AD115+AD116 -> 0.33777077 | AE117: =+AE115+AE116 -> 0.33777077 | AG117: =SUM(AG115:AG116) -> 2.631834
A118: Total | B118: =B117 -> 50.948277 | C118: =C113+C116 -> 0.10294656 | D118: =D113+D117 -> 5.2449498 | K118: =+B118+E118+H118 -> 50.948277 | L118: =L113+L117 -> 5.2449498 | M118: =M117 -> 109.35792 | S118: =S113+S117 -> 1.2441335 | W118: =W113+W117 -> 6.4890834 | Y118: =Y113+Y117 -> 0 | Z118: =Z113+Z117 -> 0.12584224 | AA118: =AA113+AA117 -> 0.12584224 | AB118: =AB113+AB117 -> 0.3117398 | AC118: =AC113+AC117 -> 0.026030978 | AD118: =AD113+AD117 -> 0.33777077 | AE118: =AE113+AE117 -> 0.46361302 | AG118: =AG113+AG117 -> 6.9526964
A120: Firm Total | B120: =B110+B118 -> 94.11473 | D120: =D110+D118 -> 9.6887877 | K120: =K110+K118 -> 94.11473 | L120: =L110+L118 -> 9.6887877 | M120: =M110+M118 -> 185.42057 | S120: =S110+S118 -> 1.9247106 | W120: =W110+W118 -> 11.613498 | Y120: =Y110+Y118 -> 0 | Z120: =Z110+Z118 -> 0.23246338 | AA120: =AA110+AA118 -> 0.23246338 | AB120: =AB110+AB118 -> 0.57586456 | AC120: =AC110+AC118 -> 0.048085992 | AD120: =AD110+AD118 -> 0.62395055 | AE120: =AE110+AE118 -> 0.85641393 | AG120: =W120+AE120 -> 12.469912
A122: Interruptible
A123: Transmission Connected
A124: Base cost of fuel | B124: 330.96717 | C124: 0.082734653 | D124: =+B124*C124 -> 27.382454 | K124: =+B124+E124+H124 -> 330.96717 | L124: =+D124+G124+J124 -> 27.382454 | W124: =L124+S124+V124 -> 27.382454 | Y124: 0 | Z124: 0.74136646 | AA124: =SUM(Y124:Z124) -> 0.74136646 | AE124: =AA124+AD124 -> 0.74136646 | AG124: =W124+AE124 -> 28.12382
...

Sheet 2027 at 2027 Rates
A2: 2027 Sales Priced at 2027 Proposed Rates | B2: First KWh Block | E2: Second KWh Block | H2: Third KWh Block | K2: Total Energy | M2: Demand | T2: Base Charge | W2: Revenue (millions) | Y2: 2027 Sales Priced at Standard
B3: Energy | C3: Per KWh | D3: Revenue | E3: Energy | F3: Per KWh | G3: Revenue | H3: Energy | I3: Per KWh | J3: Revenue | K3: GWHS | L3: Revenue | M3: MWS or | N3: Charges per kVa or kW | S3: Revenue | T3: Billmonths | U3: Base | V3: Revenue | Y3: 2027 FAM Riders | AB3: 2027 DSM Riders | AJ3: Chck
B4: in GWh | C4: Charge | D4: (millions) | E4: in GWh | F4: Charge | G4: (millions) | H4: in GWh | I4: Charge | L4: (millions) | M4: MVAS | N4: Standard Offer | O4: Distribution Cost Adder | P4: Interruptible Credit | Q4: Transformer Ownership Credit | R4: Total | S4: (millions) | T4: ($ million) | U4: Charge | V4: ($ million) | AF4: Total Revenue Under All Rates (millions)
A5: FAM Classes | Y5: AA | Z5: BA | AA5: Total | AB5: PCR | AC5: BA | AD5: Total | AE5: Total
A7: Domestic Rates
A9: Domestic Service Tariff (Standard Offer)
A10: Base cost of fuel | B10: ='2027 at 2026 Rates'!B10 -> 4981.018 | C10: 0.088405877 | D10: =+B10*C10 -> 440.35126 | K10: =+B10+E10+H10 -> 4981.018 | L10: =+D10+G10+J10 -> 440.35126 | W10: =L10+S10+V10 -> 440.35126 | Y10: 0 | Z10: 7.770388 | AA10: =SUM(Y10:Z10) -> 7.770388 | AD10: =SUM(AB10:AC10) -> 0 | AE10: =AA10+AD10 -> 7.770388 | AG10: =W10+AE10 -> 448.12165
A11: Non-fuel | B11: =B10 -> 4981.018 | C11: 0.10226665 | D11: =+B11*C11 -> 509.39201 | K11: =+B11+E11+H11 -> 4981.018 | L11: =+D11+G11+J11 -> 509.39201 | T11: ='2027 at 2026 Rates'!T11 -> 5.8805032 | U11: 21.038342 | V11: =+T11*U11 -> 123.71604 | W11: =L11+S11+V11 -> 633.10805 | AA11: =SUM(Y11:Z11) -> 0 | AB11: 27.898446 | AC11: 0.33583069 | AD11: =SUM(AB11:AC11) -> 28.234277 | AE11: =AA11+AD11 -> 28.234277 | AG11: =W11+AE11 -> 661.34233
A12: Total | B12: =B11 -> 4981.018 | C12: =SUM(C10:C11) -> 0.19067253 | D12: =SUM(D10:D11) -> 949.74328 | K12: =K11 -> 4981.018 | L12: =+D12+G12+J12 -> 949.74328 | V12: =SUM(V10:V11) -> 123.71604 | W12: =SUM(W10:W11) -> 1073.4593 | Y12: =SUM(Y10:Y11) -> 0 | Z12: =SUM(Z10:Z11) -> 7.770388 | AA12: =SUM(AA10:AA11) -> 7.770388 | AB12: =SUM(AB10:AB11) -> 27.898446 | AC12: =SUM(AC10:AC11) -> 0.33583069 | AD12: =SUM(AD10:AD11) -> 28.234277 | AE12: =SUM(AE10:AE11) -> 36.004665 | AG12: =SUM(AG10:AG11) -> 1109.464
A14: Domestic Service Time-of-Day Tariff
A15: Base cost of fuel | B15: ='2027 at 2026 Rates'!B15 -> 30.583172 | C15: 0.088405877 | D15: =+B15*C15 -> 2.7037321 | E15: ='2027 at 2026 Rates'!E15 -> 70.782824 | F15: 0.088405877 | G15: =+E15*F15 -> 6.2576176 | H15: ='2027 at 2026 Rates'!H15 -> 200.22546 | I15: 0.088405877 | J15: =+H15*I15 -> 17.701107 | K15: =+B15+E15+H15 -> 301.59145 | L15: =+D15+G15+J15 -> 26.662457 | W15: =L15+S15+V15 -> 26.662457 | Y15: 0 | Z15: 0.47048267 | AA15: =SUM(Y15:Z15) -> 0.47048267 | AD15: =SUM(AB15:AC15) -> 0 | AE15: =AA15+AD15 -> 0.47048267 | AG15: =W15+AE15 -> 27.13294
A16: Non-fuel | B16: =B15 -> 30.583172 | C16: 0.1685312 | D16: =+B16*C16 -> 5.1542187 | E16: =E15 -> 70.782824 | F16: 0.11468684 | G16: =+E16*F16 -> 8.1178586 | H16: =H15 -> 200.22546 | I16: 0.029098067 | J16: =+H16*I16 -> 5.8261737 | K16: =+B16+E16+H16 -> 301.59145 | L16: =+D16+G16+J16 -> 19.098251 | T16: ='2027 at 2026 Rates'!T16 -> 0.16735473 | U16: 21.038342 | V16: =+T16*U16 -> 3.5208661 | W16: =L16+S16+V16 -> 22.619117 | AA16: =SUM(Y16:Z16) -> 0 | AB16: 1.6891995 | AC16: 0.020333929 | AD16: =SUM(AB16:AC16) -> 1.7095334 | AE16: =AA16+AD16 -> 1.7095334 | AG16: =W16+AE16 -> 24.328651
A17: Total | B17: =B16 -> 30.583172 | C17: =SUM(C15:C16) -> 0.25693708 | D17: =SUM(D15:D16) -> 7.8579508 | E17: =E16 -> 70.782824 | F17: =SUM(F15:F16) -> 0.20309272 | G17: =SUM(G15:G16) -> 14.375476 | H17: =H16 -> 200.22546 | I17: =SUM(I15:I16) -> 0.11750394 | J17: =SUM(J15:J16) -> 23.527281 | K17: =K16 -> 301.59145 | L17: =+D17+G17+J17 -> 45.760708 | V17: =SUM(V15:V16) -> 3.5208661 | W17: =SUM(W15:W16) -> 49.281574 | Y17: =SUM(Y15:Y16) -> 0 | Z17: =SUM(Z15:Z16) -> 0.47048267 | AA17: =SUM(AA15:AA16) -> 0.47048267 | AB17: =SUM(AB15:AB16) -> 1.6891995 | AC17: =SUM(AC15:AC16) -> 0.020333929 | AD17: =SUM(AD15:AD16) -> 1.7095334 | AE17: =SUM(AE15:AE16) -> 2.1800161 | AG17: =SUM(AG15:AG16) -> 51.46159
A19: Domestic Service Time-of-Use Tariff
A20: Base cost of fuel | B20: ='2027 at 2026 Rates'!B20 -> 8.7627333 | C20: 0.088405877 | D20: =+B20*C20 -> 0.77467712 | E20: ='2027 at 2026 Rates'!E20 -> 26.59462 | F20: 0.088405877 | G20: =+E20*F20 -> 2.3511207 | H20: ='2027 at 2026 Rates'!H20 -> 22.942714 | I20: 0.088405877 | J20: =+H20*I20 -> 2.0282708 | K20: =+B20+E20+H20 -> 58.300068 | L20: =+D20+G20+J20 -> 5.1540686 | W20: =L20+S20+V20 -> 5.1540686 | Y20: 0 | Z20: 0.090948106 | AA20: =SUM(Y20:Z20) -> 0.090948106 | AD20: =SUM(AB20:AC20) -> 0 | AE20: =AA20+AD20 -> 0.090948106 | AG20: =W20+AE20 -> 5.2450168
A21: Non-fuel | B21: =B20 -> 8.7627333 | C21: 0.2944031 | D21: =+B21*C21 -> 2.5797758 | E21: =E20 -> 26.59462 | F21: 0.10226665 | G21: =+E21*F21 -> 2.7197427 | H21: =H20 -> 22.942714 | I21: 0.040192429 | J21: =+H21*I21 -> 0.92212342 | K21: =+B21+E21+H21 -> 58.300068 | L21: =+D21+G21+J21 -> 6.221642 | T21: ='2027 at 2026 Rates'!T21 -> 0.066 | U21: 21.038342 | V21: =+T21*U21 -> 1.3885306 | W21: =L21+S21+V21 -> 7.6101726 | AA21: =SUM(Y21:Z21) -> 0 | AB21: 0.32653593 | AC21: 0.003930713 | AD21: =SUM(AB21:AC21) -> 0.33046664 | AE21: =AA21+AD21 -> 0.33046664 | AG21: =W21+AE21 -> 7.9406392
A22: Total | B22: =B21 -> 8.7627333 | C22: =SUM(C20:C21) -> 0.38280898 | D22: =SUM(D20:D21) -> 3.354453 | E22: =E21 -> 26.59462 | F22: =SUM(F20:F21) -> 0.19067253 | G22: =SUM(G20:G21) -> 5.0708635 | H22: =H21 -> 22.942714 | I22: =SUM(I20:I21) -> 0.12859831 | J22: =SUM(J20:J21) -> 2.9503942 | K22: =K21 -> 58.300068 | L22: =+D22+G22+J22 -> 11.375711 | V22: =SUM(V20:V21) -> 1.3885306 | W22: =SUM(W20:W21) -> 12.764241 | Y22: =SUM(Y20:Y21) -> 0 | Z22: =SUM(Z20:Z21) -> 0.090948106 | AA22: =SUM(AA20:AA21) -> 0.090948106 | AB22: =SUM(AB20:AB21) -> 0.32653593 | AC22: =SUM(AC20:AC21) -> 0.003930713 | AD22: =SUM(AD20:AD21) -> 0.33046664 | AE22: =SUM(AE20:AE21) -> 0.42141474 | AG22: =SUM(AG20:AG21) -> 13.185656
A24: Domestic Service Critical Peak Pricing Tariff
A25: Base cost of fuel | B25: ='2027 at 2026 Rates'!B25 -> 0.31640889 | C25: 0.088405877 | D25: =+B25*C25 -> 0.027972405 | E25: ='2027 at 2026 Rates'!E25 -> 26.74487 | F25: 0.088405877 | G25: =+E25*F25 -> 2.3644037 | K25: =+B25+E25+H25 -> 27.061279 | L25: =+D25+G25+J25 -> 2.3923761 | W25: =L25+S25+V25 -> 2.3923761 | Y25: 0 | Z25: 0.042215596 | AA25: =SUM(Y25:Z25) -> 0.042215596 | AD25: =SUM(AB25:AC25) -> 0 | AE25: =AA25+AD25 -> 0.042215596 | AG25: =W25+AE25 -> 2.4345917
A26: Non-fuel | B26: =B25 -> 0.31640889 | C26: 1.8314947 | D26: =+B26*C26 -> 0.5795012 | E26: =E25 -> 26.74487 | F26: 0.071150588 | G26: =+E26*F26 -> 1.9029133 | K26: =+B26+E26+H26 -> 27.061279 | L26: =+D26+G26+J26 -> 2.4824145 | T26: ='2027 at 2026 Rates'!T26 -> 0.03 | U26: 21.038342 | V26: =+T26*U26 -> 0.63115027 | W26: =L26+S26+V26 -> 3.1135647 | AA26: =SUM(Y26:Z26) -> 0 | AB26: 0.15156895 | AC26: 0.0018245283 | AD26: =SUM(AB26:AC26) -> 0.15339347 | AE26: =AA26+AD26 -> 0.15339347 | AG26: =W26+AE26 -> 3.2669582
A27: Total | B27: =B26 -> 0.31640889 | C27: =SUM(C25:C26) -> 1.9199006 | D27: =SUM(D25:D26) -> 0.6074736 | E27: =E26 -> 26.74487 | F27: =SUM(F25:F26) -> 0.15955647 | G27: =SUM(G25:G26) -> 4.267317 | K27: =K26 -> 27.061279 | L27: =+D27+G27+J27 -> 4.8747906 | V27: =SUM(V25:V26) -> 0.63115027 | W27: =SUM(W25:W26) -> 5.5059409 | Y27: =SUM(Y25:Y26) -> 0 | Z27: =SUM(Z25:Z26) -> 0.042215596 | AA27: =SUM(AA25:AA26) -> 0.042215596 | AB27: =SUM(AB25:AB26) -> 0.15156895 | AC27: =SUM(AC25:AC26) -> 0.0018245283 | AD27: =SUM(AD25:AD26) -> 0.15339347 | AE27: =SUM(AE25:AE26) -> 0.19560907 | AG27: =SUM(AG25:AG26) -> 5.7015499
A29: All Domestic Rates Total
A30: Base cost of fuel | B30: =B10+B15+B20+B25 -> 5020.6803 | D30: =D10+D15+D20+D25 -> 443.85764 | E30: =E10+E15+E20+E25 -> 124.12232 | F30: =F10+F15 -> 0.088405877 | G30: =G10+G15+G20+G25 -> 10.973142 | H30: =H10+H15+H20+H25 -> 223.16817 | J30: =J10+J15+J20+J25 -> 19.729378 | K30: =K10+K15+K20+K25 -> 5367.9708 | L30: =L10+L15+L20+L25 -> 474.56016 | W30: =L30+S30+V30 -> 474.56016 | Y30: =Y10+Y15+Y20+Y25 -> 0 | Z30: =Z10+Z15+Z20+Z25 -> 8.3740344 | AA30: =AA10+AA15+AA20+AA25 -> 8.3740344 | AD30: =AD10+AD15+AD20+AD25 -> 0 | AE30: =AE10+AE15+AE20+AE25 -> 8.3740344 | AG30: =W30+AE30 -> 482.9342
A31: Non-fuel | B31: =B11+B16+B21+B26 -> 5020.6803 | D31: =D11+D16+D21+D26 -> 517.70551 | E31: =E11+E16+E21+E26 -> 124.12232 | G31: =G11+G16+G21+G26 -> 12.740515 | H31: =H11+H16+H21+H26 -> 223.16817 | J31: =J11+J16+J21+J26 -> 6.7482972 | K31: =K11+K16+K21+K26 -> 5367.9708 | L31: =L11+L16+L21+L26 -> 537.19432 | T31: =T11+T16+T21+T26 -> 6.1438579 | V31: =V11+V16+V21+V26 -> 129.25659 | W31: =L31+S31+V31 -> 666.45091 | AA31: =AA11+AA16+AA21+AA26 -> 0 | AB31: =AB11+AB16+AB21+AB26 -> 30.06575 | AC31: =AC11+AC16+AC21+AC26 -> 0.36191986 | AD31: =AD11+AD16+AD21+AD26 -> 30.42767 | AE31: =AE11+AE16+AE21+AE26 -> 30.42767 | AG31: =W31+AE31 -> 696.87858
A32: Total | B32: =B12+B17+B22+B27 -> 5020.6803 | D32: =D12+D17+D22+D27 -> 961.56315 | E32: =E12+E17+E22+E27 -> 124.12232 | G32: =G12+G17+G22+G27 -> 23.713657 | H32: =H12+H17+H22+H27 -> 223.16817 | J32: =J12+J17+J22+J27 -> 26.477675 | K32: =K31 -> 5367.9708 | L32: =L12+L17+L22+L27 -> 1011.7545 | T32: =SUM(T30:T31) -> 6.1438579 | V32: =SUM(V30:V31) -> 129.25659 | W32: =SUM(W30:W31) -> 1141.0111 | Y32: =SUM(Y30:Y31) -> 0 | Z32: =SUM(Z30:Z31) -> 8.3740344 | AA32: =SUM(AA30:AA31) -> 8.3740344 | AB32: =SUM(AB30:AB31) -> 30.06575 | AC32: =SUM(AC30:AC31) -> 0.36191986 | AD32: =SUM(AD30:AD31) -> 30.42767 | AE32: =SUM(AE30:AE31) -> 38.801705 | AG32: =SUM(AG30:AG31) -> 1179.8128 | AJ32: =AB32*1000000 -> 30065750 | AK32: =AI32-AJ32 -> -30065750 | AL32: 336009.84 | AM32: =AC32*1000000 -> 361919.86 | AN32: =AL32-AM32 -> -25910.022
A34: General Rates | K34: 5213.777 | W34: 429.40667
K35: =K32/K34-1 -> 0.029574299 | W35: =W30/W34-1 -> 0.10515322
A36: Small General Rates
A37: Small General Tariff (Standard Offer)
A38: Base cost of fuel | B38: ='2027 at 2026 Rates'!B38 -> 74.26762 | C38: 0.088691779 | D38: =+B38*C38 -> 6.5869273 | E38: ='2027 at 2026 Rates'!E38 -> 366.44931 | F38: 0.088691779 | G38: =+E38*F38 -> 32.501041 | K38: =+B38+E38+H38 -> 440.71693 | L38: =+D38+G38+J38 -> 39.087969 | W38: =L38+S38+V38 -> 39.087969 | Y38: 0 | Z38: 0.68751841 | AA38: =SUM(Y38:Z38) -> 0.68751841 | AE38: =AA38+AD38 -> 0.68751841 | AG38: =W38+AE38 -> 39.775487
A39: Non-fuel | B39: =B38 -> 74.26762 | C39: 0.10927019 | D39: =+B39*C39 -> 8.1152371 | E39: =E38 -> 366.44931 | F39: 0.089248924 | G39: =+E39*F39 -> 32.705206 | K39: =+B39+E39+H39 -> 440.71693 | L39: =+D39+G39+J39 -> 40.820444 | T39: ='2027 at 2026 Rates'!T39 -> 0.32712096 | U39: 22.734667 | V39: =+T39*U39 -> 7.4369861 | W39: =L39+S39+V39 -> 48.25743 | AA39: =SUM(Y39:Z39) -> 0 | AB39: 2.8382438 | AC39: -0.39056541 | AD39: =SUM(AB39:AC39) -> 2.4476784 | AE39: =AA39+AD39 -> 2.4476784 | AG39: =W39+AE39 -> 50.705108
A40: Total | B40: =B39 -> 74.26762 | C40: =SUM(C38:C39) -> 0.19796197 | D40: =SUM(D38:D39) -> 14.702164 | E40: =E39 -> 366.44931 | F40: =SUM(F38:F39) -> 0.1779407 | G40: =SUM(G38:G39) -> 65.206248 | K40: =K39 -> 440.71693 | L40: =+D40+G40+J40 -> 79.908412 | V40: =SUM(V38:V39) -> 7.4369861 | W40: =SUM(W38:W39) -> 87.345398 | Y40: =SUM(Y38:Y39) -> 0 | Z40: =SUM(Z38:Z39) -> 0.68751841 | AA40: =SUM(AA38:AA39) -> 0.68751841 | AB40: =SUM(AB38:AB39) -> 2.8382438 | AC40: =SUM(AC38:AC39) -> -0.39056541 | AD40: =SUM(AD38:AD39) -> 2.4476784 | AE40: =SUM(AE38:AE39) -> 3.1351968 | AG40: =SUM(AG38:AG39) -> 90.480595
A42: Small General Time-of-Use Tariff
A43: Base cost of fuel | B43: ='2027 at 2026 Rates'!B43 -> 0.085898533 | C43: 0.088691779 | D43: =+B43*C43 -> 0.0076184937 | E43: ='2027 at 2026 Rates'!E43 -> 0.10320559 | F43: 0.088691779 | G43: =+E43*F43 -> 0.0091534877 | H43: ='2027 at 2026 Rates'!H43 -> 0.5001302 | I43: 0.088691779 | J43: =+H43*I43 -> 0.044357437 | K43: =+B43+E43+H43 -> 0.68923433 | L43: =+D43+G43+J43 -> 0.061129419 | W43: =L43+S43+V43 -> 0.061129419 | Y43: 0 | Z43: 0.0010752055 | AA43: =SUM(Y43:Z43) -> 0.0010752055 | AE43: =AA43+AD43 -> 0.0010752055 | AG43: =W43+AE43 -> 0.062204624
A44: Non-fuel | B44: =B43 -> 0.085898533 | C44: 0.30829182 | D44: =+B44*C44 -> 0.026481815 | E44: =E43 -> 0.10320559 | F44: 0.10907996 | G44: =+E44*F44 -> 0.011257662 | H44: =H43 -> 0.5001302 | I44: 0.038533482 | J44: =+H44*I44 -> 0.019271758 | K44: =+B44+E44+H44 -> 0.68923433 | L44: =+D44+G44+J44 -> 0.057011234 | T44: ='2027 at 2026 Rates'!T44 -> 0.00043623525 | U44: 22.734667 | V44: =+T44*U44 -> 0.0099176633 | W44: =L44+S44+V44 -> 0.066928898 | AA44: =SUM(Y44:Z44) -> 0 | AB44: 0.0044387109 | AC44: -0.0006108027 | AD44: =SUM(AB44:AC44) -> 0.0038279082 | AE44: =AA44+AD44 -> 0.0038279082 | AG44: =W44+AE44 -> 0.070756806
A45: Total | B45: =B44 -> 0.085898533 | C45: =SUM(C43:C44) -> 0.3969836 | D45: =SUM(D43:D44) -> 0.034100308 | E45: =E44 -> 0.10320559 | F45: =SUM(F43:F44) -> 0.19777174 | G45: =SUM(G43:G44) -> 0.020411149 | H45: =H44 -> 0.5001302 | I45: =SUM(I43:I44) -> 0.12722526 | J45: =SUM(J43:J44) -> 0.063629195 | K45: =K44 -> 0.68923433 | L45: =+D45+G45+J45 -> 0.11814065 | V45: =SUM(V43:V44) -> 0.0099176633 | W45: =SUM(W43:W44) -> 0.12805832 | Y45: =SUM(Y43:Y44) -> 0 | Z45: =SUM(Z43:Z44) -> 0.0010752055 | AA45: =SUM(AA43:AA44) -> 0.0010752055 | AB45: =SUM(AB43:AB44) -> 0.0044387109 | AC45: =SUM(AC43:AC44) -> -0.0006108027 | AD45: =SUM(AD43:AD44) -> 0.0038279082 | AE45: =SUM(AE43:AE44) -> 0.0049031137 | AG45: =SUM(AG43:AG44) -> 0.13296143
A47: Small General Critical Peak Pricing Tariff
A48: Base cost of fuel | B48: ='2027 at 2026 Rates'!B48 -> 0.0085784264 | C48: 0.088691779 | D48: =+B48*C48 -> 0.0007608359 | E48: ='2027 at 2026 Rates'!E48 -> 0.097804139 | F48: 0.088691779 | G48: =+E48*F48 -> 0.0086744231 | H48: ='2027 at 2026 Rates'!H48 -> 0.48084176 | I48: 0.088691779 | J48: =+H48*I48 -> 0.042646711 | K48: =+B48+E48+H48 -> 0.58722433 | L48: =+D48+G48+J48 -> 0.05208197 | W48: =L48+S48+V48 -> 0.05208197 | Y48: 0 | Z48: 0.00091606995 | AA48: =SUM(Y48:Z48) -> 0.00091606995 | AE48: =AA48+AD48 -> 0.00091606995 | AG48: =W48+AE48 -> 0.05299804
A49: Non-fuel | B49: =B48 -> 0.0085784264 | C49: 1.582875 | D49: =+B49*C49 -> 0.013578577 | E49: =E48 -> 0.097804139 | F49: 0.085119392 | G49: =+E49*F49 -> 0.0083250289 | H49: =H48 -> 0.48084176 | I49: 0.06951765 | J49: =+H49*I49 -> 0.033426989 | K49: =+B49+E49+H49 -> 0.58722433 | L49: =+D49+G49+J49 -> 0.055330595 | T49: ='2027 at 2026 Rates'!T49 -> 3.6352938e-05 | U49: 22.734667 | V49: =+T49*U49 -> 0.00082647195 | W49: =L49+S49+V49 -> 0.056157067 | AA49: =SUM(Y49:Z49) -> 0 | AB49: 0.0037817603 | AC49: -0.00052040096 | AD49: =SUM(AB49:AC49) -> 0.0032613593 | AE49: =AA49+AD49 -> 0.0032613593 | AG49: =W49+AE49 -> 0.059418426
A50: Total | B50: =B49 -> 0.0085784264 | C50: =SUM(C48:C49) -> 1.6715668 | D50: =SUM(D48:D49) -> 0.014339413 | E50: =E49 -> 0.097804139 | F50: =SUM(F48:F49) -> 0.17381117 | G50: =SUM(G48:G49) -> 0.016999452 | H50: =H49 -> 0.48084176 | I50: =SUM(I48:I49) -> 0.15820943 | J50: =SUM(J48:J49) -> 0.076073701 | K50: =K49 -> 0.58722433 | L50: =+D50+G50+J50 -> 0.10741257 | V50: =SUM(V48:V49) -> 0.00082647195 | W50: =SUM(W48:W49) -> 0.10823904 | Y50: =SUM(Y48:Y49) -> 0 | Z50: =SUM(Z48:Z49) -> 0.00091606995 | AA50: =SUM(AA48:AA49) -> 0.00091606995 | AB50: =SUM(AB48:AB49) -> 0.0037817603 | AC50: =SUM(AC48:AC49) -> -0.00052040096 | AD50: =SUM(AD48:AD49) -> 0.0032613593 | AE50: =SUM(AE48:AE49) -> 0.0041774293 | AG50: =SUM(AG48:AG49) -> 0.11241647
A52: Small General Rates Total
A53: Base cost of fuel | B53: =B38+B43+B48 -> 74.362097 | D53: =D38+D43+D48 -> 6.5953067 | E53: =E38+E43+E48 -> 366.65032 | G53: =G38+G43+G48 -> 32.518869 | H53: =H38+H43+H48 -> 0.98097196 | J53: =J38+J43+J48 -> 0.087004149 | K53: =K38+K43+K48 -> 441.99339 | L53: =L38+L43+L48 -> 39.20118 | W53: =L53+S53+V53 -> 39.20118 | Y53: =Y38+Y43+Y48 -> 0 | Z53: =Z38+Z43+Z48 -> 0.68950968 | AA53: =AA38+AA43+AA48 -> 0.68950968 | AB53: =AB38+AB43+AB48 -> 0 | AC53: =AC38+AC43+AC48 -> 0 | AD53: =AD38+AD43+AD48 -> 0 | AE53: =AE38+AE43+AE48 -> 0.68950968 | AG53: =W53+AE53 -> 39.89069
A54: Non-fuel | B54: =B39+B44+B49 -> 74.362097 | D54: =D39+D44+D49 -> 8.1552975 | E54: =E39+E44+E49 -> 366.65032 | G54: =G39+G44+G49 -> 32.724789 | H54: =H39+H44+H49 -> 0.98097196 | J54: =J39+J44+J49 -> 0.052698747 | K54: =K39+K44+K49 -> 441.99339 | L54: =L39+L44+L49 -> 40.932785 | T54: =T39+T44+T49 -> 0.32759354 | V54: =V39+V44+V49 -> 7.4477303 | W54: =L54+S54+V54 -> 48.380516 | Y54: =Y39+Y44+Y49 -> 0 | Z54: =Z39+Z44+Z49 -> 0 | AA54: =AA39+AA44+AA49 -> 0 | AB54: =AB39+AB44+AB49 -> 2.8464642 | AC54: =AC39+AC44+AC49 -> -0.39169662 | AD54: =AD39+AD44+AD49 -> 2.4547676 | AE54: =AE39+AE44+AE49 -> 2.4547676 | AG54: =W54+AE54 -> 50.835283
A55: Total | B55: =B40+B45+B50 -> 74.362097 | D55: =D40+D45+D50 -> 14.750604 | E55: =E40+E45+E50 -> 366.65032 | G55: =G40+G45+G50 -> 65.243658 | H55: =H40+H45+H50 -> 0.98097196 | J55: =J40+J45+J50 -> 0.1397029 | K55: =K40+K45+K50 -> 441.99339 | L55: =L40+L45+L50 -> 80.133965 | T55: =SUM(T53:T54) -> 0.32759354 | V55: =SUM(V53:V54) -> 7.4477303 | W55: =SUM(W53:W54) -> 87.581696 | Y55: =SUM(Y53:Y54) -> 0 | Z55: =SUM(Z53:Z54) -> 0.68950968 | AA55: =SUM(AA53:AA54) -> 0.68950968 | AB55: =SUM(AB53:AB54) -> 2.8464642 | AC55: =SUM(AC53:AC54) -> -0.39169662 | AD55: =SUM(AD53:AD54) -> 2.4547676 | AE55: =SUM(AE53:AE54) -> 3.1442773 | AG55: =SUM(AG53:AG54) -> 90.725973 | AJ55: =AB55*1000000 -> 2846464.2 | AK55: =AI55-AJ55 -> -2846464.2 | AL55: -299883.41 | AM55: =AC55*1000000 -> -391696.62 | AN55: =AL55-AM55 -> 91813.202
A57: General Rates | K57: 355.15401
A58: General Tariff
A59: Base cost of fuel | B59: ='2027 at 2026 Rates'!B59 -> 1296.2465 | C59: 0.084823638 | D59: =+B59*C59 -> 109.95234 | E59: ='2027 at 2026 Rates'!E59 -> 1104.3575 | F59: 0.084823638 | G59: =+E59*F59 -> 93.675625 | K59: =+B59+E59+H59 -> 2400.604 | L59: =+D59+G59+J59 -> 203.62797 | S59: =+M59*R59/1000 -> 0 | W59: =L59+S59+V59 -> 203.62797 | Y59: 0 | Z59: 4.9692504 | AA59: =SUM(Y59:Z59) -> 4.9692504 | AE59: =AA59+AD59 -> 4.9692504 | AG59: =W59+AE59 -> 208.59722
A60: Non-fuel | B60: =B59 -> 1296.2465 | C60: 0.063500389 | D60: =+B60*C60 -> 82.312157 | E60: =E59 -> 1104.3575 | F60: 0.030082866 | G60: =+E60*F60 -> 33.22224 | K60: =+B60+E60+H60 -> 2400.604 | L60: =+D60+G60+J60 -> 115.5344 | M60: ='2027 at 2026 Rates'!M60 -> 6617.4912 | N60: 10.697094 | R60: =SUM(N60:Q60) -> 10.697094 | S60: =+M60*R60/1000 -> 70.787926 | W60: =L60+S60+V60 -> 186.32232 | AA60: =SUM(Y60:Z60) -> 0 | AB60: 18.224145 | AC60: 0.87229165 | AD60: =SUM(AB60:AC60) -> 19.096436 | AE60: =AA60+AD60 -> 19.096436 | AG60: =W60+AE60 -> 205.41876
A61: Total | B61: =B60 -> 1296.2465 | C61: =SUM(C59:C60) -> 0.14832403 | D61: =SUM(D59:D60) -> 192.2645 | E61: =E60 -> 1104.3575 | F61: =SUM(F59:F60) -> 0.1149065 | G61: =SUM(G59:G60) -> 126.89786 | K61: =K60 -> 2400.604 | L61: =+D61+G61+J61 -> 319.16237 | S61: =SUM(S59:S60) -> 70.787926 | W61: =SUM(W59:W60) -> 389.95029 | Y61: =SUM(Y59:Y60) -> 0 | Z61: =SUM(Z59:Z60) -> 4.9692504 | AA61: =SUM(AA59:AA60) -> 4.9692504 | AB61: =SUM(AB59:AB60) -> 18.224145 | AC61: =SUM(AC59:AC60) -> 0.87229165 | AD61: =SUM(AD59:AD60) -> 19.096436 | AE61: =SUM(AE59:AE60) -> 24.065687 | AG61: =SUM(AG59:AG60) -> 414.01598
A63: General Time-of-Use Tariff
A64: Base cost of fuel | B64: ='2027 at 2026 Rates'!B64 -> 0.3667693 | C64: 0.084823638 | D64: =+B64*C64 -> 0.031110707 | E64: ='2027 at 2026 Rates'!E64 -> 1.3850644 | F64: 0.084823638 | G64: =+E64*F64 -> 0.1174862 | H64: ='2027 at 2026 Rates'!H64 -> 1.1773695 | I64: 0.084823638 | J64: =+H64*I64 -> 0.09986876 | K64: =+B64+E64+H64 -> 2.9292032 | L64: =+D64+G64+J64 -> 0.24846567 | S64: =+M64*R64/1000 -> 0 | W64: =L64+S64+V64 -> 0.24846567 | Y64: 0 | Z64: 0.0060634506 | AA64: =SUM(Y64:Z64) -> 0.0060634506 | AE64: =AA64+AD64 -> 0.0060634506 | AG64: =W64+AE64 -> 0.25452912
A65: Non-fuel | B65: =B64 -> 0.3667693 | C65: 0.20455382 | D65: =+B65*C65 -> 0.075024063 | E65: =E64 -> 1.3850644 | F65: 0.058767 | G65: =+E65*F65 -> 0.08139608 | H65: ='2027 at 2026 Rates'!H65 -> 1.1773695 | I65: 0.0063463354 | J65: =+H65*I65 -> 0.0074719815 | K65: =+B65+E65+H65 -> 2.9292032 | L65: =+D65+G65+J65 -> 0.16389212 | M65: ='2027 at 2026 Rates'!M65 -> 0.81932744 | N65: =N60 -> 10.697094 | R65: =SUM(N65:Q65) -> 10.697094 | S65: =+M65*R65/1000 -> 0.0087644226 | W65: =L65+S65+V65 -> 0.17265655 | AA65: =SUM(Y65:Z65) -> 0 | AB65: 0.022236996 | AC65: 0.0010643652 | AD65: =SUM(AB65:AC65) -> 0.023301361 | AE65: =AA65+AD65 -> 0.023301361 | AG65: =W65+AE65 -> 0.19595791
A66: Total | B66: =B65 -> 0.3667693 | C66: =SUM(C64:C65) -> 0.28937746 | D66: =SUM(D64:D65) -> 0.10613477 | E66: =E65 -> 1.3850644 | F66: =SUM(F64:F65) -> 0.14359064 | G66: =SUM(G64:G65) -> 0.19888228 | H66: =H65 -> 1.1773695 | I66: =SUM(I64:I65) -> 0.091169974 | J66: =SUM(J64:J65) -> 0.10734074 | K66: =K65 -> 2.9292032 | L66: =+D66+G66+J66 -> 0.41235779 | S66: =SUM(S64:S65) -> 0.0087644226 | W66: =SUM(W64:W65) -> 0.42112222 | Y66: =SUM(Y64:Y65) -> 0 | Z66: =SUM(Z64:Z65) -> 0.0060634506 | AA66: =SUM(AA64:AA65) -> 0.0060634506 | AB66: =SUM(AB64:AB65) -> 0.022236996 | AC66: =SUM(AC64:AC65) -> 0.0010643652 | AD66: =SUM(AD64:AD65) -> 0.023301361 | AE66: =SUM(AE64:AE65) -> 0.029364812 | AG66: =SUM(AG64:AG65) -> 0.45048703
A68: General Critical Peak Pricing Tariff
A69: Base cost of fuel | B69: ='2027 at 2026 Rates'!B69 -> 0.24739305 | C69: 0.084823638 | D69: =+B69*C69 -> 0.020984779 | E69: ='2027 at 2026 Rates'!E69 -> 9.8795852 | F69: 0.084823638 | G69: =+E69*F69 -> 0.83802236 | H69: ='2027 at 2026 Rates'!H69 -> 8.4097549 | I69: 0.084823638 | J69: =+H69*I69 -> 0.71334601 | K69: =+B69+E69+H69 -> 18.536733 | L69: =+D69+G69+J69 -> 1.5723531 | S69: =+M69*R69/1000 -> 0 | W69: =L69+S69+V69 -> 1.5723531 | Y69: 0 | Z69: 0.038371038 | AA69: =SUM(Y69:Z69) -> 0.038371038 | AE69: =AA69+AD69 -> 0.038371038 | AG69: =W69+AE69 -> 1.6107242
A70: Non-fuel | B70: =B69 -> 0.24739305 | C70: 1.4614414 | D70: =+B70*C70 -> 0.36155046 | E70: =E69 -> 9.8795852 | F70: 0.035434535 | G70: =+E70*F70 -> 0.3500785 | H70: ='2027 at 2026 Rates'!H70 -> 8.4097549 | I70: 0.01678478 | J70: =+H70*I70 -> 0.14115588 | K70: =+B70+E70+H70 -> 18.536733 | L70: =+D70+G70+J70 -> 0.85278484 | M70: ='2027 at 2026 Rates'!M70 -> 22.686597 | N70: =N65 -> 10.697094 | R70: =SUM(N70:Q70) -> 10.697094 | S70: =+M70*R70/1000 -> 0.24268066 | W70: =L70+S70+V70 -> 1.0954655 | AA70: =SUM(Y70:Z70) -> 0 | AB70: 0.14072129 | AC70: 0.0067355704 | AD70: =SUM(AB70:AC70) -> 0.14745687 | AE70: =AA70+AD70 -> 0.14745687 | AG70: =W70+AE70 -> 1.2429224
A71: Total | B71: =B70 -> 0.24739305 | C71: =SUM(C69:C70) -> 1.5462651 | D71: =SUM(D69:D70) -> 0.38253524 | E71: =E70 -> 9.8795852 | F71: =SUM(F69:F70) -> 0.12025817 | G71: =SUM(G69:G70) -> 1.1881009 | H71: =H70 -> 8.4097549 | I71: =SUM(I69:I70) -> 0.10160842 | J71: =SUM(J69:J70) -> 0.85450189 | K71: =K70 -> 18.536733 | L71: =+D71+G71+J71 -> 2.425138 | S71: =SUM(S69:S70) -> 0.24268066 | W71: =SUM(W69:W70) -> 2.6678187 | Y71: =SUM(Y69:Y70) -> 0 | Z71: =SUM(Z69:Z70) -> 0.038371038 | AA71: =SUM(AA69:AA70) -> 0.038371038 | AB71: =SUM(AB69:AB70) -> 0.14072129 | AC71: =SUM(AC69:AC70) -> 0.0067355704 | AD71: =SUM(AD69:AD70) -> 0.14745687 | AE71: =SUM(AE69:AE70) -> 0.1858279 | AG71: =SUM(AG69:AG70) -> 2.8536466
A73: General Rates Total
A74: Base cost of fuel | B74: =B59+B64+B69 -> 1296.8607 | D74: =D59+D64+D69 -> 110.00444 | E74: =E59+E64+E69 -> 1115.6222 | F74: =F54+F59 -> 0.084823638 | G74: =G59+G64+G69 -> 94.631133 | H74: =H59+H64+H69 -> 9.5871243 | J74: =J59+J64+J69 -> 0.81321477 | K74: =K59+K64+K69 -> 2422.07 | L74: =L59+L64+L69 -> 205.44879 | M74: =M59+M64+M69 -> 0 | S74: =S59+S64+S69 -> 0 | W74: =W59+W64+W69 -> 205.44879 | Y74: =Y59+Y64+Y69 -> 0 | Z74: =Z59+Z64+Z69 -> 5.0136849 | AA74: =AA59+AA64+AA69 -> 5.0136849 | AB74: =AB59+AB64+AB69 -> 0 | AC74: =AC59+AC64+AC69 -> 0 | AD74: =AD59+AD64+AD69 -> 0 | AE74: =AE59+AE64+AE69 -> 5.0136849 | AG74: =W74+AE74 -> 210.46247
A75: Non-fuel | B75: =B60+B65+B70 -> 1296.8607 | D75: =D60+D65+D70 -> 82.748731 | E75: =E60+E65+E70 -> 1115.6222 | G75: =G60+G65+G70 -> 33.653714 | H75: =H60+H65+H70 -> 9.5871243 | J75: =J60+J65+J70 -> 0.14862786 | K75: =K60+K65+K70 -> 2422.07 | L75: =L60+L65+L70 -> 116.55107 | M75: =M60+M65+M70 -> 6640.9971 | S75: =S60+S65+S70 -> 71.039371 | W75: =W60+W65+W70 -> 187.59044 | Y75: =Y60+Y65+Y70 -> 0 | Z75: =Z60+Z65+Z70 -> 0 | AA75: =AA60+AA65+AA70 -> 0 | AB75: =AB60+AB65+AB70 -> 18.387103 | AC75: =AC60+AC65+AC70 -> 0.88009158 | AD75: =AD60+AD65+AD70 -> 19.267195 | AE75: =AE60+AE65+AE70 -> 19.267195 | AG75: =W75+AE75 -> 206.85764
A76: Total | B76: =B61+B66+B71 -> 1296.8607 | D76: =D61+D66+D71 -> 192.75317 | E76: =E61+E66+E71 -> 1115.6222 | G76: =G61+G66+G71 -> 128.28485 | H76: =H61+H66+H71 -> 9.5871243 | J76: =J61+J66+J71 -> 0.96184263 | K76: =K61+K66+K71 -> 2422.07 | L76: =L61+L66+L71 -> 321.99986 | M76: =SUM(M74:M75) -> 6640.9971 | S76: =SUM(S74:S75) -> 71.039371 | W76: =SUM(W74:W75) -> 393.03923 | Y76: =SUM(Y74:Y75) -> 0 | Z76: =SUM(Z74:Z75) -> 5.0136849 | AA76: =SUM(AA74:AA75) -> 5.0136849 | AB76: =SUM(AB74:AB75) -> 18.387103 | AC76: =SUM(AC74:AC75) -> 0.88009158 | AD76: =SUM(AD74:AD75) -> 19.267195 | AE76: =SUM(AE74:AE75) -> 24.28088 | AG76: =SUM(AG74:AG75) -> 417.32011 | AI76: 16953846 | AJ76: =AB76*1000000 -> 18387103 | AK76: =AI76-AJ76 -> -1433257.1 | AL76: 342734.14 | AM76: =AC76*1000000 -> 880091.58 | AN76: =AL76-AM76 -> -537357.44
A78: Large General Tariff
A79: Base cost of fuel | B79: ='2027 at 2026 Rates'!B79 -> 356.91703 | C79: 0.077000659 | D79: =+B79*C79 -> 27.482847 | K79: =+B79+E79+H79 -> 356.91703 | L79: =+D79+G79+J79 -> 27.482847 | W79: =L79+S79+V79 -> 27.482847 | Y79: 0 | Z79: 0.56392891 | AA79: =SUM(Y79:Z79) -> 0.56392891 | AE79: =AA79+AD79 -> 0.56392891 | AG79: =W79+AE79 -> 28.046776
A80: Non-fuel
A81: Without Trans. Own. | B81: ='2027 at 2026 Rates'!B81 -> 216.20465 | C81: 0.029225649 | D81: =+B81*C81 -> 6.3187212 | K81: =+B81+E81+H81 -> 216.20465 | L81: =+D81+G81+J81 -> 6.3187212 | M81: ='2027 at 2026 Rates'!M81 -> 459.97541 | N81: 11.98882 | R81: =SUM(N81:Q81) -> 11.98882 | S81: =+M81*R81/1000 -> 5.5145625 | W81: =L81+S81+V81 -> 11.833284 | AA81: =SUM(Y81:Z81) -> 0 | AB81: 1.5062047 | AC81: -0.19614237 | AD81: =SUM(AB81:AC81) -> 1.3100623 | AE81: =AA81+AD81 -> 1.3100623 | AG81: =W81+AE81 -> 13.143346
A82: With Trans. Own. | B82: ='2027 at 2026 Rates'!B82 -> 140.71239 | C82: =+C81 -> 0.029225649 | D82: =+B82*C82 -> 4.1124109 | K82: =+B82+E82+H82 -> 140.71239 | L82: =+D82+G82+J82 -> 4.1124109 | M82: ='2027 at 2026 Rates'!M82 -> 286.8762 | N82: =N81 -> 11.98882 | Q82: -0.32 | R82: =SUM(N82:Q82) -> 11.66882 | S82: =+M82*R82/1000 -> 3.3475069 | W82: =L82+S82+V82 -> 7.4599178 | AA82: =SUM(Y82:Z82) -> 0 | AB82: 0.98028263 | AC82: -0.12765526 | AD82: =SUM(AB82:AC82) -> 0.85262736 | AE82: =AA82+AD82 -> 0.85262736 | AG82: =W82+AE82 -> 8.3125451
A83: Sub-total Non-Fuel | B83: =SUM(B81:B82) -> 356.91703 | D83: =SUM(D81:D82) -> 10.431132 | K83: =SUM(K81:K82) -> 356.91703 | L83: =SUM(L81:L82) -> 10.431132 | M83: =SUM(M81:M82) -> 746.85161 | S83: =SUM(S81:S82) -> 8.8620694 | W83: =+W81+W82 -> 19.293201 | Y83: =+Y81+Y82 -> 0 | Z83: =+Z81+Z82 -> 0 | AA83: =+AA81+AA82 -> 0 | AB83: =+AB81+AB82 -> 2.4864873 | AC83: =+AC81+AC82 -> -0.32379763 | AD83: =+AD81+AD82 -> 2.1626897 | AE83: =+AE81+AE82 -> 2.1626897 | AG83: =SUM(AG81:AG82) -> 21.455891
A84: Total | B84: =B83 -> 356.91703 | D84: =D79+D83 -> 37.913979 | K84: =K83 -> 356.91703 | L84: =L79+L83 -> 37.913979 | S84: =S79+S83 -> 8.8620694 | W84: =W79+W83 -> 46.776048 | Y84: =Y79+Y83 -> 0 | Z84: =Z79+Z83 -> 0.56392891 | AA84: =AA79+AA83 -> 0.56392891 | AB84: =AB79+AB83 -> 2.4864873 | AC84: =AC79+AC83 -> -0.32379763 | AD84: =AD79+AD83 -> 2.1626897 | AE84: =AE79+AE83 -> 2.7266186 | AG84: =AG79+AG83 -> 49.502667 | AI84: 1557241 | AJ84: =AB84*1000000 -> 2486487.3 | AK84: =AI84-AJ84 -> -929246.31 | AL84: 107175.81 | AM84: =AC84*1000000 -> -323797.63 | AN84: =AL84-AM84 -> 430973.44
A86: All General Rates Total
A87: Base cost of fuel | B87: =B53+B74+B79 -> 1728.1398 | D87: =D53+D74+D79 -> 144.08259 | E87: =E53+E74+E79 -> 1482.2725 | G87: =G53+G74+G79 -> 127.15 | H87: =H53+H74+H79 -> 10.568096 | J87: =J53+J74+J79 -> 0.90021891 | K87: =K53+K74+K79 -> 3220.9804 | L87: =L53+L74+L79 -> 272.13281 | M87: =M53+M74+M79 -> 0 | S87: =S53+S74+S79 -> 0 | T87: =T53+T74+T79 -> 0 | V87: =V53+V74+V79 -> 0 | W87: =W53+W74+W79 -> 272.13281 | Y87: =Y53+Y74+Y79 -> 0 | Z87: =Z53+Z74+Z79 -> 6.2671235 | AA87: =AA53+AA74+AA79 -> 6.2671235 | AB87: =AB53+AB74+AB79 -> 0 | AC87: =AC53+AC74+AC79 -> 0 | AD87: =AD53+AD74+AD79 -> 0 | AE87: =AE53+AE74+AE79 -> 6.2671235 | AG87: =W87+AE87 -> 278.39994
A88: Non-fuel | B88: =B54+B75+B83 -> 1728.1398 | D88: =D54+D75+D83 -> 101.33516 | E88: =E54+E75+E83 -> 1482.2725 | G88: =G54+G75+G83 -> 66.378503 | H88: =H54+H75+H83 -> 10.568096 | J88: =J54+J75+J83 -> 0.20132661 | K88: =K54+K75+K83 -> 3220.9804 | L88: =L54+L75+L83 -> 167.91499 | M88: =M54+M75+M83 -> 7387.8487 | S88: =S54+S75+S83 -> 79.90144 | T88: =T54+T75+T83 -> 0.32759354 | V88: =V54+V75+V83 -> 7.4477303 | W88: =W54+W75+W83 -> 255.26416 | Y88: =Y54+Y75+Y83 -> 0 | Z88: =Z54+Z75+Z83 -> 0 | AA88: =AA54+AA75+AA83 -> 0 | AB88: =AB54+AB75+AB83 -> 23.720055 | AC88: =AC54+AC75+AC83 -> 0.16459734 | AD88: =AD54+AD75+AD83 -> 23.884652 | AE88: =AE54+AE75+AE83 -> 23.884652 | AG88: =W88+AE88 -> 279.14881
A89: Total | B89: =B55+B76+B84 -> 1728.1398 | D89: =D88 -> 101.33516 | E89: =E55+E76+E84 -> 1482.2725 | G89: =G88 -> 66.378503 | H89: =H55+H76+H84 -> 10.568096 | J89: =J88 -> 0.20132661 | K89: =K55+K76+K84 -> 3220.9804 | L89: =L88 -> 167.91499 | M89: =M88 -> 7387.8487 | S89: =S88 -> 79.90144 | T89: =T88 -> 0.32759354 | V89: =V88 -> 7.4477303 | W89: =SUM(W87:W88) -> 527.39698 | Y89: =SUM(Y87:Y88) -> 0 | Z89: =SUM(Z87:Z88) -> 6.2671235 | AA89: =SUM(AA87:AA88) -> 6.2671235 | AB89: =SUM(AB87:AB88) -> 23.720055 | AC89: =SUM(AC87:AC88) -> 0.16459734 | AD89: =SUM(AD87:AD88) -> 23.884652 | AE89: =SUM(AE87:AE88) -> 30.151775 | AG89: =SUM(AG87:AG88) -> 557.54875
A91: Industrial Rates
A93: Small Industrial Tariff
A94: Base cost of fuel | B94: ='2027 at 2026 Rates'!B94 -> 172.82864 | C94: 0.083327235 | D94: =+B94*C94 -> 14.401333 | E94: ='2027 at 2026 Rates'!E94 -> 92.199394 | F94: 0.083327235 | G94: =+E94*F94 -> 7.6827206 | K94: =+B94+E94+H94 -> 265.02803 | L94: =+D94+G94+J94 -> 22.084053 | W94: =L94+S94+V94 -> 22.084053 | Y94: 0 | Z94: 0.38164037 | AA94: =SUM(Y94:Z94) -> 0.38164037 | AD94: =SUM(AB94:AC94) -> 0 | AE94: =AA94+AD94 -> 0.38164037 | AG94: =W94+AE94 -> 22.465694
A95: Non-fuel | B95: =B94 -> 172.82864 | C95: 0.054626543 | D95: =+B95*C95 -> 9.4410309 | E95: =E94 -> 92.199394 | F95: 0.029473605 | G95: =+E95*F95 -> 2.7174485 | K95: =+B95+E95+H95 -> 265.02803 | L95: =+D95+G95+J95 -> 12.158479 | M95: ='2027 at 2026 Rates'!M95 -> 965.60743 | N95: 8.1432449 | R95: =SUM(N95:Q95) -> 8.1432449 | S95: =+M95*R95/1000 -> 7.8631778 | W95: =L95+S95+V95 -> 20.021657 | AA95: =SUM(Y95:Z95) -> 0 | AB95: 1.7504833 | AC95: -0.18081956 | AD95: =SUM(AB95:AC95) -> 1.5696638 | AE95: =AA95+AD95 -> 1.5696638 | AG95: =W95+AE95 -> 21.591321
A96: Total | B96: =B95 -> 172.82864 | C96: =SUM(C94:C95) -> 0.13795378 | D96: =SUM(D94:D95) -> 23.842363 | E96: =E95 -> 92.199394 | F96: =SUM(F94:F95) -> 0.11280084 | G96: =SUM(G94:G95) -> 10.400169 | K96: =K95 -> 265.02803 | L96: =+D96+G96+J96 -> 34.242533 | M96: =M95 -> 965.60743 | S96: =SUM(S94:S95) -> 7.8631778 | W96: =SUM(W94:W95) -> 42.10571 | Y96: =SUM(Y94:Y95) -> 0 | Z96: =SUM(Z94:Z95) -> 0.38164037 | AA96: =SUM(AA94:AA95) -> 0.38164037 | AB96: =SUM(AB94:AB95) -> 1.7504833 | AC96: =SUM(AC94:AC95) -> -0.18081956 | AD96: =SUM(AD94:AD95) -> 1.5696638 | AE96: =SUM(AE94:AE95) -> 1.9513041 | AG96: =SUM(AG94:AG95) -> 44.057014 | AI96: 1381811 | AJ96: =AB96*1000000 -> 1750483.3 | AK96: =AI96-AJ96 -> -368672.32 | AL96: 50765.829 | AM96: =AC96*1000000 -> -180819.56 | AN96: =AL96-AM96 -> 231585.39
A98: Medium Industrial Tariff
A99: Base cost of fuel | B99: ='2027 at 2026 Rates'!B99 -> 495.33704 | C99: 0.076482675 | D99: =+B99*C99 -> 37.884702 | K99: =+B99+E99+H99 -> 495.33704 | L99: =+D99+G99+J99 -> 37.884702 | W99: =L99+S99+V99 -> 37.884702 | Y99: 0 | Z99: 1.0203943 | AA99: =SUM(Y99:Z99) -> 1.0203943 | AD99: =SUM(AB99:AC99) -> 0 | AE99: =AA99+AD99 -> 1.0203943 | AG99: =W99+AE99 -> 38.905096
A100: Non-fuel | B100: =B99 -> 495.33704 | C100: 0.02292455 | D100: =+B100*C100 -> 11.355379 | K100: =+B100+E100+H100 -> 495.33704 | L100: =+D100+G100+J100 -> 11.355379 | M100: ='2027 at 2026 Rates'!M100 -> 1440.8036 | N100: 11.269358 | R100: =SUM(N100:Q100) -> 11.269358 | S100: =+M100*R100/1000 -> 16.236932 | W100: =L100+S100+V100 -> 27.59231 | AA100: =SUM(Y100:Z100) -> 0 | AB100: 2.9106246 | AC100: 0.29136701 | AD100: =SUM(AB100:AC100) -> 3.2019916 | AE100: =AA100+AD100 -> 3.2019916 | AG100: =W100+AE100 -> 30.794302
A101: Total | B101: =B100 -> 495.33704 | C101: =SUM(C99:C100) -> 0.099407225 | D101: =SUM(D99:D100) -> 49.240081 | K101: =K100 -> 495.33704 | L101: =+D101+G101+J101 -> 49.240081 | M101: =M100 -> 1440.8036 | S101: =SUM(S99:S100) -> 16.236932 | W101: =SUM(W99:W100) -> 65.477012 | Y101: =SUM(Y99:Y100) -> 0 | Z101: =SUM(Z99:Z100) -> 1.0203943 | AA101: =SUM(AA99:AA100) -> 1.0203943 | AB101: =SUM(AB99:AB100) -> 2.9106246 | AC101: =SUM(AC99:AC100) -> 0.29136701 | AD101: =SUM(AD99:AD100) -> 3.2019916 | AE101: =SUM(AE99:AE100) -> 4.222386 | AG101: =SUM(AG99:AG100) -> 69.699398 | AI101: 2371551 | AJ101: =AB101*1000000 -> 2910624.6 | AK101: =AI101-AJ101 -> -539073.64 | AL101: -19746.177 | AM101: =AC101*1000000 -> 291367.01 | AN101: =AL101-AM101 -> -311113.18
A102: Large Industrial Tariff
A103: Firm
A104: Transmission Connected
A105: Base cost of fuel | B105: ='2027 at 2026 Rates'!B105 -> 43.166453 | C105: 0.074839403 | D105: =+B105*C105 -> 3.2305516 | K105: =+B105+E105+H105 -> 43.166453 | L105: =+D105+G105+J105 -> 3.2305516 | W105: =L105+S105+V105 -> 3.2305516 | Y105: 0 | Z105: 0.10662114 | AA105: =SUM(Y105:Z105) -> 0.10662114 | AE105: =AA105+AD105 -> 0.10662114 | AG105: =W105+AE105 -> 3.3371727
A106: Non-fuel
A107: Without Trans. Own. | B107: ='2027 at 2026 Rates'!B107 -> 0 | C107: 0.022250365 | D107: =+B107*C107 -> 0 | K107: =+B107+E107+H107 -> 0 | L107: =+D107+G107+J107 -> 0 | M107: ='2027 at 2026 Rates'!M107 -> 0 | N107: 10.006288 | R107: =SUM(N107:Q107) -> 10.006288 | S107: =+M107*R107/1000 -> 0 | W107: =L107+S107+V107 -> 0 | AA107: =SUM(Y107:Z107) -> 0 | AB107: 0 | AC107: 0 | AD107: =SUM(AB107:AC107) -> 0 | AE107: =AA107+AD107 -> 0 | AG107: =W107+AE107 -> 0
A108: With Trans. Own. | B108: ='2027 at 2026 Rates'!B108 -> 43.166453 | C108: =+C107 -> 0.022250365 | D108: =+B108*C108 -> 0.96046932 | K108: =+B108+E108+H108 -> 43.166453 | L108: =+D108+G108+J108 -> 0.96046932 | M108: ='2027 at 2026 Rates'!M108 -> 76.062653 | N108: =N107 -> 10.006288 | Q108: -0.32 | R108: =SUM(N108:Q108) -> 9.6862875 | S108: =+M108*R108/1000 -> 0.73676473 | W108: =L108+S108+V108 -> 1.697234 | AA108: =SUM(Y108:Z108) -> 0 | AB108: 0.32526556 | AC108: 0.040202882 | AD108: =SUM(AB108:AC108) -> 0.36546844 | AE108: =AA108+AD108 -> 0.36546844 | AG108: =W108+AE108 -> 2.0627025
A109: Sub-total Non-Fuel | B109: =SUM(B107:B108) -> 43.166453 | D109: =SUM(D107:D108) -> 0.96046932 | K109: =+B109+E109+H109 -> 43.166453 | L109: =+D109+G109+J109 -> 0.96046932 | M109: =SUM(M107:M108) -> 76.062653 | S109: =SUM(S107:S108) -> 0.73676473 | W109: =+W107+W108 -> 1.697234 | Y109: =+Y107+Y108 -> 0 | Z109: =+Z107+Z108 -> 0 | AA109: =+AA107+AA108 -> 0 | AB109: =+AB107+AB108 -> 0.32526556 | AC109: =+AC107+AC108 -> 0.040202882 | AD109: =+AD107+AD108 -> 0.36546844 | AE109: =+AE107+AE108 -> 0.36546844 | AG109: =SUM(AG107:AG108) -> 2.0627025
A110: Total | B110: =B109 -> 43.166453 | C110: =C105+C108 -> 0.097089768 | D110: =D105+D109 -> 4.1910209 | K110: =+B110+E110+H110 -> 43.166453 | L110: =L105+L109 -> 4.1910209 | M110: =M109 -> 76.062653 | S110: =S105+S109 -> 0.73676473 | W110: =W105+W109 -> 4.9277857 | Y110: =Y105+Y109 -> 0 | Z110: =Z105+Z109 -> 0.10662114 | AA110: =AA105+AA109 -> 0.10662114 | AB110: =AB105+AB109 -> 0.32526556 | AC110: =AC105+AC109 -> 0.040202882 | AD110: =AD105+AD109 -> 0.36546844 | AE110: =AE105+AE109 -> 0.47208958 | AG110: =AG105+AG109 -> 5.3998752
A112: Distribution Connected
A113: Base cost of fuel | B113: ='2027 at 2026 Rates'!B113 -> 50.948277 | C113: =C105 -> 0.074839403 | D113: =+B113*C113 -> 3.8129386 | K113: =+B113+E113+H113 -> 50.948277 | L113: =+D113+G113+J113 -> 3.8129386 | W113: =L113+S113+V113 -> 3.8129386 | Y113: 0 | Z113: 0.12584224 | AA113: =SUM(Y113:Z113) -> 0.12584224 | AB113: 0 | AC113: 0 | AD113: =SUM(AB113:AC113) -> 0 | AE113: =AA113+AD113 -> 0.12584224 | AG113: =W113+AE113 -> 3.9387809
A114: Non-fuel
A115: Without Trans. Own. | B115: ='2027 at 2026 Rates'!B115 -> 37.891344 | C115: =C107 -> 0.022250365 | D115: =+B115*C115 -> 0.84309621 | K115: =+B115+E115+H115 -> 37.891344 | L115: =+D115+G115+J115 -> 0.84309621 | M115: ='2027 at 2026 Rates'!M115 -> 91.643079 | N115: =N107 -> 10.006288 | O115: 2.326964 | R115: =SUM(N115:Q115) -> 12.333252 | S115: =+M115*R115/1000 -> 1.1302571 | W115: =L115+S115+V115 -> 1.9733534 | Y115: 0 | Z115: 0 | AA115: =SUM(Y115:Z115) -> 0 | AB115: 0.28551683 | AC115: 0.035289933 | AD115: =SUM(AB115:AC115) -> 0.32080676 | AE115: =AA115+AD115 -> 0.32080676 | AG115: =W115+AE115 -> 2.2941601
A116: With Trans. Own. | B116: ='2027 at 2026 Rates'!B116 -> 13.056933 | C116: =+C115 -> 0.022250365 | D116: =+B116*C116 -> 0.29052152 | K116: =+B116+E116+H116 -> 13.056933 | L116: =+D116+G116+J116 -> 0.29052152 | M116: ='2027 at 2026 Rates'!M116 -> 17.71484 | N116: =N115 -> 10.006288 | O116: =O115 -> 2.326964 | Q116: =Q108 -> -0.32 | R116: =SUM(N116:Q116) -> 12.013252 | S116: =+M116*R116/1000 -> 0.21281284 | W116: =L116+S116+V116 -> 0.50333435 | Y116: 0 | Z116: 0 | AA116: =SUM(Y116:Z116) -> 0 | AB116: 0.098385904 | AC116: 0.012160516 | AD116: =SUM(AB116:AC116) -> 0.11054642 | AE116: =AA116+AD116 -> 0.11054642 | AG116: =W116+AE116 -> 0.61388077
A117: Sub-total Non-Fuel | B117: =SUM(B115:B116) -> 50.948277 | D117: =SUM(D115:D116) -> 1.1336177 | K117: =+B117+E117+H117 -> 50.948277 | L117: =+D117+G117+J117 -> 1.1336177 | M117: =SUM(M115:M116) -> 109.35792 | S117: =SUM(S115:S116) -> 1.34307 | W117: =+W115+W116 -> 2.4766877 | Y117: =+Y115+Y116 -> 0 | Z117: =+Z115+Z116 -> 0 | AA117: =+AA115+AA116 -> 0 | AB117: =+AB115+AB116 -> 0.38390274 | AC117: =+AC115+AC116 -> 0.047450448 | AD117: =+AD115+AD116 -> 0.43135318 | AE117: =+AE115+AE116 -> 0.43135318 | AG117: =SUM(AG115:AG116) -> 2.9080409
A118: Total | B118: =B117 -> 50.948277 | C118: =C113+C116 -> 0.097089768 | D118: =D113+D117 -> 4.9465564 | K118: =+B118+E118+H118 -> 50.948277 | L118: =L113+L117 -> 4.9465564 | M118: =M117 -> 109.35792 | S118: =S113+S117 -> 1.34307 | W118: =W113+W117 -> 6.2896263 | Y118: =Y113+Y117 -> 0 | Z118: =Z113+Z117 -> 0.12584224 | AA118: =AA113+AA117 -> 0.12584224 | AB118: =AB113+AB117 -> 0.38390274 | AC118: =AC113+AC117 -> 0.047450448 | AD118: =AD113+AD117 -> 0.43135318 | AE118: =AE113+AE117 -> 0.55719543 | AG118: =AG113+AG117 -> 6.8468218
A120: Firm Total | B120: =B110+B118 -> 94.11473 | D120: =D110+D118 -> 9.1375773 | K120: =K110+K118 -> 94.11473 | L120: =L110+L118 -> 9.1375773 | M120: =M110+M118 -> 185.42057 | S120: =S110+S118 -> 2.0798347 | W120: =W110+W118 -> 11.217412 | Y120: =Y110+Y118 -> 0 | Z120: =Z110+Z118 -> 0.23246338 | AA120: =AA110+AA118 -> 0.23246338 | AB120: =AB110+AB118 -> 0.70916829 | AC120: =AC110+AC118 -> 0.08765333 | AD120: =AD110+AD118 -> 0.79682162 | AE120: =AE110+AE118 -> 1.029285 | AG120: =W120+AE120 -> 12.246697
A122: Interruptible
A123: Transmission Connected
...
